Workbook

Sheet Итого по видам(с учет нераспр.)
A1: Сведения о предоставлении из бюджета Саратовской области межбюджетных трансфертов местным бюджетам
A2: за 2022 год
G3: тыс. рублей
A4: № п/п | B4: Наименование | C4: Код бюджетной классификации | D4: Закон Саратовской области «Об областном бюджете на 2022 год и на плановый период 2023 и 2024 годов» | F4: Исполнение | G4: % исполнения
D5: первоначальный бюджет (ред. 140-ЗСО от 02.12.2021) | E5: уточненный бюджет (ред. 170-ЗСО от 26.12.2022) + бюджетная роспись
A6: 1 | B6: 2 | C6: 3 | D6: 4 | E6: 5 | F6: 6 | G6: 7
A7: 1. | B7: Дотация - всего | D7: =SUM(D8:D13) -> 3757267.1 | E7: =SUM(E8:E13) -> 4658965.9 | F7: =SUM(F8:F13) -> 4658965.9 | G7: =F7/E7*100 -> 100
A8: 1.1. | B8: Дотация бюджетам городских округов области, связанные с особым режимом безопасного функционирования закрытых административно-территориальных образований | C8: 000 1402 6640150100 512 | D8: =Дотации!F93 -> 0 | E8: =Дотации!G93 -> 37735 | F8: =Дотации!H93 -> 37735 | G8: =F8/E8*100 -> 100
A9: 1.2. | B9: Дотация на выравнивание бюджетной обеспеченности муниципальных районов (городских округов) области | C9: 000 1401 6640170200 511 | D9: =Дотации!J93 -> 3434503.3 | E9: =Дотации!K93 -> 3498129 | F9: =Дотации!L93 -> 3498129 | G9: =F9/E9*100 -> 100
A10: 1.3. | B10: Дотация бюджетам муниципальных районов и городских округов области на поддержку мер по обеспечению сбалансированности местных бюджетов | C10: 000 1402 6640170300 512 | D10: =Дотации!N93 -> 322763.8 | E10: =Дотации!O93 -> 657280.1 | F10: =Дотации!P93 -> 657280.1 | G10: =F10/E10*100 -> 100
A11: 1.4. | B11: Дотация бюджетам муниципальных районов и городских округов области на компенсацию дополнительных расходов на повышение оплаты труда некоторых категорий работников муниципальных учреждений в связи с увеличением минимального размера оплаты труда | C11: 000 1402 6640170700 512 | D11: =Дотации!R93 -> 0 | E11: =Дотации!S93 -> 182121.8 | F11: =Дотации!T93 -> 182121.8 | G11: =F11/E11*100 -> 100
A12: 1.5. | B12: Дотация бюджетам городских округов и поселений области на премирование победителей Всероссийского конкурса «Лучшая муниципальная практика» | C12: 000 1402 9610053990 512 | D12: =Дотации!V93 -> 0 | E12: =Дотации!W93 -> 83700 | F12: =Дотации!X93 -> 83700 | G12: =F12/E12*100 -> 100
A13: 1.6. | B13: Дотация бюджетам муниципальных районов и городских округов области на частичную компенсацию расходов, связанных с выплатой заработной платы, финансовое обеспечение которой осуществляется за счет средств местных бюджетов | C13: 000 1402 6640170800 512 | D13: =Дотации!Z93 -> 0 | E13: =Дотации!AA93 -> 200000 | F13: =Дотации!AB93 -> 200000 | G13: =F13/E13*100 -> 100
A14: 2. | B14: Субсидии - всего | D14: =SUM(D15:D82) -> 8691587 | E14: =SUM(E15:E82) -> 16937372 | F14: =SUM(F15:F82) -> 14255625 | G14: =F14/E14*100 -> 84.166686
A15: 2.1. | B15: Субсидия бюджетам муниципальных районов и городских округов области на создание в общеобразовательных организациях, расположенных в сельской местности и малых городах, условий для занятий физической культурой и спортом | C15: 000 0702 5A2E250970 521 | D15: =Субсидии!F395 -> 16678.78 | E15: =Субсидии!G395 -> 16678.78 | F15: =Субсидии!H395 -> 16678.78 | G15: =F15/E15*100 -> 100
A16: 2.2. | B16: Субсидия бюджетам муниципальных районов и городских округов области на создание новых мест в образовательных организациях различных типов для реализации дополнительных общеразвивающих программ всех направленностей | C16: 000 0703 5A2E254910 523 | D16: =Субсидии!J395 -> 4580.1 | E16: =Субсидии!K395 -> 4580.1 | F16: =Субсидии!L395 -> 4580.0386 | G16: =F16/E16*100 -> 99.998659
A17: 2.3. | B17: Субсидии бюджетам городских округов области на создание новых мест в общеобразовательных организациях * | C17: 000 0702 5A2E155200 523 | D17: =Субсидии!N395 -> 364196.2 | E17: =Субсидии!O395 -> 449871.8 | F17: =Субсидии!P395 -> 449426.98 | G17: =F17/E17*100 -> 99.901122
A18: 2.4. | B18: Субсидия бюджетам муниципальных районов области на создание новых мест в общеобразовательных организациях, расположенных в сельской местности и поселках городского типа | C18: 000 0702 5A2E152300 523 | D18: =Субсидии!R395 -> 72454.796 | E18: =Субсидии!S395 -> 72454.796 | F18: =Субсидии!T395 -> 72454.796 | G18: =F18/E18*100 -> 100
A19: 2.5. | B19: Субсидия бюджетам городских округов области на создание новых мест в общеобразовательных организациях в связи с ростом числа обучающихся, вызванным демографическим фактором 3* | C19: 000 0702 5A2E153050 523 | D19: =Субсидии!V395 -> 475429.8 | E19: =Субсидии!W395 -> 503941.4 | F19: =Субсидии!X395 -> 503941.4 | G19: =F19/E19*100 -> 100
A20: 2.6. | B20: Субсидия бюджетам городских округов области на создание новых мест в общеобразовательных организациях в связи с ростом числа обучающихся, вызванным демографическим фактором, за счет резервного фонда Правительства Российской Федерации 10* | C20: 000 0702 5A2E15305F 523 | D20: =Субсидии!Z395 -> 0 | E20: =Субсидии!AA395 -> 86448.199 | F20: =Субсидии!AB395 -> 86448.199 | G20: =F20/E20*100 -> 100
A21: 2.7. | B21: Субсидия бюджетам городских округов области на создание новых мест в общеобразовательных организациях в связи с ростом числа обучающихся, вызванным демографическим фактором (в рамках достижения соответствующих результатов федерального проекта) 3* | C21: 000 0702 5A2E1U3050 523 | D21: =Субсидии!AD395 -> 0 | E21: =Субсидии!AE395 -> 200000 | F21: =Субсидии!AF395 -> 199999.71 | G21: =F21/E21*100 -> 99.999853
A22: 2.8. | B22: Субсидия бюджетам муниципальных районов и городских округов области на обеспечение жильем молодых семей | C22: 000 1004 5E301R4970 521 | D22: =Субсидии!AH395 -> 59232.508 | E22: =Субсидии!AI395 -> 59232.5 | F22: =Субсидии!AJ395 -> 57625.835 | G22: =F22/E22*100 -> 97.287528
A23: 2.9. | B23: Субсидия бюджетам городских округов и поселений области на реализацию регионального проекта (программы) в целях выполнения задач федерального проекта «Жилье» (Стимулирование программ развития жилищного строительства) 5* | C23: 000 1403 5E1F150210 523 | D23: =Субсидии!AL395 -> 0 | E23: =Субсидии!AM395 -> 780826.53 | F23: =Субсидии!AN395 -> 780826.53 | G23: =F23/E23*100 -> 100
A24: 2.10. | B24: Субсидия бюджетам муниципальных районов и поселений области на поддержку творческой деятельности и укрепление материально-технической базы муниципальных театров в населенных пунктах с численностью населения до 300 тысяч человек | C24: 000 0801 55206R4660 521 | D24: =Субсидии!AP395 -> 5763.0337 | E24: =Субсидии!AQ395 -> 5763.0337 | F24: =Субсидии!AR395 -> 5763.0337 | G24: =F24/E24*100 -> 100
A25: 2.11. | B25: Субсидия бюджетам муниципальных районов и поселений области на обеспечение развития и укрепления материально-технической базы домов культуры в населенных пунктах с числом жителей до 50 тысяч человек | C25: 000 0801 55A12R4670 521 | D25: =Субсидии!AT395 -> 36826.658 | E25: =Субсидии!AU395 -> 36826.629 | F25: =Субсидии!AV395 -> 36826.629 | G25: =F25/E25*100 -> 100
A26: 2.12. | B26: Субсидия бюджетам муниципальных районов и поселений области на поддержку отрасли культуры на государственную поддержку лучших сельских учреждений культуры | C26: 000 0801 55БA255192 523 | D26: =Субсидии!AX395 -> 2346.9389 | E26: =Субсидии!AY395 -> 2346.9389 | F26: =Субсидии!AZ395 -> 2346.9389 | G26: =F26/E26*100 -> 100
A27: 2.13. | B27: Субсидия бюджетам муниципальных районов и поселений области на поддержку отрасли культуры на государственную поддержку лучших работников сельских учреждений культуры | C27: 000 0801 55БA255194 523 | D27: =Субсидии!BB395 -> 867.34714 | E27: =Субсидии!BC395 -> 867.34714 | F27: =Субсидии!BD395 -> 867.34714 | G27: =F27/E27*100 -> 100
A28: 2.14. | B28: Субсидия бюджетам муниципальных районов и поселений области на поддержку отрасли культуры на комплектование книжных фондов муниципальных общедоступных библиотек | C28: 000 0801 55402R5191 523 | D28: =Субсидии!BF395 -> 10898.777 | E28: =Субсидии!BG395 -> 10898.777 | F28: =Субсидии!BH395 -> 10898.777 | G28: =Субсидии!BI395 -> 100
A29: 2.15. | B29: Субсидия бюджетам муниципальных районов и поселений области на поддержку отрасли культуры на приобретение музыкальных инструментов, оборудования и материалов для детских школ искусств по видам искусств | C29: 000 0703 55AA155199 523 | D29: =Субсидии!BJ395 -> 0 | E29: =Субсидии!BK395 -> 1503.591 | F29: =Субсидии!BL395 -> 1503.591 | G29: =F29/E29*100 -> 100
A30: 2.16. | B30: Субсидия бюджетам муниципальных районов и поселений области на поддержку отрасли культуры на модернизация региональных и муниципальных детских школ искусств по видам искусств | C30: 000 0703 55AA155195 523 | D30: =Субсидии!BN395 -> 20518.6 | E30: =Субсидии!BO395 -> 20518.6 | F30: =Субсидии!BP395 -> 20518.6 | G30: =F30/E30*100 -> 100
A31: 2.17. | B31: Субсидия бюджетам муниципальных районов области на обеспечение деятельности муниципальных бизнес-инкубаторов | C31: 000 0412 5830171100 521 | D31: =Субсидии!BR395 -> 5300 | E31: =Субсидии!BS395 -> 5300 | F31: =Субсидии!BT395 -> 5300 | G31: =F31/E31*100 -> 100
A32: 2.18. | B32: Субсидия бюджетам городских округов, городских и сельских поселений области на реализацию инициативных проектов 7* | C32: 000 0113 6640572100 523 | D32: =Субсидии!BV395 -> 140000 | E32: =Субсидии!BW395 -> 140000 | F32: =Субсидии!BX395 -> 138473.02 | G32: =F32/E32*100 -> 98.909299
A33: 2.19. | B33: Субсидия бюджетам городских округов и поселений области на поддержку муниципальных программ формирования современной городской среды 4* | C33: 000 0503 691F255550 523 | D33: =Субсидии!BZ395 -> 693373.11 | E33: =Субсидии!CA395 -> 693373.06 | F33: =Субсидии!CB395 -> 693373.06 | G33: =F33/E33*100 -> 99.999999
A34: 2.20. | B34: Субсидия бюджетам муниципальных районов и городских округов области на обеспечение сохранения достигнутых показателей повышения оплаты труда отдельных категорий работников бюджетной сферы | C34: 000 1403 6640172500 521 | D34: =Субсидии!CD395 -> 1332228.3 | E34: =Субсидии!CE395 -> 1332228.3 | F34: =Субсидии!CF395 -> 1297723 | G34: =F34/E34*100 -> 97.409956
A35: 2.21. | B35: Субсидия бюджетам муниципальных районов и городских округов области на повышение оплаты труда отдельным категориям работников бюджетной сферы | C35: 000 1403 664017252Д 521 | D35: =Субсидии!CH395 -> 0 | E35: =Субсидии!CI395 -> 151700.9 | F35: =Субсидии!CJ395 -> 148829.6 | G35: =F35/E35*100 -> 98.107265
A36: 2.22. | B36: Субсидия бюджетам муниципальных районов области на развитие сети учреждений культурно-досугового типа (создание и модернизация учреждений культурно-досугового типа) | C36: 000 0801 55AA155131 523 | D36: =Субсидии!CL395 -> 33126.4 | E36: =Субсидии!CM395 -> 33126.4 | F36: =Субсидии!CN395 -> 33126.4 | G36: =F36/E36*100 -> 100
A37: 2.23. | B37: Субсидия бюджетам поселений области на развитие сети учреждений культурно-досугового типа (создание центров культурного развития) | C37: 000 0801 55AA155132 522 | D37: =Субсидии!CP395 -> 48011.2 | E37: =Субсидии!CQ395 -> 48011.2 | F37: =Субсидии!CR395 -> 48011.2 | G37: =F37/E37*100 -> 100
A38: 2.24. | B38: Субсидия бюджетам муниципальных районов и городских округов области на обеспечение условий для создания центров образования цифрового и гуманитарного профилей (в рамках достижения соответствующих результатов федерального проекта) в части расходов на оплату труда с начислениями | C38: 000 0702 5A2E1U1137 521 | D38: =Субсидии!CT395 -> 196664.5 | E38: =Субсидии!CU395 -> 151142.5 | F38: =Субсидии!CV395 -> 149271.42 | G38: =F38/E38*100 -> 98.762042
A39: 2.25. | B39: Субсидия бюджетам городских округов области на реализацию регионального проекта (программы) в целях выполнения задач федерального проекта «Жилье» (Стимулирование программ развития жилищного строительства) за счет средств резервного фонда Правительства Российской Федерации 11* | C39: 000 1403 5E1F15021F 521 | D39: =Субсидии!CX395 -> 0 | E39: =Субсидии!CY395 -> 20878.062 | F39: =Субсидии!CZ395 -> 17768.226 | G39: =F39/E39*100 -> 85.104767
A40: 2.26. | B40: Субсидия бюджетам муниципальных районов и городских округов области на обеспечение условий для создания центров образования цифрового и гуманитарного профилей (в рамках достижения соответствующих результатов федерального проекта) за исключением расходов на оплату труда с начислениями | C40: 000 0702 5A2E1U1131 521 | D40: =Субсидии!DB395 -> 0 | E40: =Субсидии!DC395 -> 13247.4 | F40: =Субсидии!DD395 -> 11911.62 | G40: =F40/E40*100 -> 89.916661
A41: 2.27. | B41: Субсидия бюджетам городских округов и поселений области на реализацию мероприятий по строительству и реконструкции (модернизации) объектов питьевого водоснабжения 2* | C41: 000 0502 5E8F552430 522 | D41: =Субсидии!DF395 -> 615971.9 | E41: =Субсидии!DG395 -> 396052.38 | F41: =Субсидии!DH395 -> 389383.81 | G41: =F41/E41*100 -> 98.31624
A42: 2.28. | B42: Субсидия бюджетам поселений области на реализацию мероприятий по сокращению доли загрязненных сточных вод | C42: 000 0602 5E8G650130 522 | D42: =Субсидии!DJ395 -> 44510.9 | E42: =Субсидии!DK395 -> 89494.5 | F42: =Субсидии!DL395 -> 89494.493 | G42: =F42/E42*100 -> 99.999992
A43: 2.29. | B43: Субсидия бюджетам поселений области на реализацию мероприятий по сокращению доли загрязненных сточных вод за счет средств резервного фонда Правительства Российской Федерации 8* | C43: 000 0602 5E8G65013F 522 | D43: =Субсидии!DN395 -> 0 | E43: =Субсидии!DO395 -> 25855.41 | F43: =Субсидии!DP395 -> 25855.41 | G43: =F43/E43*100 -> 100
A44: 2.30. | B44: Субсидия бюджетам муниципальных районов, городских округов и поселений области на обустройство и восстановление воинских захоронений, находящихся в государственной (муниципальной) собственности | C44: 000 0503 66105R2990 521 | D44: =Субсидии!DR395 -> 7478.3146 | E44: =Субсидии!DS395 -> 7478.3146 | F44: =Субсидии!DT395 -> 7478.3146 | G44: =F44/E44*100 -> 100
A45: 2.31. | B45: Субсидия бюджетам городских округов области на осуществление дорожной деятельности в отношении автомобильных дорог общего пользования местного значения Саратовской агломерации в границах городских округов области в рамках достижения соответствующих задач национального проекта «Безопасные и качественные автомобильные дороги» за счет средств областного дорожного фонда | C45: 000 0409 5Ж2R1U7190 521 | D45: =Субсидии!DV395 -> 746000 | E45: =Субсидии!DW395 -> 746000 | F45: =Субсидии!DX395 -> 746000 | G45: =F45/E45*100 -> 100
A46: 2.32. | B46: Субсидия бюджетам поселений области на осуществление дорожной деятельности в отношении автомобильных дорог общего пользования местного значения Саратовской агломерации в границах городских поселений области в рамках достижения соответствующих задач национального проекта «Безопасные и качественные автомобильные дороги» за счет средств областного дорожного фонда | C46: 000 0409 5Ж2R1U7210 521 | D46: =Субсидии!DZ395 -> 300000 | E46: =Субсидии!EA395 -> 305000 | F46: =Субсидии!EB395 -> 305000 | G46: =F46/E46*100 -> 100
A47: 2.33. | B47: Субсидия бюджетам муниципальных районов и поселений области на развитие транспортной инфраструктуры на сельских территориях | C47: 000 0409 70303R3720 522 | D47: =Субсидии!ED395 -> 3181.9 | E47: =Субсидии!EE395 -> 159093.5 | F47: =Субсидии!EF395 -> 159093.45 | G47: =F47/E47*100 -> 99.999969
A48: 2.34. | B48: Субсидия бюджетам поселений области на обустройство объектами инженерной инфраструктуры и благоустройство площадок, расположенных на сельских территориях, под компактную жилищную застройку | C48: 000 0505 70101R5762 522 | D48: =Субсидии!EH395 -> 23915.2 | E48: =Субсидии!EI395 -> 23915.2 | F48: =Субсидии!EJ395 -> 23915.2 | G48: =F48/E48*100 -> 100
A49: 2.35. | B49: Субсидия бюджетам муниципальных районов области на реализацию мероприятий по благоустройству сельских территорий | C49: 000 0503 70302R5766 521 | D49: =Субсидии!EL395 -> 5615.9 | E49: =Субсидии!EM395 -> 5615.9 | F49: =Субсидии!EN395 -> 5615.9 | G49: =F49/E49*100 -> 100
A50: 2.36. | B50: Субсидия бюджетам муниципальных районов и городских округов области на обеспечение условий для внедрения цифровой образовательной среды в общеобразовательных организациях | C50: 000 0702 5A8E4U1330 521 | D50: =Субсидии!EP395 -> 19249.2 | E50: =Субсидии!EQ395 -> 14325.8 | F50: =Субсидии!ER395 -> 13435.351 | G50: =F50/E50*100 -> 93.784299
A51: 2.37. | B51: Субсидия бюджетам муниципальных районов и городских округов области на обеспечение образовательных организаций материально-технической базой для внедрения цифровой образовательной среды | C51: 000 0702 5A8E452100 521 | D51: =Субсидии!ET395 -> 270933.6 | E51: =Субсидии!EU395 -> 264978.44 | F51: =Субсидии!EV395 -> 264803.18 | G51: =F51/E51*100 -> 99.933861
A52: 2.38. | B52: Субсидия бюджетам муниципальных районов области на обеспечение функционирования центров цифрового образования детей «IT-куб» (в рамках достижения соответствующих результатов федерального проекта) в части расходов на оплату труда с начислениями | C52: 000 0703 5A8E4U1247 521 | D52: =Субсидии!EX395 -> 19694.4 | E52: =Субсидии!EY395 -> 11185 | F52: =Субсидии!EZ395 -> 11103.86 | G52: =F52/E52*100 -> 99.274567
A53: 2.39. | B53: Субсидия бюджетам муниципальных районов области на обеспечение функционирования центров цифрового образования детей «IT-куб» (в рамках достижения соответствующих результатов федерального проекта) за исключением расходов на оплату труда с начислениями | C53: 000 0703 5A8E4U1241 521 | D53: =Субсидии!FB395 -> 0 | E53: =Субсидии!FC395 -> 2882.1 | F53: =Субсидии!FD395 -> 2778.5421 | G53: =F53/E53*100 -> 96.406859
A54: 2.40. | B54: Субсидия бюджетам муниципальных районов и городских округов области на организацию бесплатного горячего питания обучающихся, получающих начальное общее образование в муниципальных образовательных организациях | C54: 000 0702 5A212R3040 521 | D54: =Субсидии!FF395 -> 991426 | E54: =Субсидии!FG395 -> 996611.83 | F54: =Субсидии!FH395 -> 956447.08 | G54: =F54/E54*100 -> 95.96987
A55: 2.41. | B55: Субсидия бюджетам поселений области на осуществление дорожной деятельности в отношении автомобильных дорог общего пользования местного значения в границах населенных пунктов сельских поселений за счет средств областного дорожного фонда | C55: 000 0409 5Ж232D7610 521 | D55: =Субсидии!FJ395 -> 1565481 | E55: =Субсидии!FK395 -> 1477908 | F55: =Субсидии!FL395 -> 1477906.7 | G55: =F55/E55*100 -> 99.999913
A56: 2.42. | B56: Субсидия бюджетам муниципальных районов и городских округов области на обеспечение условий для функционирования центров образования естественно-научной и технологической направленностей в общеобразовательных организациях (в рамках достижения соответствующих результатов федерального проекта) в части расходов на оплату труда с начислениями | C56: 000 0702 5A2E1U1297 521 | D56: =Субсидии!FN395 -> 169620.1 | E56: =Субсидии!FO395 -> 114857.8 | F56: =Субсидии!FP395 -> 111914.92 | G56: =F56/E56*100 -> 97.437804
A57: 2.43. | B57: Субсидия бюджетам муниципальных районов и городских округов области на обеспечение условий для функционирования центров образования естественно-научной и технологической направленностей в общеобразовательных организациях (в рамках достижения соответствующих результатов федерального проекта) за исключением расходов на оплату труда с начислениями | C57: 000 0702 5A2E1U1291 521 | D57: =Субсидии!FR395 -> 0 | E57: =Субсидии!FS395 -> 11127.5 | F57: =Субсидии!FT395 -> 10279.211 | G57: =Субсидии!FU395 -> 92.376647
A58: 2.44. | B58: Субсидия бюджетам муниципальных районов и городских округов области на создание и обеспечение функционирования центров образования естественно-научной и технологической направленностей в общеобразовательных организациях, расположенных в сельской местности и малых городах | C58: 000 0702 5A2E151690 521 | D58: =Субсидии!FV395 -> 103537.24 | E58: =Субсидии!FW395 -> 103537.24 | F58: =Субсидии!FX395 -> 103490.43 | G58: =F58/E58*100 -> 99.954789
A59: 2.45. | B59: Субсидии бюджетам муниципальных районов области на создание центров цифрового образования детей | C59: 000 0703 5A8E452190 521 | D59: =Субсидии!FZ395 -> 17443.47 | E59: =Субсидии!GA395 -> 17443.47 | F59: =Субсидии!GB395 -> 17443.47 | G59: =F59/E59*100 -> 100
A60: 2.46. | B60: Субсидия бюджетам муниципальных районов и городских округов области на проведение капитального и текущего ремонтов муниципальных дошкольных образовательных организациях | C60: 000 0701 5A10772Г00 521 | D60: =Субсидии!GD395 -> 100000 | E60: =Субсидии!GE395 -> 173413.7 | F60: =Субсидии!GF395 -> 173274.89 | G60: =F60/E60*100 -> 99.919953
A61: 2.47. | B61: Субсидия бюджетам муниципальных районов и городских округов области на проведение капитального и текущего ремонтов муниципальных общеобразовательных организациях | C61: 000 0702 5A22072Г00 521 | D61: =Субсидии!GH395 -> 96651.8 | E61: =Субсидии!GI395 -> 219500.2 | F61: =Субсидии!GJ395 -> 219304.94 | G61: =F61/E61*100 -> 99.911045
A62: 2.48. | B62: Субсидия бюджетам муниципальных районов области на обеспечение условий для функционирования детских технопарков «Кванториум» в общеобразовательных организациях в части расходов на оплату труда с начислениями | C62: 000 0702 5A2E1U1317 521 | D62: =Субсидии!GL395 -> 0 | E62: =Субсидии!GM395 -> 1660 | F62: =Субсидии!GN395 -> 1187.3289 | G62: =F62/E62*100 -> 71.525837
A63: 2.49. | B63: Субсидия бюджетам муниципальных районов области на обеспечение условий для функционирования детских технопарков «Кванториум» в общеобразовательных организациях за исключением расходов на оплату труда с начислениями | C63: 000 0702 5A2E1U1311 521 | D63: =Субсидии!GP395 -> 7998.2 | E63: =Субсидии!GQ395 -> 3361.6 | F63: =Субсидии!GR395 -> 3361.6 | G63: =F63/E63*100 -> 100
A64: 2.50. | B64: Субсидия бюджетам муниципальных районов области на создание детских технопарков «Кванториум» | C64: 000 0702 5A2E151730 521 | D64: =Субсидии!GT395 -> 21444.18 | E64: =Субсидии!GU395 -> 21444.18 | F64: =Субсидии!GV395 -> 21444.18 | G64: =F64/E64*100 -> 100
A65: 2.51. | B65: Субсидия бюджетам муниципальных районов области на техническое оснащение муниципальных музеев | C65: 000 0801 55AA155900 523 | D65: =Субсидии!GX395 -> 15060.112 | E65: =Субсидии!GY395 -> 15060.112 | F65: =Субсидии!GZ395 -> 15060.112 | G65: =F65/E65*100 -> 100
A66: 2.52. | B66: Субсидия бюджетам городских округов области на поддержку творческой деятельности и техническое оснащение детских и кукольных театров | C66: 000 0801 55207R5170 521 | D66: =Субсидии!HB395 -> 6160.5618 | E66: =Субсидии!HC395 -> 6160.5618 | F66: =Субсидии!HD395 -> 6160.5618 | G66: =F66/E66*100 -> 100
A67: 2.53. | B67: Субсидия бюджетам муниципальных районов области на проведение комплексных кадастровых работ | C67: 000 0412 58239R5110 521 | D67: =Субсидии!HF395 -> 5490.3 | E67: =Субсидии!HG395 -> 17474.8 | F67: =Субсидии!HH395 -> 17474.8 | G67: =F67/E67*100 -> 100
A68: 2.54. | B68: Субсидия бюджетам городских округов области на государственную поддержку спортивных организаций, осуществляющих подготовку спортивного резерва для спортивных сборных команд, в том числе спортивных сборных команд Российской Федерации | C68: 000 1103 561P550810 521 | D68: =Субсидии!HJ395 -> 1500 | E68: =Субсидии!HK395 -> 1500 | F68: =Субсидии!HL395 -> 1500 | G68: =F68/E68*100 -> 100
A69: 2.55. | B69: Субсидия бюджетам муниципальных районов, поселений области на оснащение объектов спортивной инфраструктуры спортивно-технологическим оборудованием | C69: 000 1102 564P552281 521 | D69: =Субсидии!HN395 -> 14725.7 | E69: =Субсидии!HO395 -> 16916.176 | F69: =Субсидии!HP395 -> 16915.61 | G69: =F69/E69*100 -> 99.996655
A70: 2.56. | B70: Субсидия бюджетам поселений области на ремонт и развитие водопроводной сети | C70: 000 0502 5E80572920 523 | D70: =Субсидии!HR395 -> 0 | E70: =Субсидии!HS395 -> 211021 | F70: =Субсидии!HT395 -> 207552.62 | G70: =F70/E70*100 -> 98.356382
A71: 2.57. | B71: Субсидия бюджетам муниципальных районов и городских округов области на реализацию мероприятий по модернизации школьных систем образования | C71: 000 0702 5A224R7500 521 | D71: =Субсидии!HV395 -> 0 | E71: =Субсидии!HW395 -> 1077961.3 | F71: =Субсидии!HX395 -> 1042408.6 | G71: =F71/E71*100 -> 96.701863
A72: 2.58. | B72: Субсидия бюджетам муниципальных районов и городских округов области на обеспечение условий для реализации мероприятий по модернизации школьных систем образования | C72: 000 0702 5A224W7500 521 | D72: =Субсидии!HZ395 -> 0 | E72: =Субсидии!IA395 -> 58466.3 | F72: =Субсидии!IB395 -> 58465.906 | G72: =F72/E72*100 -> 99.999326
A73: 2.59. | B73: Субсидия бюджетам муниципальных районов, городских округов и поселений области на обеспечение мероприятий по переселению граждан из аварийного жилищного фонда, в том числе переселению граждан из аварийного жилищного фонда с учетом необходимости развития малоэтажного жилищного строительства (за счет средств Фонда содействия реформированию жилищно-коммунального хозяйства) | C73: 000 0501 5EAF367483 523 | D73: =Субсидии!ID395 -> 0 | E73: =Субсидии!IE395 -> 3638800.1 | F73: =Субсидии!IF395 -> 1581975.5 | G73: =F73/E73*100 -> 43.475196
A74: 2.60. | B74: Субсидия бюджетам муниципальных районов, городских округов и поселений области на обеспечение мероприятий по переселению граждан из аварийного жилищного фонда, в том числе переселению граждан из аварийного жилищного фонда с учетом необходимости развития малоэтажного жилищного строительства (за счет средств областного бюджета) | C74: 000 0501 5EAF367484 523 | D74: =Субсидии!IH395 -> 0 | E74: =Субсидии!II395 -> 1486147.6 | F74: =Субсидии!IJ395 -> 1017670.7 | G74: =F74/E74*100 -> 68.47709
A75: 2.61. | B75: Субсидия бюджетам муниципальных районов и поселений области на подготовку проектов межевания земельных участков и на проведение кадастровых работ | C75: 000 0405 5Г502R5990 523 | D75: =Субсидии!IL395 -> 0 | E75: =Субсидии!IM395 -> 2887.4157 | F75: =Субсидии!IN395 -> 2624.6246 | G75: =F75/E75*100 -> 90.898744
A76: 2.62. | B76: Субсидия бюджетам муниципальных районов области на закупку оборудования для создания «умных» спортивных площадок | C76: 000 1102 56417R7531 521 000 1102 56417R7532 521 | D76: =Субсидии!IP395 -> 0 | E76: =Субсидии!IQ395 -> 125291 | F76: =Субсидии!IR395 -> 125291.04 | G76: =F76/E76*100 -> 100.00003
A77: 2.63. | B77: Субсидия бюджетам городских округов области на создание дополнительных мест для детей в возрасте от 1,5 до 3 лет в образовательных организациях, осуществляющих образовательную деятельность по образовательным программам дошкольного образования | C77: 000 0701 5A1P252320 523 | D77: =Субсидии!IT395 -> 0 | E77: =Субсидии!IU395 -> 56251.3 | F77: =Субсидии!IV395 -> 56251.3 | G77: =F77/E77*100 -> 100
A78: 2.64. | B78: Субсидия бюджетам поселений области на выполнение мероприятий по ремонту автомобильных дорог общего пользования местного значения в границах городских поселений области за счет средств областного дорожного фонда | C78: 000 0409 5Ж223D7220 521 | D78: =Субсидии!IX395 -> 0 | E78: =Субсидии!IY395 -> 85550 | F78: =Субсидии!IZ395 -> 85549.406 | G78: =F78/E78*100 -> 99.999306
A79: 2.65. | B79: Субсидия бюджетам поселений области на реализацию мероприятий по строительству и реконструкции (модернизации) объектов питьевого водоснабжения за счет средств резервного фонда Правительства Российской Федерации 6* | C79: 000 0502 5E8F55243F 522 | D79: =Субсидии!JB395 -> 0 | E79: =Субсидии!JC395 -> 15639.1 | F79: =Субсидии!JD395 -> 15639.091 | G79: =F79/E79*100 -> 99.999941
A80: 2.66. | B80: Субсидия бюджетам городских поселений и городских округов области на государственную поддержку закупки контейнеров для раздельного накопления твердых коммунальных отходов | C80: 000 0605 624G252690 521 | D80: =Субсидии!JF395 -> 0 | E80: =Субсидии!JG395 -> 28508.524 | F80: =Субсидии!JH395 -> 28508.449 | G80: =F80/E80*100 -> 99.999738
A81: 2.67. | B81: Субсидия бюджетам муниципальных районов и городских округов области на финансовое обеспечение мероприятий по обеспечению деятельности советников директора по воспитанию и взаимодействию с детскими общественными объединениями в общеобразовательных организациях Саратовской области | C81: 000 0702 681EВU0270 521 | D81: =Субсидии!JJ395 -> 0 | E81: =Субсидии!JK395 -> 19587.737 | F81: =Субсидии!JL395 -> 3894.5101 | G81: =F81/E81*100 -> 19.882389
A82: 2.68. | B82: Субсидия бюджетам городских округов области на создание новых мест в общеобразовательных организациях за счет средств резервного фонда Правительства Российской Федерации 9* | C82: 000 0702 5A2E15520F 523 | D82: =Субсидии!JN395 -> 0 | E82: =Субсидии!JO395 -> 39640.4 | F82: =Субсидии!JP395 -> 38175.265 | G82: =F82/E82*100 -> 96.303934
A83: 3. | B83: Субвенции - всего | D83: =SUM(D84:D106) -> 24414258 | E83: =SUM(E84:E106) -> 24880315 | F83: =SUM(F84:F106) -> 24789342 | G83: =F83/E83*100 -> 99.634357
A84: 3.1. | B84: Субвенция бюджетам муниципальных районов и городских округов области на осуществление органами местного самоуправления государственных полномочий по частичному финансированию расходов на присмотр и уход за детьми дошкольного возраста в муниципальных образовательных организациях, реализующих основную общеобразовательную программу дошкольного образования | C84: 000 0701 5A10476900 530 | D84: ='Субвенции '!F394 -> 76633.2 | E84: ='Субвенции '!G394 -> 70434.71 | F84: ='Субвенции '!H394 -> 68201.467 | G84: =F84/E84*100 -> 96.829344
A85: 3.2. | B85: Субвенция бюджетам муниципальных районов и городских округов области на осуществление органами местного самоуправления государственных полномочий по организации предоставления компенсации родительской платы и расходы по оплате услуг почтовой связи и банковских услуг, оказываемых банками, по выплате за присмотр и уход за детьми в образовательных организациях, реализующих основную общеобразовательную программу дошкольного образования | C85: 000 0709 5A10477800 530 | D85: ='Субвенции '!J394 -> 22184.2 | E85: ='Субвенции '!K394 -> 22026.884 | F85: ='Субвенции '!L394 -> 21882.159 | G85: =F85/E85*100 -> 99.34296
A86: 3.3. | B86: Субвенция бюджетам муниципальных районов и городских округов области на осуществление органами местного самоуправления государственных полномочий по предоставлению компенсации родительской платы за присмотр и уход за детьми в образовательных организациях, реализующих основную общеобразовательную программу дошкольного образования | C86: 000 1004 5A10477900 530 | D86: ='Субвенции '!N394 -> 587409.7 | E86: ='Субвенции '!O394 -> 488358.06 | F86: ='Субвенции '!P394 -> 486569.83 | G86: =F86/E86*100 -> 99.633828
A87: 3.4. | B87: Субвенция бюджетам муниципальных районов и городских округов области на финансовое обеспечение образовательной деятельности муниципальных дошкольных образовательных организаций | C87: 000 0701 5A10576700 530 | D87: ='Субвенции '!R394 -> 5550948.1 | E87: ='Субвенции '!S394 -> 6119507.1 | F87: ='Субвенции '!T394 -> 6108301.9 | G87: =F87/E87*100 -> 99.816893
A88: 3.5. | B88: Субвенция бюджетам муниципальных районов и городских округов области на осуществление органами местного самоуправления государственных полномочий по предоставлению питания отдельным категориям обучающихся в муниципальных образовательных организациях, реализующих образовательные программы начального общего, основного общего и среднего общего образования | C88: 000 0702 5A21277200 530 | D88: ='Субвенции '!V394 -> 337613.2 | E88: ='Субвенции '!W394 -> 297628.2 | F88: ='Субвенции '!X394 -> 284864 | G88: =F88/E88*100 -> 95.71136
A89: 3.6. | B89: Субвенция бюджетам муниципальных районов и городских округов области на осуществление органами местного самоуправления государственных полномочий по организации предоставления питания отдельным категориям обучающихся в муниципальных образовательных организациях, реализующих образовательные программы начального общего, основного общего и среднего общего образования, и частичное финансирование расходов на присмотр и уход за детьми дошкольного возраста в муниципальных образовательных организациях, реализующих основную общеобразовательную программу дошкольного образования | C89: 000 0709 5A21277300 530 | D89: ='Субвенции '!Z394 -> 17386.2 | E89: ='Субвенции '!AA394 -> 17399.6 | F89: ='Субвенции '!AB394 -> 17273.825 | G89: =F89/E89*100 -> 99.277139
A90: 3.7. | B90: Субвенция бюджетам муниципальных районов и городских округов области на финансовое обеспечение образовательной деятельности муниципальных общеобразовательных учреждений | C90: 000 0702 5A21177000 530 | D90: ='Субвенции '!AD394 -> 15680316 | E90: ='Субвенции '!AE394 -> 15976185 | F90: ='Субвенции '!AF394 -> 15936102 | G90: =F90/E90*100 -> 99.749109
A91: 3.8. | B91: Субвенция бюджетам муниципальных районов и городских округов области на осуществление органами местного самоуправления отдельных государственных полномочий по осуществлению деятельности по опеке и попечительству в отношении несовершеннолетних граждан в части расходов на оплату труда, уплату страховых взносов по обязательному социальному страхованию в государственные внебюджетные фонды Российской Федерации, обеспечение деятельности штатных работников | C91: 000 0709 5A50577120 530 | D91: ='Субвенции '!AH394 -> 77737.5 | E91: ='Субвенции '!AI394 -> 84196.7 | F91: ='Субвенции '!AJ394 -> 82118.609 | G91: =F91/E91*100 -> 97.531861
A92: 3.9. | B92: Субвенция бюджетам муниципальных районов и городских округов области на осуществление органами местного самоуправления отдельных государственных полномочий по осуществлению деятельности по опеке и попечительству в отношении несовершеннолетних граждан в части расходов на обеспечение деятельности по сохранению, содержанию и ремонту пустующих жилых помещений, закрепленных за детьми-сиротами и детьми, оставшимися без попечения родителей | C92: 000 1004 5A50577И00 530 | D92: ='Субвенции '!AL394 -> 1578.5 | E92: ='Субвенции '!AM394 -> 1520 | F92: ='Субвенции '!AN394 -> 1176.3819 | G92: =F92/E92*100 -> 77.393543
A93: 3.10. | B93: Субвенция бюджетам муниципальных районов и городских округов области на осуществление органами местного самоуправления государственных полномочий по организации предоставления гражданам субсидий на оплату жилого помещения и коммунальных услуг | C93: 000 1003 5212377Б00 530 | D93: ='Субвенции '!AP394 -> 60591.8 | E93: ='Субвенции '!AQ394 -> 65481.4 | F93: ='Субвенции '!AR394 -> 64940.177 | G93: =F93/E93*100 -> 99.173471
A94: 3.11. | B94: Субвенция бюджетам муниципальных районов и городских округов области на осуществление органами местного самоуправления государственных полномочий по предоставлению гражданам субсидий на оплату жилого помещения и коммунальных услуг | C94: 000 1003 5212477110 530 | D94: ='Субвенции '!AT394 -> 659308.3 | E94: ='Субвенции '!AU394 -> 449308.3 | F94: ='Субвенции '!AV394 -> 444483.02 | G94: =F94/E94*100 -> 98.926065
A95: 3.13. | B95: Субвенция бюджетам муниципальных районов и городских округов области на осуществление органами местного самоуправления государственных полномочий по созданию и организации деятельности комиссий по делам несовершеннолетних и защите их прав | C95: 000 0113 6511076600 530 | D95: ='Субвенции '!AX394 -> 31055.7 | E95: ='Субвенции '!AY394 -> 37559.9 | F95: ='Субвенции '!AZ394 -> 36983.412 | G95: =F95/E95*100 -> 98.465151
A96: 3.12. | B96: Субвенция бюджетам муниципальных районов и городских округов области на осуществление органами местного самоуправления государственных полномочий по образованию и обеспечению деятельности административных комиссий, определению перечня должностных лиц, уполномоченных составлять протоколы об административных правонарушениях | C96: 000 0113 6511176500 530 | D96: ='Субвенции '!BB394 -> 18543.6 | E96: ='Субвенции '!BC394 -> 19663.4 | F96: ='Субвенции '!BD394 -> 18363.681 | G96: =F96/E96*100 -> 93.390162
A97: 3.13. | B97: Субвенция бюджетам муниципальных районов области на исполнение государственных полномочий по расчету и предоставлению дотаций бюджетам поселениям | C97: 000 1403 6640176100 530 | D97: ='Субвенции '!BF394 -> 84363.1 | E97: ='Субвенции '!BG394 -> 81283.192 | F97: ='Субвенции '!BH394 -> 81283.192 | G97: =F97/E97*100 -> 100
A98: 3.14. | B98: Субвенция бюджетам муниципальных районов и городских округов области на осуществление органами местного самоуправления отдельных государственных полномочий по санкционированию финансовыми органами муниципальных образований области оплаты денежных обязательств получателям средств областного бюджета, областным государственным автономным и бюджетным учреждениям, иным юридическим лицам, не являющимся участниками бюджетного процесса, расположенным на территориях муниципальных образований области | C98: 000 0106 6640177150 530 | D98: ='Субвенции '!BJ394 -> 20943.4 | E98: ='Субвенции '!BK394 -> 22609.3 | F98: ='Субвенции '!BL394 -> 22431.237 | G98: =F98/E98*100 -> 99.212433
A99: 3.15. | B99: Субвенция бюджетам поселений и городских округов области на осуществление первичного воинского учета органами местного самоуправления поселений, муниципальных и городских округов | C99: 000 0203 9020051180 530 | D99: ='Субвенции '!BN394 -> 51502.6 | E99: ='Субвенции '!BO394 -> 54465.1 | F99: ='Субвенции '!BP394 -> 54280.673 | G99: =F99/E99*100 -> 99.661385
A100: 3.16. | B100: Субвенция бюджетам муниципальных районов и городских округов области на осуществление органами местного самоуправления отдельных государственных полномочий по государственному управлению охраной труда | C100: 000 0401 9610076300 530 | D100: ='Субвенции '!BR394 -> 16224.3 | E100: ='Субвенции '!BS394 -> 7729.7 | F100: ='Субвенции '!BT394 -> 7727.981 | G100: =F100/E100*100 -> 99.977761
...

Sheet Всего (с выдел. нераспред)
A1: Сведения о предоставленных из бюджета Саратовской области межбюджетных трансфертах бюджетам муниципальных образований за 2022 год
T2: тыс.рублей
A3: Наименование муниципальных образований | B3: Всего | F3: в том числе
F4: Дотации | J4: Субсидии | N4: Субвенции | R4: Иные межбюджетные трансферты
B6: первоначаль-ный бюджет* | C6: утвержденные бюджетные назначения 3* | D6: исполнено | E6: % исполнения | F6: первоначаль-ный бюджет* | G6: утвержденные бюджетные назначения 2* | H6: исполнено | I6: % исполнения | J6: первоначаль-ный бюджет* | K6: утвержденные бюджетные назначения 3* | L6: исполнено | M6: % исполнения | N6: первоначаль-ный бюджет* | O6: утвержденные бюджетные назначения 2* | P6: исполнено | Q6: % исполнения | R6: первоначаль-ный бюджет* | S6: утвержденные бюджетные назначения 3* | T6: исполнено | U6: % исполнения
A7: Муниципальные районы области (консолидированный) | B7: =F7+J7+N7+R7 -> 26129488 | C7: =G7+K7+O7+S7 -> 34715673 | D7: =H7+L7+P7+T7 -> 33728447 | E7: =D7/C7*100 -> 97.156253 | F7: =F10+F14+F23+F37+F52+F57+F75+F81+F98+F103+F115+F124+F138+F151+F162+F175+F188+F202+F206+F218+F227+F234+F247+F260+F274+F282+F292+F303+F313+F322+F331+F341+F352+F361+F370+F383+F392 -> 3599664.3 | G7: =G10+G14+G23+G37+G52+G57+G75+G81+G98+G103+G115+G124+G138+G151+G162+G175+G188+G202+G206+G218+G227+G234+G247+G260+G274+G282+G292+G303+G313+G322+G331+G341+G352+G361+G370+G383+G392 -> 4359052.1 | H7: =H10+H14+H23+H37+H52+H57+H75+H81+H98+H103+H115+H124+H138+H151+H162+H175+H188+H202+H206+H218+H227+H234+H247+H260+H274+H282+H292+H303+H313+H322+H331+H341+H352+H361+H370+H383+H392 -> 4359052.1 | I7: =H7/G7*100 -> 100 | J7: =J10+J14+J23+J37+J52+J57+J75+J81+J98+J103+J115+J124+J138+J151+J162+J175+J188+J202+J206+J218+J227+J234+J247+J260+J274+J282+J292+J303+J313+J322+J331+J341+J352+J361+J370+J383+J392 -> 5828667.9 | K7: =K10+K14+K23+K37+K52+K57+K75+K81+K98+K103+K115+K124+K138+K151+K162+K175+K188+K202+K206+K218+K227+K234+K247+K260+K274+K282+K292+K303+K313+K322+K331+K341+K352+K361+K370+K383+K392 -> 10155598 | L7: =L10+L14+L23+L37+L52+L57+L75+L81+L98+L103+L115+L124+L138+L151+L162+L175+L188+L202+L206+L218+L227+L234+L247+L260+L274+L282+L292+L303+L313+L322+L331+L341+L352+L361+L370+L383+L392 -> 9393352 | M7: =L7/K7*100 -> 92.494325 | N7: =N10+N14+N23+N37+N52+N57+N75+N81+N98+N103+N115+N124+N138+N151+N162+N175+N188+N202+N206+N218+N227+N234+N247+N260+N274+N282+N292+N303+N313+N322+N331+N341+N352+N361+N370+N383+N392 -> 16226107 | O7: =O10+O14+O23+O37+O52+O57+O75+O81+O98+O103+O115+O124+O138+O151+O162+O175+O188+O202+O206+O218+O227+O234+O247+O260+O274+O282+O292+O303+O313+O322+O331+O341+O352+O361+O370+O383+O392 -> 16599688 | P7: =P10+P14+P23+P37+P52+P57+P75+P81+P98+P103+P115+P124+P138+P151+P162+P175+P188+P202+P206+P218+P227+P234+P247+P260+P274+P282+P292+P303+P313+P322+P331+P341+P352+P361+P370+P383+P392 -> 16525361 | Q7: =P7/O7*100 -> 99.552239 | R7: =R10+R14+R23+R37+R52+R57+R75+R81+R98+R103+R115+R124+R138+R151+R162+R175+R188+R202+R206+R218+R227+R234+R247+R260+R274+R282+R292+R303+R313+R322+R331+R341+R352+R361+R370+R383+R392 -> 475049.3 | S7: =S10+S14+S23+S37+S52+S57+S75+S81+S98+S103+S115+S124+S138+S151+S162+S175+S188+S202+S206+S218+S227+S234+S247+S260+S274+S282+S292+S303+S313+S322+S331+S341+S352+S361+S370+S383+S392 -> 3601334.4 | T7: =T10+T14+T23+T37+T52+T57+T75+T81+T98+T103+T115+T124+T138+T151+T162+T175+T188+T202+T206+T218+T227+T234+T247+T260+T274+T282+T292+T303+T313+T322+T331+T341+T352+T361+T370+T383+T392 -> 3450681.6 | U7: =T7/S7*100 -> 95.816751
A8: Муниципальные районы области (собственный): | B8: =F8+J8+N8+R8 -> 22754951 | C8: =G8+K8+O8+S8 -> 28714600 | D8: =H8+L8+P8+T8 -> 28004380 | E8: =D8/C8*100 -> 97.526625 | F8: =F11+F15+F24+F38+F53+F58+F76+F82+F99+F104+F116+F125+F139+F152+F163+F176+F189+F203+F207+F219+F228+F235+F248+F261+F275+F283+F293+F304+F314+F323+F332+F342+F353+F362+F371+F384+F393 -> 3599664.3 | G8: =G11+G15+G24+G38+G53+G58+G76+G82+G99+G104+G116+G125+G139+G152+G163+G176+G189+G203+G207+G219+G228+G235+G248+G261+G275+G283+G293+G304+G314+G323+G332+G342+G353+G362+G371+G384+G393 -> 4311352.1 | H8: =H11+H15+H24+H38+H53+H58+H76+H82+H99+H104+H116+H125+H139+H152+H163+H176+H189+H203+H207+H219+H228+H235+H248+H261+H275+H283+H293+H304+H314+H323+H332+H342+H353+H362+H371+H384+H393 -> 4311352.1 | I8: =H8/G8*100 -> 100 | J8: =J11+J15+J24+J38+J53+J58+J76+J82+J99+J104+J116+J125+J139+J152+J163+J176+J189+J203+J207+J219+J228+J235+J248+J261+J275+J283+J293+J304+J314+J323+J332+J342+J353+J362+J371+J384+J393 -> 2793138.5 | K8: =K11+K15+K24+K38+K53+K58+K76+K82+K99+K104+K116+K125+K139+K152+K163+K176+K189+K203+K207+K219+K228+K235+K248+K261+K275+K283+K293+K304+K314+K323+K332+K342+K353+K362+K371+K384+K393 -> 5704515.1 | L8: =L11+L15+L24+L38+L53+L58+L76+L82+L99+L104+L116+L125+L139+L152+L163+L176+L189+L203+L207+L219+L228+L235+L248+L261+L275+L283+L293+L304+L314+L323+L332+L342+L353+L362+L371+L384+L393 -> 5218582.2 | M8: =L8/K8*100 -> 91.481609 | N8: =N11+N15+N24+N38+N53+N58+N76+N82+N99+N104+N116+N125+N139+N152+N163+N176+N189+N203+N207+N219+N228+N235+N248+N261+N275+N283+N293+N304+N314+N323+N332+N342+N353+N362+N371+N384+N393 -> 16177099 | O8: =O11+O15+O24+O38+O53+O58+O76+O82+O99+O104+O116+O125+O139+O152+O163+O176+O189+O203+O207+O219+O228+O235+O248+O261+O275+O283+O293+O304+O314+O323+O332+O342+O353+O362+O371+O384+O393 -> 16545855 | P8: =P11+P15+P24+P38+P53+P58+P76+P82+P99+P104+P116+P125+P139+P152+P163+P176+P189+P203+P207+P219+P228+P235+P248+P261+P275+P283+P293+P304+P314+P323+P332+P342+P353+P362+P371+P384+P393 -> 16471713 | Q8: =P8/O8*100 -> 99.551897 | R8: =R11+R15+R24+R38+R53+R58+R76+R82+R99+R104+R116+R125+R139+R152+R163+R176+R189+R203+R207+R219+R228+R235+R248+R261+R275+R283+R293+R304+R314+R323+R332+R342+R353+R362+R371+R384+R393 -> 185049.3 | S8: =S11+S15+S24+S38+S53+S58+S76+S82+S99+S104+S116+S125+S139+S152+S163+S176+S189+S203+S207+S219+S228+S235+S248+S261+S275+S283+S293+S304+S314+S323+S332+S342+S353+S362+S371+S384+S393 -> 2152876.9 | T8: =T11+T15+T24+T38+T53+T58+T76+T82+T99+T104+T116+T125+T139+T152+T163+T176+T189+T203+T207+T219+T228+T235+T248+T261+T275+T283+T293+T304+T314+T323+T332+T342+T353+T362+T371+T384+T393 -> 2002732.6 | U8: =T8/S8*100 -> 93.025874
A9: Поселения: | B9: =F9+J9+N9+R9 -> 3374537.1 | C9: =G9+K9+O9+S9 -> 6001073 | D9: =H9+L9+P9+T9 -> 5724066.8 | E9: =D9/C9*100 -> 95.384056 | G9: =SUM(G12:G13)+SUM(G16:G22)+SUM(G25:G36)+SUM(G39:G51)+SUM(G54:G56)+SUM(G59:G74)+SUM(G77:G80)+SUM(G83:G97)+SUM(G100:G102)+SUM(G105:G114)+SUM(G117:G123)+SUM(G126:G137)+SUM(G140:G150)+SUM(G153:G161)+SUM(G164:G174)+SUM(G177:G187)+SUM(G190:G201)+SUM(G204:G205)+SUM(G208:G217)+SUM(G220:G226)+SUM(G229:G233)+SUM(G236:G246)+SUM(G249:G259)+SUM(G262:G273)+SUM(G276:G281)+SUM(G284:G291)+SUM(G294:G302)+SUM(G305:G312)+SUM(G315:G321)+SUM(G324:G330)+SUM(G333:G340)+SUM(G343:G351)+SUM(G354:G360)+SUM(G363:G369)+SUM(G372:G382)+SUM(G385:G391)+SUM(G394:G398) -> 47700 | H9: =SUM(H12:H13)+SUM(H16:H22)+SUM(H25:H36)+SUM(H39:H51)+SUM(H54:H56)+SUM(H59:H74)+SUM(H77:H80)+SUM(H83:H97)+SUM(H100:H102)+SUM(H105:H114)+SUM(H117:H123)+SUM(H126:H137)+SUM(H140:H150)+SUM(H153:H161)+SUM(H164:H174)+SUM(H177:H187)+SUM(H190:H201)+SUM(H204:H205)+SUM(H208:H217)+SUM(H220:H226)+SUM(H229:H233)+SUM(H236:H246)+SUM(H249:H259)+SUM(H262:H273)+SUM(H276:H281)+SUM(H284:H291)+SUM(H294:H302)+SUM(H305:H312)+SUM(H315:H321)+SUM(H324:H330)+SUM(H333:H340)+SUM(H343:H351)+SUM(H354:H360)+SUM(H363:H369)+SUM(H372:H382)+SUM(H385:H391)+SUM(H394:H398) -> 47700 | I9: =H9/G9*100 -> 100 | J9: =SUM(J12:J13)+SUM(J16:J22)+SUM(J25:J36)+SUM(J39:J51)+SUM(J54:J56)+SUM(J59:J74)+SUM(J77:J80)+SUM(J83:J97)+SUM(J100:J102)+SUM(J105:J114)+SUM(J117:J123)+SUM(J126:J137)+SUM(J140:J150)+SUM(J153:J161)+SUM(J164:J174)+SUM(J177:J187)+SUM(J190:J201)+SUM(J204:J205)+SUM(J208:J217)+SUM(J220:J226)+SUM(J229:J233)+SUM(J236:J246)+SUM(J249:J259)+SUM(J262:J273)+SUM(J276:J281)+SUM(J284:J291)+SUM(J294:J302)+SUM(J305:J312)+SUM(J315:J321)+SUM(J324:J330)+SUM(J333:J340)+SUM(J343:J351)+SUM(J354:J360)+SUM(J363:J369)+SUM(J372:J382)+SUM(J385:J391)+SUM(J394:J398) -> 3035529.5 | K9: =SUM(K12:K13)+SUM(K16:K22)+SUM(K25:K36)+SUM(K39:K51)+SUM(K54:K56)+SUM(K59:K74)+SUM(K77:K80)+SUM(K83:K97)+SUM(K100:K102)+SUM(K105:K114)+SUM(K117:K123)+SUM(K126:K137)+SUM(K140:K150)+SUM(K153:K161)+SUM(K164:K174)+SUM(K177:K187)+SUM(K190:K201)+SUM(K204:K205)+SUM(K208:K217)+SUM(K220:K226)+SUM(K229:K233)+SUM(K236:K246)+SUM(K249:K259)+SUM(K262:K273)+SUM(K276:K281)+SUM(K284:K291)+SUM(K294:K302)+SUM(K305:K312)+SUM(K315:K321)+SUM(K324:K330)+SUM(K333:K340)+SUM(K343:K351)+SUM(K354:K360)+SUM(K363:K369)+SUM(K372:K382)+SUM(K385:K391)+SUM(K394:K398) -> 4451083 | L9: =SUM(L12:L13)+SUM(L16:L22)+SUM(L25:L36)+SUM(L39:L51)+SUM(L54:L56)+SUM(L59:L74)+SUM(L77:L80)+SUM(L83:L97)+SUM(L100:L102)+SUM(L105:L114)+SUM(L117:L123)+SUM(L126:L137)+SUM(L140:L150)+SUM(L153:L161)+SUM(L164:L174)+SUM(L177:L187)+SUM(L190:L201)+SUM(L204:L205)+SUM(L208:L217)+SUM(L220:L226)+SUM(L229:L233)+SUM(L236:L246)+SUM(L249:L259)+SUM(L262:L273)+SUM(L276:L281)+SUM(L284:L291)+SUM(L294:L302)+SUM(L305:L312)+SUM(L315:L321)+SUM(L324:L330)+SUM(L333:L340)+SUM(L343:L351)+SUM(L354:L360)+SUM(L363:L369)+SUM(L372:L382)+SUM(L385:L391)+SUM(L394:L398) -> 4174769.7 | M9: =L9/K9*100 -> 93.792223 | N9: =SUM(N12:N13)+SUM(N16:N22)+SUM(N25:N36)+SUM(N39:N51)+SUM(N54:N56)+SUM(N59:N74)+SUM(N77:N80)+SUM(N83:N97)+SUM(N100:N102)+SUM(N105:N114)+SUM(N117:N123)+SUM(N126:N137)+SUM(N140:N150)+SUM(N153:N161)+SUM(N164:N174)+SUM(N177:N187)+SUM(N190:N201)+SUM(N204:N205)+SUM(N208:N217)+SUM(N220:N226)+SUM(N229:N233)+SUM(N236:N246)+SUM(N249:N259)+SUM(N262:N273)+SUM(N276:N281)+SUM(N284:N291)+SUM(N294:N302)+SUM(N305:N312)+SUM(N315:N321)+SUM(N324:N330)+SUM(N333:N340)+SUM(N343:N351)+SUM(N354:N360)+SUM(N363:N369)+SUM(N372:N382)+SUM(N385:N391)+SUM(N394:N398) -> 49007.6 | O9: =SUM(O12:O13)+SUM(O16:O22)+SUM(O25:O36)+SUM(O39:O51)+SUM(O54:O56)+SUM(O59:O74)+SUM(O77:O80)+SUM(O83:O97)+SUM(O100:O102)+SUM(O105:O114)+SUM(O117:O123)+SUM(O126:O137)+SUM(O140:O150)+SUM(O153:O161)+SUM(O164:O174)+SUM(O177:O187)+SUM(O190:O201)+SUM(O204:O205)+SUM(O208:O217)+SUM(O220:O226)+SUM(O229:O233)+SUM(O236:O246)+SUM(O249:O259)+SUM(O262:O273)+SUM(O276:O281)+SUM(O284:O291)+SUM(O294:O302)+SUM(O305:O312)+SUM(O315:O321)+SUM(O324:O330)+SUM(O333:O340)+SUM(O343:O351)+SUM(O354:O360)+SUM(O363:O369)+SUM(O372:O382)+SUM(O385:O391)+SUM(O394:O398) -> 53832.5 | P9: =SUM(P12:P13)+SUM(P16:P22)+SUM(P25:P36)+SUM(P39:P51)+SUM(P54:P56)+SUM(P59:P74)+SUM(P77:P80)+SUM(P83:P97)+SUM(P100:P102)+SUM(P105:P114)+SUM(P117:P123)+SUM(P126:P137)+SUM(P140:P150)+SUM(P153:P161)+SUM(P164:P174)+SUM(P177:P187)+SUM(P190:P201)+SUM(P204:P205)+SUM(P208:P217)+SUM(P220:P226)+SUM(P229:P233)+SUM(P236:P246)+SUM(P249:P259)+SUM(P262:P273)+SUM(P276:P281)+SUM(P284:P291)+SUM(P294:P302)+SUM(P305:P312)+SUM(P315:P321)+SUM(P324:P330)+SUM(P333:P340)+SUM(P343:P351)+SUM(P354:P360)+SUM(P363:P369)+SUM(P372:P382)+SUM(P385:P391)+SUM(P394:P398) -> 53648.073 | Q9: =P9/O9*100 -> 99.657406 | R9: =SUM(R12:R13)+SUM(R16:R22)+SUM(R25:R36)+SUM(R39:R51)+SUM(R54:R56)+SUM(R59:R74)+SUM(R77:R80)+SUM(R83:R97)+SUM(R100:R102)+SUM(R105:R114)+SUM(R117:R123)+SUM(R126:R137)+SUM(R140:R150)+SUM(R153:R161)+SUM(R164:R174)+SUM(R177:R187)+SUM(R190:R201)+SUM(R204:R205)+SUM(R208:R217)+SUM(R220:R226)+SUM(R229:R233)+SUM(R236:R246)+SUM(R249:R259)+SUM(R262:R273)+SUM(R276:R281)+SUM(R284:R291)+SUM(R294:R302)+SUM(R305:R312)+SUM(R315:R321)+SUM(R324:R330)+SUM(R333:R340)+SUM(R343:R351)+SUM(R354:R360)+SUM(R363:R369)+SUM(R372:R382)+SUM(R385:R391)+SUM(R394:R398) -> 290000 | S9: =SUM(S12:S13)+SUM(S16:S22)+SUM(S25:S36)+SUM(S39:S51)+SUM(S54:S56)+SUM(S59:S74)+SUM(S77:S80)+SUM(S83:S97)+SUM(S100:S102)+SUM(S105:S114)+SUM(S117:S123)+SUM(S126:S137)+SUM(S140:S150)+SUM(S153:S161)+SUM(S164:S174)+SUM(S177:S187)+SUM(S190:S201)+SUM(S204:S205)+SUM(S208:S217)+SUM(S220:S226)+SUM(S229:S233)+SUM(S236:S246)+SUM(S249:S259)+SUM(S262:S273)+SUM(S276:S281)+SUM(S284:S291)+SUM(S294:S302)+SUM(S305:S312)+SUM(S315:S321)+SUM(S324:S330)+SUM(S333:S340)+SUM(S343:S351)+SUM(S354:S360)+SUM(S363:S369)+SUM(S372:S382)+SUM(S385:S391)+SUM(S394:S398) -> 1448457.4 | T9: =SUM(T12:T13)+SUM(T16:T22)+SUM(T25:T36)+SUM(T39:T51)+SUM(T54:T56)+SUM(T59:T74)+SUM(T77:T80)+SUM(T83:T97)+SUM(T100:T102)+SUM(T105:T114)+SUM(T117:T123)+SUM(T126:T137)+SUM(T140:T150)+SUM(T153:T161)+SUM(T164:T174)+SUM(T177:T187)+SUM(T190:T201)+SUM(T204:T205)+SUM(T208:T217)+SUM(T220:T226)+SUM(T229:T233)+SUM(T236:T246)+SUM(T249:T259)+SUM(T262:T273)+SUM(T276:T281)+SUM(T284:T291)+SUM(T294:T302)+SUM(T305:T312)+SUM(T315:T321)+SUM(T324:T330)+SUM(T333:T340)+SUM(T343:T351)+SUM(T354:T360)+SUM(T363:T369)+SUM(T372:T382)+SUM(T385:T391)+SUM(T394:T398) -> 1447949 | U9: =T9/S9*100 -> 99.964898
A10: Александрово-Гайский район (консолидированный) | B10: =F10+J10+N10+R10 -> 459923.44 | C10: =G10+K10+O10+S10 -> 574304.12 | D10: =H10+L10+P10+T10 -> 570078.64 | E10: =D10/C10*100 -> 99.264245 | F10: =F11+F12+F13 -> 105617.3 | G10: =G11+G12+G13 -> 113690.3 | H10: =H11+H12+H13 -> 113690.3 | I10: =H10/G10*100 -> 100 | J10: =J11+J12+J13 -> 100100.84 | K10: =K11+K12+K13 -> 153460.39 | L10: =L11+L12+L13 -> 150672.11 | M10: =L10/K10*100 -> 98.183059 | N10: =N11+N12+N13 -> 240141.3 | O10: =O11+O12+O13 -> 235122.9 | P10: =P11+P12+P13 -> 233747.81 | Q10: =P10/O10*100 -> 99.41516 | R10: =R11+R12+R13 -> 14064 | S10: =S11+S12+S13 -> 72030.524 | T10: =T11+T12+T13 -> 71968.429 | U10: =T10/S10*100 -> 99.913793
A11: Александрово-Гайский район (собственный) | B11: =F11+J11+N11+R11 -> 403602.24 | C11: =G11+K11+O11+S11 -> 459577 | D11: =H11+L11+P11+T11 -> 455351.84 | E11: =D11/C11*100 -> 99.08064 | F11: =Дотации!B11 -> 105617.3 | G11: =Дотации!C11 -> 113690.3 | H11: =Дотации!D11 -> 113690.3 | I11: =H11/G11*100 -> 100 | J11: =Субсидии!B12 -> 44703.837 | K11: =Субсидии!C12 -> 49740.781 | L11: =Субсидии!D12 -> 46952.804 | M11: =L11/K11*100 -> 94.394989 | N11: ='Субвенции '!B14 -> 239217.1 | O11: ='Субвенции '!C14 -> 234115.4 | P11: ='Субвенции '!D14 -> 232740.31 | Q11: =P11/O11*100 -> 99.412643 | R11: =Иные!B12 -> 14064 | S11: =Иные!C12 -> 62030.524 | T11: =Иные!D12 -> 61968.429 | U11: =T11/S11*100 -> 99.899896
A12: Александрово-Гайское МО | B12: =F12+J12+N12+R12 -> 52459.5 | C12: =G12+K12+O12+S12 -> 105750.59 | D12: =H12+L12+P12+T12 -> 105750.59 | E12: =D12/C12*100 -> 100 | J12: =Субсидии!B13 -> 51644 | K12: =Субсидии!C13 -> 94861.587 | L12: =Субсидии!D13 -> 94861.587 | M12: =L12/K12*100 -> 100 | N12: ='Субвенции '!B15 -> 815.5 | O12: ='Субвенции '!C15 -> 889 | P12: ='Субвенции '!D15 -> 889 | Q12: =P12/O12*100 -> 100 | R12: =Иные!B13 -> 0 | S12: =Иные!C13 -> 10000 | T12: =Иные!D13 -> 10000 | U12: =T12/S12*100 -> 100
A13: Новоалександровское МО | B13: =F13+J13+N13+R13 -> 3861.7 | C13: =G13+K13+O13+S13 -> 8976.525 | D13: =H13+L13+P13+T13 -> 8976.217 | E13: =D13/C13*100 -> 99.996569 | J13: =Субсидии!B14 -> 3753 | K13: =Субсидии!C14 -> 8858.025 | L13: =Субсидии!D14 -> 8857.717 | M13: =L13/K13*100 -> 99.996523 | N13: ='Субвенции '!B16 -> 108.7 | O13: ='Субвенции '!C16 -> 118.5 | P13: ='Субвенции '!D16 -> 118.5 | Q13: =P13/O13*100 -> 100
A14: Аркадакский район (консолидированный) | B14: =F14+J14+N14+R14 -> 506480.41 | C14: =G14+K14+O14+S14 -> 615225.99 | D14: =H14+L14+P14+T14 -> 614330.35 | E14: =D14/C14*100 -> 99.854422 | F14: =SUM(F15:F22) -> 71347.4 | G14: =SUM(G15:G22) -> 81168.6 | H14: =SUM(H15:H22) -> 81168.6 | I14: =H14/G14*100 -> 100 | J14: =SUM(J15:J22) -> 115673.91 | K14: =SUM(K15:K22) -> 122458.09 | L14: =SUM(L15:L22) -> 122263.18 | M14: =L14/K14*100 -> 99.840831 | N14: =SUM(N15:N22) -> 247799.1 | O14: =SUM(O15:O22) -> 295335.99 | P14: =SUM(P15:P22) -> 294731.76 | Q14: =P14/O14*100 -> 99.79541 | R14: =SUM(R15:R22) -> 71660 | S14: =SUM(S15:S22) -> 116263.3 | T14: =SUM(T15:T22) -> 116166.81 | U14: =T14/S14*100 -> 99.917006
A15: Аркадакский район (собственный) | B15: =F15+J15+N15+R15 -> 364447.41 | C15: =G15+K15+O15+S15 -> 443865.99 | D15: =H15+L15+P15+T15 -> 442970.36 | E15: =D15/C15*100 -> 99.79822 | F15: =Дотации!B13 -> 71347.4 | G15: =Дотации!C13 -> 81168.6 | H15: =Дотации!D13 -> 81168.6 | I15: =H15/G15*100 -> 100 | J15: =Субсидии!B16 -> 44936.71 | K15: =Субсидии!C16 -> 51921.799 | L15: =Субсидии!D16 -> 51726.884 | M15: =L15/K15*100 -> 99.624599 | N15: ='Субвенции '!B18 -> 246503.3 | O15: ='Субвенции '!C18 -> 293912.29 | P15: ='Субвенции '!D18 -> 293308.06 | Q15: =P15/O15*100 -> 99.794419 | R15: =Иные!B15 -> 1660 | S15: =Иные!C15 -> 16863.3 | T15: =Иные!D15 -> 16766.808 | U15: =T15/S15*100 -> 99.427802
A16: город Аркадак | B16: =F16+J16+N16+R16 -> 110719.8 | C16: =G16+K16+O16+S16 -> 140191.3 | D16: =H16+L16+P16+T16 -> 140191.3 | E16: =D16/C16*100 -> 100 | J16: =Субсидии!B17 -> 40000 | K16: =Субсидии!C17 -> 40000 | L16: =Субсидии!D17 -> 40000 | M16: =L16/K16*100 -> 100 | N16: ='Субвенции '!B19 -> 719.8 | O16: ='Субвенции '!C19 -> 791.3 | P16: ='Субвенции '!D19 -> 791.3 | Q16: =P16/O16*100 -> 100 | R16: =Иные!B16 -> 70000 | S16: =Иные!C16 -> 99400 | T16: =Иные!D16 -> 99400 | U16: =T16/S16*100 -> 100
A17: Большежуравское МО | B17: =F17+J17+N17+R17 -> 2976 | C17: =G17+K17+O17+S17 -> 2985.4 | D17: =H17+L17+P17+T17 -> 2985.4 | E17: =D17/C17*100 -> 100 | J17: =Субсидии!B18 -> 2880 | K17: =Субсидии!C18 -> 2880 | L17: =Субсидии!D18 -> 2880 | M17: =L17/K17*100 -> 100 | N17: ='Субвенции '!B20 -> 96 | O17: ='Субвенции '!C20 -> 105.4 | P17: ='Субвенции '!D20 -> 105.4 | Q17: =P17/O17*100 -> 100
A18: Краснознаменское МО | B18: =F18+J18+N18+R18 -> 5127 | C18: =G18+K18+O18+S18 -> 5356.4 | D18: =H18+L18+P18+T18 -> 5356.4 | E18: =D18/C18*100 -> 100 | J18: =Субсидии!B19 -> 5031 | K18: =Субсидии!C19 -> 5251 | L18: =Субсидии!D19 -> 5251 | M18: =L18/K18*100 -> 100 | N18: ='Субвенции '!B21 -> 96 | O18: ='Субвенции '!C21 -> 105.4 | P18: ='Субвенции '!D21 -> 105.4 | Q18: =P18/O18*100 -> 100
A19: Львовское МО | B19: =F19+J19+N19+R19 -> 3564 | C19: =G19+K19+O19+S19 -> 3710.6952 | D19: =H19+L19+P19+T19 -> 3710.6952 | E19: =D19/C19*100 -> 100 | J19: =Субсидии!B20 -> 3468 | K19: =Субсидии!C20 -> 3605.2952 | L19: =Субсидии!D20 -> 3605.2952 | M19: =L19/K19*100 -> 100 | N19: ='Субвенции '!B22 -> 96 | O19: ='Субвенции '!C22 -> 105.4 | P19: ='Субвенции '!D22 -> 105.4 | Q19: =P19/O19*100 -> 100
A20: Малиновское МО | B20: =F20+J20+N20+R20 -> 5226 | C20: =G20+K20+O20+S20 -> 5235.4 | D20: =H20+L20+P20+T20 -> 5235.4 | E20: =D20/C20*100 -> 100 | J20: =Субсидии!B21 -> 5130 | K20: =Субсидии!C21 -> 5130 | L20: =Субсидии!D21 -> 5130 | M20: =L20/K20*100 -> 100 | N20: ='Субвенции '!B23 -> 96 | O20: ='Субвенции '!C23 -> 105.4 | P20: ='Субвенции '!D23 -> 105.4 | Q20: =P20/O20*100 -> 100
A21: Росташовское МО | B21: =F21+J21+N21+R21 -> 9107.2 | C21: =G21+K21+O21+S21 -> 8558.4 | D21: =H21+L21+P21+T21 -> 8558.4 | E21: =D21/C21*100 -> 100 | J21: =Субсидии!B22 -> 9011.2 | K21: =Субсидии!C22 -> 8453 | L21: =Субсидии!D22 -> 8453 | M21: =L21/K21*100 -> 100 | N21: ='Субвенции '!B24 -> 96 | O21: ='Субвенции '!C24 -> 105.4 | P21: ='Субвенции '!D24 -> 105.4 | Q21: =P21/O21*100 -> 100
A22: Семеновское МО | B22: =F22+J22+N22+R22 -> 5313 | C22: =G22+K22+O22+S22 -> 5322.4 | D22: =H22+L22+P22+T22 -> 5322.4 | E22: =D22/C22*100 -> 100 | J22: =Субсидии!B23 -> 5217 | K22: =Субсидии!C23 -> 5217 | L22: =Субсидии!D23 -> 5217 | M22: =L22/K22*100 -> 100 | N22: ='Субвенции '!B25 -> 96 | O22: ='Субвенции '!C25 -> 105.4 | P22: ='Субвенции '!D25 -> 105.4 | Q22: =P22/O22*100 -> 100
A23: Аткарский район (консолидированный) | B23: =F23+J23+N23+R23 -> 703725.28 | C23: =G23+K23+O23+S23 -> 752721.91 | D23: =H23+L23+P23+T23 -> 750898.92 | E23: =D23/C23*100 -> 99.757813 | F23: =SUM(F24:F36) -> 132765.7 | G23: =SUM(G24:G36) -> 136631.7 | H23: =SUM(H24:H36) -> 136631.7 | I23: =H23/G23*100 -> 100 | J23: =SUM(J24:J36) -> 113349.28 | K23: =SUM(K24:K36) -> 127278.71 | L23: =SUM(L24:L36) -> 126981.41 | M23: =L23/K23*100 -> 99.766416 | N23: =SUM(N24:N36) -> 452456.6 | O23: =SUM(O24:O36) -> 455798 | P23: =SUM(P24:P36) -> 454784.33 | Q23: =P23/O23*100 -> 99.777606 | R23: =SUM(R24:R36) -> 5153.7 | S23: =SUM(S24:S36) -> 33013.5 | T23: =SUM(T24:T36) -> 32501.478 | U23: =T23/S23*100 -> 98.449054
A24: Аткарский район (собственный) | B24: =F24+J24+N24+R24 -> 657321.78 | C24: =G24+K24+O24+S24 -> 689826.11 | D24: =H24+L24+P24+T24 -> 688003.12 | E24: =D24/C24*100 -> 99.735731 | F24: =Дотации!B15 -> 132765.7 | G24: =Дотации!C15 -> 136631.7 | H24: =Дотации!D15 -> 136631.7 | I24: =H24/G24*100 -> 100 | J24: =Субсидии!B25 -> 69009.285 | K24: =Субсидии!C25 -> 79550.613 | L24: =Субсидии!D25 -> 79253.311 | M24: =L24/K24*100 -> 99.626273 | N24: ='Субвенции '!B27 -> 450393.1 | O24: ='Субвенции '!C27 -> 453530.3 | P24: ='Субвенции '!D27 -> 452516.63 | Q24: =P24/O24*100 -> 99.776494 | R24: =Иные!B18 -> 5153.7 | S24: =Иные!C18 -> 20113.5 | T24: =Иные!D18 -> 19601.478 | U24: =T24/S24*100 -> 97.454338
A25: город Аткарск | B25: =F25+J25+N25+R25 -> 4199.7 | C25: =G25+K25+O25+S25 -> 17218.9 | D25: =H25+L25+P25+T25 -> 17218.9 | E25: =D25/C25*100 -> 100 | J25: =Субсидии!B26 -> 3000 | K25: =Субсидии!C26 -> 3000 | L25: =Субсидии!D26 -> 3000 | M25: =L25/K25*100 -> 100 | N25: ='Субвенции '!B28 -> 1199.7 | O25: ='Субвенции '!C28 -> 1318.9 | P25: ='Субвенции '!D28 -> 1318.9 | Q25: =P25/O25*100 -> 100 | R25: =Иные!B19 -> 0 | S25: =Иные!C19 -> 12900 | T25: =Иные!D19 -> 12900 | U25: =T25/S25*100 -> 100
A26: Барановское МО | B26: =F26+J26+N26+R26 -> 6375 | C26: =G26+K26+O26+S26 -> 6384.4 | D26: =H26+L26+P26+T26 -> 6384.4 | E26: =D26/C26*100 -> 100 | J26: =Субсидии!B27 -> 6279 | K26: =Субсидии!C27 -> 6279 | L26: =Субсидии!D27 -> 6279 | M26: =L26/K26*100 -> 100 | N26: ='Субвенции '!B29 -> 96 | O26: ='Субвенции '!C29 -> 105.4 | P26: ='Субвенции '!D29 -> 105.4 | Q26: =P26/O26*100 -> 100 | R26: =Иные!B20 -> 0 | S26: =Иные!C20 -> 0 | T26: =Иные!D20 -> 0
A27: Большеекатериновское МО | B27: =F27+J27+N27+R27 -> 0 | C27: =G27+K27+O27+S27 -> 0 | D27: =H27+L27+P27+T27 -> 0 | J27: =Субсидии!B28 -> 0 | K27: =Субсидии!C28 -> 0 | L27: =Субсидии!D28 -> 0 | N27: ='Субвенции '!B30 -> 0 | O27: ='Субвенции '!C30 -> 0 | P27: ='Субвенции '!D30 -> 0
A28: Даниловское МО | B28: =F28+J28+N28+R28 -> 9200.9 | C28: =G28+K28+O28+S28 -> 9224.6 | D28: =H28+L28+P28+T28 -> 9224.6 | E28: =D28/C28*100 -> 100 | J28: =Субсидии!B29 -> 8961 | K28: =Субсидии!C29 -> 8961 | L28: =Субсидии!D29 -> 8961 | M28: =L28/K28*100 -> 100 | N28: ='Субвенции '!B31 -> 239.9 | O28: ='Субвенции '!C31 -> 263.6 | P28: ='Субвенции '!D31 -> 263.6 | Q28: =P28/O28*100 -> 100 | R28: =Иные!B21 -> 0 | S28: =Иные!C21 -> 0 | T28: =Иные!D21 -> 0
A29: Ершовское МО | B29: =F29+J29+N29+R29 -> 6525 | C29: =G29+K29+O29+S29 -> 7764.4 | D29: =H29+L29+P29+T29 -> 7764.4 | E29: =D29/C29*100 -> 100 | J29: =Субсидии!B30 -> 6429 | K29: =Субсидии!C30 -> 7659 | L29: =Субсидии!D30 -> 7659 | M29: =L29/K29*100 -> 100 | N29: ='Субвенции '!B32 -> 96 | O29: ='Субвенции '!C32 -> 105.4 | P29: ='Субвенции '!D32 -> 105.4 | Q29: =P29/O29*100 -> 100
A30: Кочетовское МО | B30: =F30+J30+N30+R30 -> 7157.9 | C30: =G30+K30+O30+S30 -> 8074.7 | D30: =H30+L30+P30+T30 -> 8074.7 | E30: =D30/C30*100 -> 100 | J30: =Субсидии!B31 -> 6918 | K30: =Субсидии!C31 -> 7811.1 | L30: =Субсидии!D31 -> 7811.1 | M30: =L30/K30*100 -> 100 | N30: ='Субвенции '!B33 -> 239.9 | O30: ='Субвенции '!C33 -> 263.6 | P30: ='Субвенции '!D33 -> 263.6 | Q30: =P30/O30*100 -> 100
A31: Лопуховское МО | B31: =F31+J31+N31+R31 -> 6696 | C31: =G31+K31+O31+S31 -> 7970.4 | D31: =H31+L31+P31+T31 -> 7970.4 | E31: =D31/C31*100 -> 100 | J31: =Субсидии!B32 -> 6600 | K31: =Субсидии!C32 -> 7865 | L31: =Субсидии!D32 -> 7865 | M31: =L31/K31*100 -> 100 | N31: ='Субвенции '!B34 -> 96 | O31: ='Субвенции '!C34 -> 105.4 | P31: ='Субвенции '!D34 -> 105.4 | Q31: =P31/O31*100 -> 100
A32: Озерное МО | B32: =F32+J32+N32+R32 -> 6249 | C32: =G32+K32+O32+S32 -> 6258.4 | D32: =H32+L32+P32+T32 -> 6258.4 | E32: =D32/C32*100 -> 100 | J32: =Субсидии!B33 -> 6153 | K32: =Субсидии!C33 -> 6153 | L32: =Субсидии!D33 -> 6153 | M32: =L32/K32*100 -> 100 | N32: ='Субвенции '!B35 -> 96 | O32: ='Субвенции '!C35 -> 105.4 | P32: ='Субвенции '!D35 -> 105.4 | Q32: =P32/O32*100 -> 100
A33: Песчанское МО | B33: =F33+J33+N33+R33 -> 0 | C33: =G33+K33+O33+S33 -> 0 | D33: =H33+L33+P33+T33 -> 0 | J33: =Субсидии!B34 -> 0 | K33: =Субсидии!C34 -> 0 | L33: =Субсидии!D34 -> 0 | N33: ='Субвенции '!B36 -> 0 | O33: ='Субвенции '!C36 -> 0 | P33: ='Субвенции '!D36 -> 0
A34: Петровское МО | B34: =F34+J34+N34+R34 -> 0 | C34: =G34+K34+O34+S34 -> 0 | D34: =H34+L34+P34+T34 -> 0 | J34: =Субсидии!B35 -> 0 | K34: =Субсидии!C35 -> 0 | L34: =Субсидии!D35 -> 0 | N34: ='Субвенции '!B37 -> 0 | O34: ='Субвенции '!C37 -> 0 | P34: ='Субвенции '!D37 -> 0
A35: Тургеневское МО | B35: =F35+J35+N35+R35 -> 0 | C35: =G35+K35+O35+S35 -> 0 | D35: =H35+L35+P35+T35 -> 0 | J35: =Субсидии!B36 -> 0 | K35: =Субсидии!C36 -> 0 | L35: =Субсидии!D36 -> 0 | N35: ='Субвенции '!B38 -> 0 | O35: ='Субвенции '!C38 -> 0 | P35: ='Субвенции '!D38 -> 0
A36: Языковское МО | B36: =F36+J36+N36+R36 -> 0 | C36: =G36+K36+O36+S36 -> 0 | D36: =H36+L36+P36+T36 -> 0 | J36: =Субсидии!B37 -> 0 | K36: =Субсидии!C37 -> 0 | L36: =Субсидии!D37 -> 0 | N36: ='Субвенции '!B39 -> 0 | O36: ='Субвенции '!C39 -> 0 | P36: ='Субвенции '!D39 -> 0
A37: Базарно-Карабулакский район (консолидированный) | B37: =F37+J37+N37+R37 -> 557348.98 | C37: =G37+K37+O37+S37 -> 778391.78 | D37: =H37+L37+P37+T37 -> 773911.42 | E37: =D37/C37*100 -> 99.424408 | F37: =SUM(F38:F51) -> 111390.6 | G37: =SUM(G38:G51) -> 114725 | H37: =SUM(H38:H51) -> 114725 | I37: =H37/G37*100 -> 100 | J37: =SUM(J38:J51) -> 105923.58 | K37: =SUM(K38:K51) -> 198055.57 | L37: =SUM(L38:L51) -> 194653.2 | M37: =L37/K37*100 -> 98.28211 | N37: =SUM(N38:N51) -> 339056.6 | O37: =SUM(O38:O51) -> 340883.11 | P37: =SUM(P38:P51) -> 339913.64 | Q37: =P37/O37*100 -> 99.715599 | R37: =SUM(R38:R51) -> 978.2 | S37: =SUM(S38:S51) -> 124728.1 | T37: =SUM(T38:T51) -> 124619.59 | U37: =T37/S37*100 -> 99.913004
A38: Базарно-Карабулакский район (собственный) | B38: =F38+J38+N38+R38 -> 502112.14 | C38: =G38+K38+O38+S38 -> 655437.2 | D38: =H38+L38+P38+T38 -> 650960.54 | E38: =D38/C38*100 -> 99.316997 | F38: =Дотации!B17 -> 111390.6 | G38: =Дотации!C17 -> 114725 | H38: =Дотации!D17 -> 114725 | I38: =H38/G38*100 -> 100 | J38: =Субсидии!B39 -> 52414.145 | K38: =Субсидии!C39 -> 139998.79 | L38: =Субсидии!D39 -> 136596.41 | M38: =L38/K38*100 -> 97.569709 | N38: ='Субвенции '!B41 -> 337329.2 | O38: ='Субвенции '!C41 -> 338985.31 | P38: ='Субвенции '!D41 -> 338015.84 | Q38: =P38/O38*100 -> 99.714007 | R38: =Иные!B23 -> 978.2 | S38: =Иные!C23 -> 61728.1 | T38: =Иные!D23 -> 61623.294 | U38: =T38/S38*100 -> 99.830214
A39: Алексеевское МО | B39: =F39+J39+N39+R39 -> 7907.9408 | C39: =G39+K39+O39+S39 -> 7931.6408 | D39: =H39+L39+P39+T39 -> 7931.6408 | E39: =D39/C39*100 -> 100 | J39: =Субсидии!B40 -> 7668.0408 | K39: =Субсидии!C40 -> 7668.0408 | L39: =Субсидии!D40 -> 7668.0408 | M39: =L39/K39*100 -> 100 | N39: ='Субвенции '!B42 -> 239.9 | O39: ='Субвенции '!C42 -> 263.6 | P39: ='Субвенции '!D42 -> 263.6 | Q39: =P39/O39*100 -> 100
A40: Базарно-Карабулакское МО | B40: =F40+J40+N40+R40 -> 12105.004 | C40: =G40+K40+O40+S40 -> 75533.756 | D40: =H40+L40+P40+T40 -> 75530.054 | E40: =D40/C40*100 -> 99.995099 | J40: =Субсидии!B41 -> 12105.004 | K40: =Субсидии!C41 -> 13533.756 | L40: =Субсидии!D41 -> 13533.756 | M40: =L40/K40*100 -> 100 | R40: =Иные!B24 -> 0 | S40: =Иные!C24 -> 62000 | T40: =Иные!D24 -> 61996.298 | U40: =Иные!E24 -> 99.994029
A41: Большечечуйское МО | B41: =F41+J41+N41+R41 -> 2379 | C41: =G41+K41+O41+S41 -> 3593.347 | D41: =H41+L41+P41+T41 -> 3593.347 | E41: =D41/C41*100 -> 100 | J41: =Субсидии!B42 -> 2283 | K41: =Субсидии!C42 -> 3487.947 | L41: =Субсидии!D42 -> 3487.947 | M41: =L41/K41*100 -> 100 | N41: ='Субвенции '!B43 -> 96 | O41: ='Субвенции '!C43 -> 105.4 | P41: ='Субвенции '!D43 -> 105.4 | Q41: =P41/O41*100 -> 100
A42: Вязовское МО | B42: =F42+J42+N42+R42 -> 0 | C42: =G42+K42+O42+S42 -> 0 | D42: =H42+L42+P42+T42 -> 0 | N42: ='Субвенции '!B44 -> 0 | O42: ='Субвенции '!C44 -> 0 | P42: ='Субвенции '!D44 -> 0
A43: Липовское МО | B43: =F43+J43+N43+R43 -> 6272.9 | C43: =G43+K43+O43+S43 -> 6296.6 | D43: =H43+L43+P43+T43 -> 6296.6 | E43: =D43/C43*100 -> 100 | J43: =Субсидии!B43 -> 6033 | K43: =Субсидии!C43 -> 6033 | L43: =Субсидии!D43 -> 6033 | M43: =L43/K43*100 -> 100 | N43: ='Субвенции '!B45 -> 239.9 | O43: ='Субвенции '!C45 -> 263.6 | P43: ='Субвенции '!D45 -> 263.6 | Q43: =P43/O43*100 -> 100
A44: Максимовское МО | B44: =F44+J44+N44+R44 -> 5675.9 | C44: =G44+K44+O44+S44 -> 5699.6 | D44: =H44+L44+P44+T44 -> 5699.6 | E44: =D44/C44*100 -> 100 | J44: =Субсидии!B44 -> 5436 | K44: =Субсидии!C44 -> 5436 | L44: =Субсидии!D44 -> 5436 | M44: =L44/K44*100 -> 100 | N44: ='Субвенции '!B46 -> 239.9 | O44: ='Субвенции '!C46 -> 263.6 | P44: ='Субвенции '!D46 -> 263.6 | Q44: =P44/O44*100 -> 100
A45: Свободинское МО | B45: =F45+J45+N45+R45 -> 3397.288 | C45: =G45+K45+O45+S45 -> 4420.988 | D45: =H45+L45+P45+T45 -> 4420.988 | E45: =D45/C45*100 -> 100 | J45: =Субсидии!B45 -> 3157.388 | K45: =Субсидии!C45 -> 3157.388 | L45: =Субсидии!D45 -> 3157.388 | M45: =L45/K45*100 -> 100 | N45: ='Субвенции '!B47 -> 239.9 | O45: ='Субвенции '!C47 -> 263.6 | P45: ='Субвенции '!D47 -> 263.6 | Q45: =P45/O45*100 -> 100 | R45: =Иные!B25 -> 0 | S45: =Иные!C25 -> 1000 | T45: =Иные!D25 -> 1000 | U45: =Иные!E25 -> 100
A46: Старобурасское МО | B46: =F46+J46+N46+R46 -> 2775 | C46: =G46+K46+O46+S46 -> 3704.4385 | D46: =H46+L46+P46+T46 -> 3704.4385 | E46: =D46/C46*100 -> 100 | J46: =Субсидии!B46 -> 2679 | K46: =Субсидии!C46 -> 3599.0385 | L46: =Субсидии!D46 -> 3599.0385 | M46: =L46/K46*100 -> 100 | N46: ='Субвенции '!B48 -> 96 | O46: ='Субвенции '!C48 -> 105.4 | P46: ='Субвенции '!D48 -> 105.4 | Q46: =P46/O46*100 -> 100
A47: Старожуковское МО | B47: =F47+J47+N47+R47 -> 6278.9 | C47: =G47+K47+O47+S47 -> 6302.6 | D47: =H47+L47+P47+T47 -> 6302.6 | E47: =D47/C47*100 -> 100 | J47: =Субсидии!B47 -> 6039 | K47: =Субсидии!C47 -> 6039 | L47: =Субсидии!D47 -> 6039 | M47: =L47/K47*100 -> 100 | N47: ='Субвенции '!B49 -> 239.9 | O47: ='Субвенции '!C49 -> 263.6 | P47: ='Субвенции '!D49 -> 263.6 | Q47: =P47/O47*100 -> 100
A48: Тепляковское МО | B48: =F48+J48+N48+R48 -> 0 | C48: =G48+K48+O48+S48 -> 0 | D48: =H48+L48+P48+T48 -> 0 | N48: ='Субвенции '!B50 -> 0 | O48: ='Субвенции '!C50 -> 0 | P48: ='Субвенции '!D50 -> 0
A49: Хватовское МО | B49: =F49+J49+N49+R49 -> 0 | C49: =G49+K49+O49+S49 -> 0 | D49: =H49+L49+P49+T49 -> 0 | N49: ='Субвенции '!B51 -> 0 | O49: ='Субвенции '!C51 -> 0 | P49: ='Субвенции '!D51 -> 0
A50: Шняевское МО | B50: =F50+J50+N50+R50 -> 2298 | C50: =G50+K50+O50+S50 -> 2307.4 | D50: =H50+L50+P50+T50 -> 2307.4 | E50: =D50/C50*100 -> 100 | J50: =Субсидии!B48 -> 2202 | K50: =Субсидии!C48 -> 2202 | L50: =Субсидии!D48 -> 2202 | M50: =L50/K50*100 -> 100 | N50: ='Субвенции '!B52 -> 96 | O50: ='Субвенции '!C52 -> 105.4 | P50: ='Субвенции '!D52 -> 105.4 | Q50: =P50/O50*100 -> 100
A51: Яковлевское МО | B51: =F51+J51+N51+R51 -> 6146.9 | C51: =G51+K51+O51+S51 -> 7164.2134 | D51: =H51+L51+P51+T51 -> 7164.2134 | E51: =D51/C51*100 -> 100 | J51: =Субсидии!B49 -> 5907 | K51: =Субсидии!C49 -> 6900.6134 | L51: =Субсидии!D49 -> 6900.6134 | M51: =L51/K51*100 -> 100 | N51: ='Субвенции '!B53 -> 239.9 | O51: ='Субвенции '!C53 -> 263.6 | P51: ='Субвенции '!D53 -> 263.6 | Q51: =P51/O51*100 -> 100
A52: Балаковский район (консолидированный) | B52: =F52+J52+N52+R52 -> 2473343.3 | C52: =G52+K52+O52+S52 -> 3229472.8 | D52: =H52+L52+P52+T52 -> 3221091.3 | E52: =D52/C52*100 -> 99.740466 | F52: =SUM(F53:F56) -> 0 | G52: =SUM(G53:G56) -> 2674.4 | H52: =SUM(H53:H56) -> 2674.4 | I52: =H52/G52*100 -> 100 | J52: =SUM(J53:J56) -> 486466.75 | K52: =SUM(K53:K56) -> 932117.5 | L52: =SUM(L53:L56) -> 930471.85 | M52: =L52/K52*100 -> 99.82345 | N52: =SUM(N53:N56) -> 1982518.2 | O52: =SUM(O53:O56) -> 2026688 | P52: =SUM(P53:P56) -> 2021596 | Q52: =P52/O52*100 -> 99.748754 | R52: =SUM(R53:R56) -> 4358.3 | S52: =SUM(S53:S56) -> 267992.98 | T52: =SUM(T53:T56) -> 266349.01 | U52: =T52/S52*100 -> 99.386563
A53: Балаковский район (собственный) | B53: =F53+J53+N53+R53 -> 2253610.7 | C53: =G53+K53+O53+S53 -> 2593079.1 | D53: =H53+L53+P53+T53 -> 2584718.1 | E53: =D53/C53*100 -> 99.677566 | F53: =Дотации!B19 -> 0 | G53: =Дотации!C19 -> 2674.4 | H53: =Дотации!D19 -> 2674.4 | I53: =H53/G53*100 -> 100 | J53: =Субсидии!B51 -> 267453.94 | K53: =Субсидии!C51 -> 297574.83 | L53: =Субсидии!D51 -> 295929.78 | M53: =L53/K53*100 -> 99.44718 | N53: ='Субвенции '!B55 -> 1981798.5 | O53: ='Субвенции '!C55 -> 2025896.9 | P53: ='Субвенции '!D55 -> 2020824.9 | Q53: =P53/O53*100 -> 99.749645 | R53: =Иные!B27 -> 4358.3 | S53: =Иные!C27 -> 266932.98 | T53: =Иные!D27 -> 265289.01 | U53: =T53/S53*100 -> 99.384127
A54: город Балаково | B54: =F54+J54+N54+R54 -> 69230.215 | C54: =G54+K54+O54+S54 -> 467966.33 | D54: =H54+L54+P54+T54 -> 467965.73 | E54: =D54/C54*100 -> 99.999873 | J54: =Субсидии!B52 -> 69230.215 | K54: =Субсидии!C52 -> 466906.33 | L54: =Субсидии!D52 -> 466905.73 | M54: =L54/K54*100 -> 99.999873 | R54: =Иные!B28 -> 0 | S54: =Иные!C28 -> 1060 | T54: =Иные!D28 -> 1060 | U54: =T54/S54*100 -> 100
A55: Быково-Отрогское МО | B55: =F55+J55+N55+R55 -> 37016.8 | C55: =G55+K55+O55+S55 -> 39173.943 | D55: =H55+L55+P55+T55 -> 39173.943 | E55: =D55/C55*100 -> 100 | J55: =Субсидии!B54 -> 36537 | K55: =Субсидии!C54 -> 38646.443 | L55: =Субсидии!D54 -> 38646.443 | N55: ='Субвенции '!B56 -> 479.8 | O55: ='Субвенции '!C56 -> 527.5 | P55: ='Субвенции '!D56 -> 527.5 | Q55: =P55/O55*100 -> 100
A56: Натальинское МО | B56: =F56+J56+N56+R56 -> 113485.5 | C56: =G56+K56+O56+S56 -> 129253.5 | D56: =H56+L56+P56+T56 -> 129233.46 | E56: =D56/C56*100 -> 99.984499 | J56: =Субсидии!B53 -> 113245.6 | K56: =Субсидии!C53 -> 128989.9 | L56: =Субсидии!D53 -> 128989.89 | M56: =L56/K56*100 -> 99.999993 | N56: ='Субвенции '!B57 -> 239.9 | O56: ='Субвенции '!C57 -> 263.6 | P56: ='Субвенции '!D57 -> 243.57286 | Q56: =P56/O56*100 -> 92.402451 | R56: =Иные!B29 -> 0 | S56: =Иные!C29 -> 0
A57: Балашовский район (консолидированный) | B57: =F57+J57+N57+R57 -> 1418103.7 | C57: =G57+K57+O57+S57 -> 1874172.2 | D57: =H57+L57+P57+T57 -> 1746222.3 | E57: =D57/C57*100 -> 93.172991 | F57: =SUM(F58:F74) -> 159855.9 | G57: =SUM(G58:G74) -> 220611.4 | H57: =SUM(H58:H74) -> 220611.4 | I57: =H57/G57*100 -> 100 | J57: =SUM(J58:J74) -> 269759.32 | K57: =SUM(K58:K74) -> 518189.15 | L57: =SUM(L58:L74) -> 401895.31 | M57: =L57/K57*100 -> 77.557647 | N57: =SUM(N58:N74) -> 978153.4 | O57: =SUM(O58:O74) -> 1010414.8 | P57: =SUM(P58:P74) -> 998797.36 | Q57: =P57/O57*100 -> 98.85023 | R57: =SUM(R58:R74) -> 10335.1 | S57: =SUM(S58:S74) -> 124956.84 | T57: =SUM(T58:T74) -> 124918.22 | U57: =T57/S57*100 -> 99.969092
A58: Балашовский район (собственный) | B58: =F58+J58+N58+R58 -> 1328717.9 | C58: =G58+K58+O58+S58 -> 1559269.6 | D58: =H58+L58+P58+T58 -> 1543538.3 | E58: =D58/C58*100 -> 98.991113 | F58: =Дотации!B22 -> 159855.9 | G58: =Дотации!C22 -> 175611.4 | H58: =Дотации!D22 -> 175611.4 | I58: =H58/G58*100 -> 100 | J58: =Субсидии!B56 -> 182533 | K58: =Субсидии!C56 -> 250798.5 | L58: =Субсидии!D56 -> 246723.31 | M58: =L58/K58*100 -> 98.375114 | N58: ='Субвенции '!B59 -> 975993.9 | O58: ='Субвенции '!C59 -> 1008042.8 | P58: ='Субвенции '!D59 -> 996425.36 | Q58: =P58/O58*100 -> 98.847524 | R58: =Иные!B31 -> 10335.1 | S58: =Иные!C31 -> 124816.84 | T58: =Иные!D31 -> 124778.22 | U58: =T58/S58*100 -> 99.969057
A59: город Балашов | B59: =F59+J59+N59+R59 -> 14497.318 | C59: =G59+K59+O59+S59 -> 237888.2 | D59: =H59+L59+P59+T59 -> 125669.61 | E59: =D59/C59*100 -> 52.82717 | F59: =Дотации!B23 -> 0 | G59: =Дотации!C23 -> 45000 | H59: =Дотации!D23 -> 45000 | I59: =H59/G59*100 -> 100 | J59: =Субсидии!B57 -> 14497.318 | K59: =Субсидии!C57 -> 192748.2 | L59: =Субсидии!D57 -> 80529.605 | M59: =L59/K59*100 -> 41.779692 | R59: =Иные!B32 -> 0 | S59: =Иные!C32 -> 140 | T59: =Иные!D32 -> 140 | U59: =T59/S59*100 -> 100
A60: Барковское МО | B60: =F60+J60+N60+R60 -> 3672 | C60: =G60+K60+O60+S60 -> 3681.4 | D60: =H60+L60+P60+T60 -> 3681.4 | E60: =D60/C60*100 -> 100 | J60: =Субсидии!B58 -> 3576 | K60: =Субсидии!C58 -> 3576 | L60: =Субсидии!D58 -> 3576 | M60: =L60/K60*100 -> 100 | N60: ='Субвенции '!B60 -> 96 | O60: ='Субвенции '!C60 -> 105.4 | P60: ='Субвенции '!D60 -> 105.4 | Q60: =P60/O60*100 -> 100
A61: Большемеликское МО | B61: =F61+J61+N61+R61 -> 7610.9 | C61: =G61+K61+O61+S61 -> 7634.6 | D61: =H61+L61+P61+T61 -> 7634.6 | E61: =D61/C61*100 -> 100 | J61: =Субсидии!B59 -> 7371 | K61: =Субсидии!C59 -> 7371 | L61: =Субсидии!D59 -> 7371 | M61: =L61/K61*100 -> 100 | N61: ='Субвенции '!B61 -> 239.9 | O61: ='Субвенции '!C61 -> 263.6 | P61: ='Субвенции '!D61 -> 263.6 | Q61: =P61/O61*100 -> 100
A62: Лесновское МО | B62: =F62+J62+N62+R62 -> 2793 | C62: =G62+K62+O62+S62 -> 3274.85 | D62: =H62+L62+P62+T62 -> 3274.8223 | E62: =D62/C62*100 -> 99.999155 | J62: =Субсидии!B60 -> 2697 | K62: =Субсидии!C60 -> 3169.45 | L62: =Субсидии!D60 -> 3169.4223 | M62: =L62/K62*100 -> 99.999127 | N62: ='Субвенции '!B62 -> 96 | O62: ='Субвенции '!C62 -> 105.4 | P62: ='Субвенции '!D62 -> 105.4 | Q62: =P62/O62*100 -> 100
A63: Малосеменовское МО | B63: =F63+J63+N63+R63 -> 3270 | C63: =G63+K63+O63+S63 -> 3279.4 | D63: =H63+L63+P63+T63 -> 3279.4 | E63: =D63/C63*100 -> 100 | J63: =Субсидии!B61 -> 3174 | K63: =Субсидии!C61 -> 3174 | L63: =Субсидии!D61 -> 3174 | M63: =L63/K63*100 -> 100 | N63: ='Субвенции '!B63 -> 96 | O63: ='Субвенции '!C63 -> 105.4 | P63: ='Субвенции '!D63 -> 105.4 | Q63: =P63/O63*100 -> 100
A64: Новопокровское МО | B64: =F64+J64+N64+R64 -> 4041 | C64: =G64+K64+O64+S64 -> 4050.4 | D64: =H64+L64+P64+T64 -> 4050.4 | E64: =D64/C64*100 -> 100 | J64: =Субсидии!B62 -> 3945 | K64: =Субсидии!C62 -> 3945 | L64: =Субсидии!D62 -> 3945 | M64: =L64/K64*100 -> 100 | N64: ='Субвенции '!B64 -> 96 | O64: ='Субвенции '!C64 -> 105.4 | P64: ='Субвенции '!D64 -> 105.4 | Q64: =P64/O64*100 -> 100
A65: Октябрьское МО | B65: =F65+J65+N65+R65 -> 5274 | C65: =G65+K65+O65+S65 -> 5283.4 | D65: =H65+L65+P65+T65 -> 5283.4 | E65: =D65/C65*100 -> 100 | J65: =Субсидии!B63 -> 5178 | K65: =Субсидии!C63 -> 5178 | L65: =Субсидии!D63 -> 5178 | M65: =L65/K65*100 -> 100 | N65: ='Субвенции '!B65 -> 96 | O65: ='Субвенции '!C65 -> 105.4 | P65: ='Субвенции '!D65 -> 105.4 | Q65: =P65/O65*100 -> 100
A66: Пинеровское МО | B66: =F66+J66+N66+R66 -> 239.9 | C66: =G66+K66+O66+S66 -> 263.6 | D66: =H66+L66+P66+T66 -> 263.6 | E66: =D66/C66*100 -> 100 | J66: =Субсидии!B65 -> 0 | K66: =Субсидии!C65 -> 0 | L66: =Субсидии!D65 -> 0 | N66: ='Субвенции '!B67 -> 239.9 | O66: ='Субвенции '!C67 -> 263.6 | P66: ='Субвенции '!D67 -> 263.6 | Q66: =P66/O66*100 -> 100 | R66: =Иные!B34 -> 0 | S66: =Иные!C34 -> 0 | T66: =Иные!D34 -> 0 | U66: =Иные!E34 -> 0
A67: Первомайское МО | B67: =F67+J67+N67+R67 -> 3735 | C67: =G67+K67+O67+S67 -> 4441.9992 | D67: =H67+L67+P67+T67 -> 4441.9739 | E67: =D67/C67*100 -> 99.999431 | J67: =Субсидии!B64 -> 3639 | K67: =Субсидии!C64 -> 4336.5992 | L67: =Субсидии!D64 -> 4336.5739 | M67: =L67/K67*100 -> 99.999417 | N67: ='Субвенции '!B66 -> 96 | O67: ='Субвенции '!C66 -> 105.4 | P67: ='Субвенции '!D66 -> 105.4 | Q67: =P67/O67*100 -> 100
A68: Репинское МО | B68: =F68+J68+N68+R68 -> 10607.9 | C68: =G68+K68+O68+S68 -> 11375 | D68: =H68+L68+P68+T68 -> 11375 | E68: =D68/C68*100 -> 100 | J68: =Субсидии!B66 -> 10368 | K68: =Субсидии!C66 -> 11111.4 | L68: =Субсидии!D66 -> 11111.4 | M68: =L68/K68*100 -> 100 | N68: ='Субвенции '!B68 -> 239.9 | O68: ='Субвенции '!C68 -> 263.6 | P68: ='Субвенции '!D68 -> 263.6 | Q68: =P68/O68*100 -> 100
A69: Родничковское МО | B69: =F69+J69+N69+R69 -> 5100 | C69: =G69+K69+O69+S69 -> 5109.4 | D69: =H69+L69+P69+T69 -> 5109.4 | E69: =D69/C69*100 -> 100 | J69: =Субсидии!B67 -> 5004 | K69: =Субсидии!C67 -> 5004 | L69: =Субсидии!D67 -> 5004 | M69: =L69/K69*100 -> 100 | N69: ='Субвенции '!B69 -> 96 | O69: ='Субвенции '!C69 -> 105.4 | P69: ='Субвенции '!D69 -> 105.4 | Q69: =P69/O69*100 -> 100
A70: Соцземледельское МО | B70: =F70+J70+N70+R70 -> 3690 | C70: =G70+K70+O70+S70 -> 3699.4 | D70: =H70+L70+P70+T70 -> 3699.4 | E70: =D70/C70*100 -> 100 | J70: =Субсидии!B68 -> 3594 | K70: =Субсидии!C68 -> 3594 | L70: =Субсидии!D68 -> 3594 | M70: =L70/K70*100 -> 100 | N70: ='Субвенции '!B70 -> 96 | O70: ='Субвенции '!C70 -> 105.4 | P70: ='Субвенции '!D70 -> 105.4 | Q70: =P70/O70*100 -> 100
A71: Старохоперское МО | B71: =F71+J71+N71+R71 -> 2829 | C71: =G71+K71+O71+S71 -> 2838.4 | D71: =H71+L71+P71+T71 -> 2838.4 | E71: =D71/C71*100 -> 100 | J71: =Субсидии!B69 -> 2733 | K71: =Субсидии!C69 -> 2733 | L71: =Субсидии!D69 -> 2733 | M71: =L71/K71*100 -> 100 | N71: ='Субвенции '!B71 -> 96 | O71: ='Субвенции '!C71 -> 105.4 | P71: ='Субвенции '!D71 -> 105.4 | Q71: =P71/O71*100 -> 100
A72: Терновское МО | B72: =F72+J72+N72+R72 -> 6489 | C72: =G72+K72+O72+S72 -> 6498.4 | D72: =H72+L72+P72+T72 -> 6498.4 | E72: =D72/C72*100 -> 100 | J72: =Субсидии!B70 -> 6393 | K72: =Субсидии!C70 -> 6393 | L72: =Субсидии!D70 -> 6393 | M72: =L72/K72*100 -> 100 | N72: ='Субвенции '!B72 -> 96 | O72: ='Субвенции '!C72 -> 105.4 | P72: ='Субвенции '!D72 -> 105.4 | Q72: =P72/O72*100 -> 100
A73: Тростянское МО | B73: =F73+J73+N73+R73 -> 7532.9 | C73: =G73+K73+O73+S73 -> 7556.6 | D73: =H73+L73+P73+T73 -> 7556.6 | E73: =D73/C73*100 -> 100 | J73: =Субсидии!B71 -> 7293 | K73: =Субсидии!C71 -> 7293 | L73: =Субсидии!D71 -> 7293 | M73: =L73/K73*100 -> 100 | N73: ='Субвенции '!B73 -> 239.9 | O73: ='Субвенции '!C73 -> 263.6 | P73: ='Субвенции '!D73 -> 263.6 | Q73: =P73/O73*100 -> 100
A74: Хоперское МО | B74: =F74+J74+N74+R74 -> 8003.9 | C74: =G74+K74+O74+S74 -> 8027.6 | D74: =H74+L74+P74+T74 -> 8027.6 | E74: =D74/C74*100 -> 100 | J74: =Субсидии!B72 -> 7764 | K74: =Субсидии!C72 -> 7764 | L74: =Субсидии!D72 -> 7764 | M74: =L74/K74*100 -> 100 | N74: ='Субвенции '!B74 -> 239.9 | O74: ='Субвенции '!C74 -> 263.6 | P74: ='Субвенции '!D74 -> 263.6 | Q74: =P74/O74*100 -> 100
A75: Балтайский район (консолидированный) | B75: =F75+J75+N75+R75 -> 313447.61 | C75: =G75+K75+O75+S75 -> 384006.71 | D75: =H75+L75+P75+T75 -> 383382.11 | E75: =D75/C75*100 -> 99.837346 | F75: =SUM(F76:F80) -> 75918.9 | G75: =SUM(G76:G80) -> 81624 | H75: =SUM(H76:H80) -> 81624 | I75: =H75/G75*100 -> 100 | J75: =SUM(J76:J80) -> 68488.915 | K75: =SUM(K76:K80) -> 70239.565 | L75: =SUM(L76:L80) -> 70040.313 | M75: =L75/K75*100 -> 99.716325 | N75: =SUM(N76:N80) -> 167988.8 | O75: =SUM(O76:O80) -> 153640.9 | P75: =SUM(P76:P80) -> 153433.77 | Q75: =P75/O75*100 -> 99.865183 | R75: =SUM(R76:R80) -> 1051 | S75: =SUM(S76:S80) -> 78502.249 | T75: =SUM(T76:T80) -> 78284.035 | U75: =T75/S75*100 -> 99.722028
A76: Балтайский район (собственный) | B76: =F76+J76+N76+R76 -> 271176.81 | C76: =G76+K76+O76+S76 -> 296989.56 | D76: =H76+L76+P76+T76 -> 296453.53 | E76: =D76/C76*100 -> 99.819509 | F76: =Дотации!B24 -> 75918.9 | G76: =Дотации!C24 -> 81624 | H76: =Дотации!D24 -> 81624 | I76: =H76/G76*100 -> 100 | J76: =Субсидии!B74 -> 26889.915 | K76: =Субсидии!C74 -> 26885.415 | L76: =Субсидии!D74 -> 26686.163 | M76: =L76/K76*100 -> 99.258884 | N76: ='Субвенции '!B76 -> 167317 | O76: ='Субвенции '!C76 -> 152902.9 | P76: ='Субвенции '!D76 -> 152695.77 | Q76: =P76/O76*100 -> 99.864532 | R76: =Иные!B39 -> 1051 | S76: =Иные!C39 -> 35577.249 | T76: =Иные!D39 -> 35447.597 | U76: =T76/S76*100 -> 99.635577
A77: Балтайское МО | B77: =F77+J77+N77+R77 -> 25683.9 | C77: =G77+K77+O77+S77 -> 68632.6 | D77: =H77+L77+P77+T77 -> 68544.037 | E77: =D77/C77*100 -> 99.870961 | J77: =Субсидии!B75 -> 25444 | K77: =Субсидии!C75 -> 25444 | L77: =Субсидии!D75 -> 25444 | M77: =L77/K77*100 -> 100 | N77: ='Субвенции '!B77 -> 239.9 | O77: ='Субвенции '!C77 -> 263.6 | P77: ='Субвенции '!D77 -> 263.6 | Q77: =P77/O77*100 -> 100 | R77: =Иные!B40 -> 0 | S77: =Иные!C40 -> 42925 | T77: =Иные!D40 -> 42836.437 | U77: =T77/S77*100 -> 99.793681
A78: Барнуковское МО | B78: =F78+J78+N78+R78 -> 3750 | C78: =G78+K78+O78+S78 -> 4695.276 | D78: =H78+L78+P78+T78 -> 4695.276 | E78: =D78/C78*100 -> 100 | J78: =Субсидии!B76 -> 3654 | K78: =Субсидии!C76 -> 4589.876 | L78: =Субсидии!D76 -> 4589.876 | M78: =L78/K78*100 -> 100 | N78: ='Субвенции '!B78 -> 96 | O78: ='Субвенции '!C78 -> 105.4 | P78: ='Субвенции '!D78 -> 105.4 | Q78: =P78/O78*100 -> 100
A79: Большеозерское МО | B79: =F79+J79+N79+R79 -> 5766 | C79: =G79+K79+O79+S79 -> 6594.674 | D79: =H79+L79+P79+T79 -> 6594.674 | E79: =D79/C79*100 -> 100 | J79: =Субсидии!B77 -> 5670 | K79: =Субсидии!C77 -> 6489.274 | L79: =Субсидии!D77 -> 6489.274 | M79: =L79/K79*100 -> 100 | N79: ='Субвенции '!B79 -> 96 | O79: ='Субвенции '!C79 -> 105.4 | P79: ='Субвенции '!D79 -> 105.4 | Q79: =P79/O79*100 -> 100
A80: Царевщинское МО | B80: =F80+J80+N80+R80 -> 7070.9 | C80: =G80+K80+O80+S80 -> 7094.6 | D80: =H80+L80+P80+T80 -> 7094.6 | E80: =D80/C80*100 -> 100 | J80: =Субсидии!B78 -> 6831 | K80: =Субсидии!C78 -> 6831 | L80: =Субсидии!D78 -> 6831 | M80: =L80/K80*100 -> 100 | N80: ='Субвенции '!B80 -> 239.9 | O80: ='Субвенции '!C80 -> 263.6 | P80: ='Субвенции '!D80 -> 263.6 | Q80: =P80/O80*100 -> 100
A81: Вольский район (консолидированный) | B81: =F81+J81+N81+R81 -> 1118548.3 | C81: =G81+K81+O81+S81 -> 1589900 | D81: =H81+L81+P81+T81 -> 1465361.1 | E81: =D81/C81*100 -> 92.166872 | F81: =SUM(F82:F97) -> 79599.1 | G81: =SUM(G82:G97) -> 90606.6 | H81: =SUM(H82:H97) -> 90606.6 | I81: =H81/G81*100 -> 100 | J81: =SUM(J82:J97) -> 199628.14 | K81: =SUM(K82:K97) -> 367645.79 | L81: =SUM(L82:L97) -> 244976.52 | M81: =L81/K81*100 -> 66.633844 | N81: =SUM(N82:N97) -> 827835.7 | O81: =SUM(O82:O97) -> 854823.14 | P81: =SUM(P82:P97) -> 853167.86 | Q81: =P81/O81*100 -> 99.80636 | R81: =SUM(R82:R97) -> 11485.4 | S81: =SUM(S82:S97) -> 276824.45 | T81: =SUM(T82:T97) -> 276610.09 | U81: =T81/S81*100 -> 99.922565
A82: Вольский район (собственный) | B82: =F82+J82+N82+R82 -> 1054460.7 | C82: =G82+K82+O82+S82 -> 1231155.3 | D82: =H82+L82+P82+T82 -> 1227737 | E82: =D82/C82*100 -> 99.722355 | F82: =Дотации!B26 -> 79599.1 | G82: =Дотации!C26 -> 90606.6 | H82: =Дотации!D26 -> 90606.6 | I82: =H82/G82*100 -> 100 | J82: =Субсидии!B80 -> 137460.14 | K82: =Субсидии!C80 -> 155618.57 | L82: =Субсидии!D80 -> 154058.63 | M82: =L82/K82*100 -> 98.997585 | N82: ='Субвенции '!B82 -> 825916.1 | O82: ='Субвенции '!C82 -> 852714.74 | P82: ='Субвенции '!D82 -> 851070.83 | Q82: =P82/O82*100 -> 99.807215 | R82: =Иные!B43 -> 11485.4 | S82: =Иные!C43 -> 132215.35 | T82: =Иные!D43 -> 132000.96 | U82: =T82/S82*100 -> 99.837848
A83: город Вольск | B83: =F83+J83+N83+R83 -> 10000 | C83: =G83+K83+O83+S83 -> 299735.32 | D83: =H83+L83+P83+T83 -> 178716.02 | E83: =D83/C83*100 -> 59.624613 | J83: =Субсидии!B81 -> 10000 | K83: =Субсидии!C81 -> 155126.22 | L83: =Субсидии!D81 -> 34106.892 | M83: =L83/K83*100 -> 21.986543 | R83: =Иные!B44 -> 0 | S83: =Иные!C44 -> 144609.1 | T83: =Иные!D44 -> 144609.13 | U83: =T83/S83*100 -> 100.00002
A84: Барановское МО | B84: =F84+J84+N84+R84 -> 3183 | C84: =G84+K84+O84+S84 -> 3192.4 | D84: =H84+L84+P84+T84 -> 3192.4 | E84: =D84/C84*100 -> 100 | J84: =Субсидии!B82 -> 3087 | K84: =Субсидии!C82 -> 3087 | L84: =Субсидии!D82 -> 3087 | M84: =L84/K84*100 -> 100 | N84: ='Субвенции '!B83 -> 96 | O84: ='Субвенции '!C83 -> 105.4 | P84: ='Субвенции '!D83 -> 105.39999 | Q84: =P84/O84*100 -> 99.999991
A85: Белогорновское МО | B85: =F85+J85+N85+R85 -> 2694 | C85: =G85+K85+O85+S85 -> 2703.4 | D85: =H85+L85+P85+T85 -> 2703.4 | E85: =D85/C85*100 -> 100 | J85: =Субсидии!B83 -> 2598 | K85: =Субсидии!C83 -> 2598 | L85: =Субсидии!D83 -> 2598 | M85: =L85/K85*100 -> 100 | N85: ='Субвенции '!B84 -> 96 | O85: ='Субвенции '!C84 -> 105.4 | P85: ='Субвенции '!D84 -> 105.4 | Q85: =P85/O85*100 -> 100
A86: Верхнечернавское МО | B86: =F86+J86+N86+R86 -> 3135 | C86: =G86+K86+O86+S86 -> 3144.4 | D86: =H86+L86+P86+T86 -> 3144.4 | E86: =D86/C86*100 -> 100 | J86: =Субсидии!B84 -> 3039 | K86: =Субсидии!C84 -> 3039 | L86: =Субсидии!D84 -> 3039 | M86: =L86/K86*100 -> 100 | N86: ='Субвенции '!B85 -> 96 | O86: ='Субвенции '!C85 -> 105.4 | P86: ='Субвенции '!D85 -> 105.39999 | Q86: =P86/O86*100 -> 99.999991
A87: Колоярское МО | B87: =F87+J87+N87+R87 -> 2898 | C87: =G87+K87+O87+S87 -> 4386.4 | D87: =H87+L87+P87+T87 -> 4386.4 | E87: =D87/C87*100 -> 100 | J87: =Субсидии!B86 -> 2802 | K87: =Субсидии!C86 -> 4281 | L87: =Субсидии!D86 -> 4281 | M87: =L87/K87*100 -> 100 | N87: ='Субвенции '!B86 -> 96 | O87: ='Субвенции '!C86 -> 105.4 | P87: ='Субвенции '!D86 -> 105.4 | Q87: =P87/O87*100 -> 100
A88: Кряжимское МО | B88: =F88+J88+N88+R88 -> 2196 | C88: =G88+K88+O88+S88 -> 2205.4 | D88: =H88+L88+P88+T88 -> 2205.4 | E88: =D88/C88*100 -> 100 | J88: =Субсидии!B85 -> 2100 | K88: =Субсидии!C85 -> 2100 | L88: =Субсидии!D85 -> 2100 | M88: =L88/K88*100 -> 100 | N88: ='Субвенции '!B87 -> 96 | O88: ='Субвенции '!C87 -> 105.4 | P88: ='Субвенции '!D87 -> 105.4 | Q88: =P88/O88*100 -> 100
A89: Куриловское МО | B89: =F89+J89+N89+R89 -> 4251 | C89: =G89+K89+O89+S89 -> 4260.4 | D89: =H89+L89+P89+T89 -> 4260.4 | E89: =D89/C89*100 -> 100 | J89: =Субсидии!B87 -> 4155 | K89: =Субсидии!C87 -> 4155 | L89: =Субсидии!D87 -> 4155 | M89: =L89/K89*100 -> 100 | N89: ='Субвенции '!B88 -> 96 | O89: ='Субвенции '!C88 -> 105.4 | P89: ='Субвенции '!D88 -> 105.39999 | Q89: =P89/O89*100 -> 99.999991
A90: Междуреченское МО | B90: =F90+J90+N90+R90 -> 3018 | C90: =G90+K90+O90+S90 -> 3257.4 | D90: =H90+L90+P90+T90 -> 3257.4 | E90: =D90/C90*100 -> 100 | J90: =Субсидии!B88 -> 2922 | K90: =Субсидии!C88 -> 3152 | L90: =Субсидии!D88 -> 3152 | M90: =L90/K90*100 -> 100 | N90: ='Субвенции '!B89 -> 96 | O90: ='Субвенции '!C89 -> 105.4 | P90: ='Субвенции '!D89 -> 105.39999 | Q90: =P90/O90*100 -> 99.999991
A91: Нижнечернавское МО | B91: =F91+J91+N91+R91 -> 2847 | C91: =G91+K91+O91+S91 -> 2856.4 | D91: =H91+L91+P91+T91 -> 2856.4 | E91: =D91/C91*100 -> 100 | J91: =Субсидии!B89 -> 2751 | K91: =Субсидии!C89 -> 2751 | L91: =Субсидии!D89 -> 2751 | M91: =L91/K91*100 -> 100 | N91: ='Субвенции '!B90 -> 96 | O91: ='Субвенции '!C90 -> 105.4 | P91: ='Субвенции '!D90 -> 105.4 | Q91: =P91/O91*100 -> 100
A92: Покровское МО | B92: =F92+J92+N92+R92 -> 2782 | C92: =G92+K92+O92+S92 -> 4357.4 | D92: =H92+L92+P92+T92 -> 4267.4 | E92: =D92/C92*100 -> 97.934548 | J92: =Субсидии!B90 -> 2686 | K92: =Субсидии!C90 -> 4252 | L92: =Субсидии!D90 -> 4162 | M92: =L92/K92*100 -> 97.883349 | N92: ='Субвенции '!B91 -> 96 | O92: ='Субвенции '!C91 -> 105.4 | P92: ='Субвенции '!D91 -> 105.4 | Q92: =P92/O92*100 -> 100
A93: Сенное МО | B93: =F93+J93+N93+R93 -> 1646.9 | C93: =G93+K93+O93+S93 -> 3128.6 | D93: =H93+L93+P93+T93 -> 3117.2292 | E93: =D93/C93*100 -> 99.636554 | J93: =Субсидии!B91 -> 1407 | K93: =Субсидии!C91 -> 2865 | L93: =Субсидии!D91 -> 2865 | M93: =L93/K93*100 -> 100 | N93: ='Субвенции '!B92 -> 239.9 | O93: ='Субвенции '!C92 -> 263.6 | P93: ='Субвенции '!D92 -> 252.22924 | Q93: =P93/O93*100 -> 95.686358 | R93: =Иные!B45 -> 0 | S93: =Иные!C45 -> 0 | T93: =Иные!D45 -> 0 | U93: =Иные!E45 -> 0
A94: Талалихинское МО | B94: =F94+J94+N94+R94 -> 9372 | C94: =G94+K94+O94+S94 -> 9381.4 | D94: =H94+L94+P94+T94 -> 9381.4 | E94: =D94/C94*100 -> 100 | J94: =Субсидии!B92 -> 9276 | K94: =Субсидии!C92 -> 9276 | L94: =Субсидии!D92 -> 9276 | M94: =L94/K94*100 -> 100 | N94: ='Субвенции '!B93 -> 96 | O94: ='Субвенции '!C93 -> 105.4 | P94: ='Субвенции '!D93 -> 105.4 | Q94: =P94/O94*100 -> 100
A95: Терсинское МО | B95: =F95+J95+N95+R95 -> 10679.9 | C95: =G95+K95+O95+S95 -> 10703.6 | D95: =H95+L95+P95+T95 -> 10703.6 | E95: =D95/C95*100 -> 100 | J95: =Субсидии!B93 -> 10440 | K95: =Субсидии!C93 -> 10440 | L95: =Субсидии!D93 -> 10440 | M95: =L95/K95*100 -> 100 | N95: ='Субвенции '!B94 -> 239.9 | O95: ='Субвенции '!C94 -> 263.6 | P95: ='Субвенции '!D94 -> 263.59999 | Q95: =P95/O95*100 -> 99.999996
A96: Черкасское МО | B96: =F96+J96+N96+R96 -> 5144.9 | C96: =G96+K96+O96+S96 -> 5168.6 | D96: =H96+L96+P96+T96 -> 5168.6 | E96: =D96/C96*100 -> 100 | J96: =Субсидии!B94 -> 4905 | K96: =Субсидии!C94 -> 4905 | L96: =Субсидии!D94 -> 4905 | M96: =L96/K96*100 -> 100 | N96: ='Субвенции '!B95 -> 239.9 | O96: ='Субвенции '!C95 -> 263.6 | P96: ='Субвенции '!D95 -> 263.59998 | Q96: =P96/O96*100 -> 99.999992
A97: Широкобуеракское МО | B97: =F97+J97+N97+R97 -> 239.9 | C97: =G97+K97+O97+S97 -> 263.6 | D97: =H97+L97+P97+T97 -> 263.59999 | E97: =D97/C97*100 -> 99.999996 | J97: =Субсидии!B95 -> 0 | K97: =Субсидии!C95 -> 0 | L97: =Субсидии!D95 -> 0 | N97: ='Субвенции '!B96 -> 239.9 | O97: ='Субвенции '!C96 -> 263.6 | P97: ='Субвенции '!D96 -> 263.59999 | Q97: =P97/O97*100 -> 99.999996
A98: Воскресенский район (консолидированный) | B98: =F98+J98+N98+R98 -> 268352.34 | C98: =G98+K98+O98+S98 -> 384869.23 | D98: =H98+L98+P98+T98 -> 384110.79 | E98: =D98/C98*100 -> 99.802934 | F98: =SUM(F99:F102) -> 49856.9 | G98: =SUM(G99:G102) -> 60077.5 | H98: =SUM(H99:H102) -> 60077.5 | I98: =H98/G98*100 -> 100 | J98: =SUM(J99:J102) -> 62999.936 | K98: =SUM(K99:K102) -> 118848 | L98: =SUM(L99:L102) -> 118705.86 | M98: =L98/K98*100 -> 99.880402 | N98: =SUM(N99:N102) -> 154808.1 | O98: =SUM(O99:O102) -> 178165.98 | P98: =SUM(P99:P102) -> 177565.1 | Q98: =P98/O98*100 -> 99.662742 | R98: =SUM(R99:R102) -> 687.4 | S98: =SUM(S99:S102) -> 27777.749 | T98: =SUM(T99:T102) -> 27762.322 | U98: =T98/S98*100 -> 99.944463
A99: Воскресенский район (собственный) | B99: =F99+J99+N99+R99 -> 229186.64 | C99: =G99+K99+O99+S99 -> 333507.43 | D99: =H99+L99+P99+T99 -> 332902.02 | E99: =D99/C99*100 -> 99.81847 | F99: =Дотации!B28 -> 49856.9 | G99: =Дотации!C28 -> 60077.5 | H99: =Дотации!D28 -> 60077.5 | I99: =H99/G99*100 -> 100 | J99: =Субсидии!B97 -> 24553.936 | K99: =Субсидии!C97 -> 78277.001 | L99: =Субсидии!D97 -> 78134.86 | M99: =L99/K99*100 -> 99.818414 | N99: ='Субвенции '!B98 -> 154088.4 | O99: ='Субвенции '!C98 -> 177375.18 | P99: ='Субвенции '!D98 -> 176927.33 | Q99: =P99/O99*100 -> 99.747512 | R99: =Иные!B47 -> 687.4 | S99: =Иные!C47 -> 17777.749 | T99: =Иные!D47 -> 17762.322 | U99: =T99/S99*100 -> 99.913224
A100: Воскресенское МО | B100: =F100+J100+N100+R100 -> 17475.9 | C100: =G100+K100+O100+S100 -> 26499.6 | D100: =H100+L100+P100+T100 -> 26346.571 | E100: =D100/C100*100 -> 99.422523 | J100: =Субсидии!B98 -> 17236 | K100: =Субсидии!C98 -> 16236 | L100: =Субсидии!D98 -> 16236 | M100: =L100/K100*100 -> 100 | N100: ='Субвенции '!B99 -> 239.9 | O100: ='Субвенции '!C99 -> 263.6 | P100: ='Субвенции '!D99 -> 110.57094 | Q100: =P100/O100*100 -> 41.946487 | R100: =Иные!B48 -> 0 | S100: =Иные!C48 -> 10000 | T100: =Иные!D48 -> 10000 | U100: =T100/S100*100 -> 100
A101: Елшанское МО | B101: =F101+J101+N101+R101 -> 14462.9 | C101: =G101+K101+O101+S101 -> 17611.6 | D101: =H101+L101+P101+T101 -> 17611.6 | E101: =D101/C101*100 -> 100 | J101: =Субсидии!B99 -> 14223 | K101: =Субсидии!C99 -> 17348 | L101: =Субсидии!D99 -> 17348 | M101: =L101/K101*100 -> 100 | N101: ='Субвенции '!B100 -> 239.9 | O101: ='Субвенции '!C100 -> 263.6 | P101: ='Субвенции '!D100 -> 263.6 | Q101: =P101/O101*100 -> 100
...

Sheet Дотации
AB1: Продолжение таблицы
B2: Сведения о предоставлении из бюджета Саратовской области межбюджетных трансфертов местным бюджетам за 2022 год | R2: Сведения о предоставлении из бюджета Саратовской области межбюджетных трансфертов местным бюджетам за 2022 год
Q4: тыс.рублей | AC4: тыс.рублей
A5: Наименование муниципальных образований | B5: Дотации, всего | F5: в том числе | R5: в том числе
F6: бюджетам городских округов области, связанные с особым режимом безопасного функционирования закрытых административно-территориальных образований | J6: на выравнивание бюджетной обеспеченности муниципальных районов (городских округов) области | N6: бюджетам муниципальных районов и городских округов области на поддержку мер по обеспечению сбалансированности местных бюджетов | R6: бюджетам муниципальных районов и городских округов области на компенсацию дополнительных расходов на повышение оплаты труда некоторых категорий работников муниципальных учреждений в связи с увеличением минимального размера оплаты труда | V6: бюджетам городских округов и поселений области на премирование победителей Всероссийского конкурса «Лучшая муниципальная практика» | Z6: бюджетам муниципальных районов и городских округов области на частичную компенсацию расходов, связанных с выплатой заработной платы, финансовое обеспечение которой осуществляется за счет средств местных бюджетов
B7: первоначаль-ный бюджет* | C7: утвержденные бюджетные назначения 2* | D7: исполнено | E7: % исполнения | F7: первоначаль-ный бюджет* | G7: утвержденные бюджетные назначения 2* | H7: исполнено | I7: % исполнения | J7: первоначаль-ный бюджет* | K7: утвержденные бюджетные назначения 2* | L7: исполнено | M7: % исполнения | N7: первоначаль-ный бюджет* | O7: утвержденные бюджетные назначения 2* | P7: исполнено | Q7: % исполнения | R7: первоначаль-ный бюджет* | S7: утвержденные бюджетные назначения 2* | T7: исполнено | U7: % исполнения | V7: первоначаль-ный бюджет* | W7: утвержденные бюджетные назначения 2* | X7: исполнено | Y7: % исполнения | Z7: первоначаль-ный бюджет* | AA7: утвержденные бюджетные назначения 2* | AB7: исполнено | AC7: % исполнения
A8: Муниципальные районы области (консолидированный) | B8: =F8+J8+N8+R8+V8+Z8 -> 3599664.3 | C8: =G8+K8+O8+S8+W8+AA8 -> 4359052.1 | D8: =H8+L8+P8+T8+X8+AB8 -> 4359052.1 | E8: =D8/C8*100 -> 100 | J8: =J11+J13+J15+J17+J19+J21+J24+J26+J28+J30+J32+J34+J36+J38+J40+J42+J44+J46+J48+J50+J52+J54+J56+J58+J60+J62+J64+J66+J68+J70+J72+J74+J76+J78+J80+J82+J84 -> 3285837.3 | K8: =K11+K13+K15+K17+K19+K21+K24+K26+K28+K30+K32+K34+K36+K38+K40+K42+K44+K46+K48+K50+K52+K54+K56+K58+K60+K62+K64+K66+K68+K70+K72+K74+K76+K78+K80+K82+K84 -> 3348460.4 | L8: =L11+L13+L15+L17+L19+L21+L24+L26+L28+L30+L32+L34+L36+L38+L40+L42+L44+L46+L48+L50+L52+L54+L56+L58+L60+L62+L64+L66+L68+L70+L72+L74+L76+L78+L80+L82+L84 -> 3348460.4 | M8: =L8/K8*100 -> 100 | N8: =N11+N13+N15+N17+N19+N21+N24+N26+N28+N30+N32+N34+N36+N38+N40+N42+N44+N46+N48+N50+N52+N54+N56+N58+N60+N62+N64+N66+N68+N70+N72+N74+N76+N78+N80+N82+N84 -> 313827 | O8: =O11+O13+O15+O17+O19+O21+O24+O26+O28+O30+O32+O34+O36+O38+O40+O42+O44+O46+O48+O50+O52+O54+O56+O58+O60+O62+O64+O66+O68+O70+O72+O74+O76+O78+O80+O82+O84 -> 649451.3 | P8: =P11+P13+P15+P17+P19+P21+P24+P26+P28+P30+P32+P34+P36+P38+P40+P42+P44+P46+P48+P50+P52+P54+P56+P58+P60+P62+P64+P66+P68+P70+P72+P74+P76+P78+P80+P82+P84 -> 649451.3 | Q8: =P8/O8*100 -> 100 | R8: =R11+R13+R15+R17+R19+R21+R24+R26+R28+R30+R32+R34+R36+R38+R40+R42+R44+R46+R48+R50+R52+R54+R56+R58+R60+R62+R64+R66+R68+R70+R72+R74+R76+R78+R80+R82+R84 -> 0 | S8: =S11+S13+S15+S17+S19+S21+S24+S26+S28+S30+S32+S34+S36+S38+S40+S42+S44+S46+S48+S50+S52+S54+S56+S58+S60+S62+S64+S66+S68+S70+S72+S74+S76+S78+S80+S82+S84 -> 116109.3 | T8: =T11+T13+T15+T17+T19+T21+T24+T26+T28+T30+T32+T34+T36+T38+T40+T42+T44+T46+T48+T50+T52+T54+T56+T58+T60+T62+T64+T66+T68+T70+T72+T74+T76+T78+T80+T82+T84 -> 116109.3 | U8: =T8/S8*100 -> 100 | V8: =V11+V13+V15+V17+V19+V21+V24+V26+V28+V30+V32+V34+V36+V38+V40+V42+V44+V46+V48+V50+V52+V54+V56+V58+V60+V62+V64+V66+V68+V70+V72+V74+V76+V78+V80+V82+V84 -> 0 | W8: =W11+W13+W15+W17+W19+W21+W24+W26+W28+W30+W32+W34+W36+W38+W40+W42+W44+W46+W48+W50+W52+W54+W56+W58+W60+W62+W64+W66+W68+W70+W72+W74+W76+W78+W80+W82+W84 -> 47700 | X8: =X11+X13+X15+X17+X19+X21+X24+X26+X28+X30+X32+X34+X36+X38+X40+X42+X44+X46+X48+X50+X52+X54+X56+X58+X60+X62+X64+X66+X68+X70+X72+X74+X76+X78+X80+X82+X84 -> 47700 | Y8: =X8/W8*100 -> 100 | Z8: =Z11+Z13+Z15+Z17+Z19+Z21+Z24+Z26+Z28+Z30+Z32+Z34+Z36+Z38+Z40+Z42+Z44+Z46+Z48+Z50+Z52+Z54+Z56+Z58+Z60+Z62+Z64+Z66+Z68+Z70+Z72+Z74+Z76+Z78+Z80+Z82+Z84 -> 0 | AA8: =AA11+AA13+AA15+AA17+AA19+AA21+AA24+AA26+AA28+AA30+AA32+AA34+AA36+AA38+AA40+AA42+AA44+AA46+AA48+AA50+AA52+AA54+AA56+AA58+AA60+AA62+AA64+AA66+AA68+AA70+AA72+AA74+AA76+AA78+AA80+AA82+AA84 -> 197331.1 | AB8: =AB11+AB13+AB15+AB17+AB19+AB21+AB24+AB26+AB28+AB30+AB32+AB34+AB36+AB38+AB40+AB42+AB44+AB46+AB48+AB50+AB52+AB54+AB56+AB58+AB60+AB62+AB64+AB66+AB68+AB70+AB72+AB74+AB76+AB78+AB80+AB82+AB84 -> 197331.1 | AC8: =AB8/AA8*100 -> 100
A9: Муниципальные районы области (собственный): | B9: =F9+J9+N9+R9+V9+Z9 -> 3599664.3 | C9: =G9+K9+O9+S9+W9+AA9 -> 4311352.1 | D9: =H9+L9+P9+T9+X9+AB9 -> 4311352.1 | E9: =D9/C9*100 -> 100 | J9: =J12+J14+J16+J18+J20+J22+J25+J27+J29+J31+J33+J35+J37+J39+J41+J43+J45+J47+J49+J51+J53+J55+J57+J59+J61+J63+J65+J67+J69+J71+J73+J75+J77+J79+J81+J83+J85 -> 3285837.3 | K9: =K12+K14+K16+K18+K20+K22+K25+K27+K29+K31+K33+K35+K37+K39+K41+K43+K45+K47+K49+K51+K53+K55+K57+K59+K61+K63+K65+K67+K69+K71+K73+K75+K77+K79+K81+K83+K85 -> 3348460.4 | L9: =L12+L14+L16+L18+L20+L22+L25+L27+L29+L31+L33+L35+L37+L39+L41+L43+L45+L47+L49+L51+L53+L55+L57+L59+L61+L63+L65+L67+L69+L71+L73+L75+L77+L79+L81+L83+L85 -> 3348460.4 | M9: =L9/K9*100 -> 100 | N9: =N12+N14+N16+N18+N20+N22+N25+N27+N29+N31+N33+N35+N37+N39+N41+N43+N45+N47+N49+N51+N53+N55+N57+N59+N61+N63+N65+N67+N69+N71+N73+N75+N77+N79+N81+N83+N85 -> 313827 | O9: =O12+O14+O16+O18+O20+O22+O25+O27+O29+O31+O33+O35+O37+O39+O41+O43+O45+O47+O49+O51+O53+O55+O57+O59+O61+O63+O65+O67+O69+O71+O73+O75+O77+O79+O81+O83+O85 -> 649451.3 | P9: =P12+P14+P16+P18+P20+P22+P25+P27+P29+P31+P33+P35+P37+P39+P41+P43+P45+P47+P49+P51+P53+P55+P57+P59+P61+P63+P65+P67+P69+P71+P73+P75+P77+P79+P81+P83+P85 -> 649451.3 | Q9: =P9/O9*100 -> 100 | R9: =R12+R14+R16+R18+R20+R22+R25+R27+R29+R31+R33+R35+R37+R39+R41+R43+R45+R47+R49+R51+R53+R55+R57+R59+R61+R63+R65+R67+R69+R71+R73+R75+R77+R79+R81+R83+R85 -> 0 | S9: =S12+S14+S16+S18+S20+S22+S25+S27+S29+S31+S33+S35+S37+S39+S41+S43+S45+S47+S49+S51+S53+S55+S57+S59+S61+S63+S65+S67+S69+S71+S73+S75+S77+S79+S81+S83+S85 -> 116109.3 | T9: =T12+T14+T16+T18+T20+T22+T25+T27+T29+T31+T33+T35+T37+T39+T41+T43+T45+T47+T49+T51+T53+T55+T57+T59+T61+T63+T65+T67+T69+T71+T73+T75+T77+T79+T81+T83+T85 -> 116109.3 | U9: =T9/S9*100 -> 100 | V9: =V12+V14+V16+V18+V20+V22+V25+V27+V29+V31+V33+V35+V37+V39+V41+V43+V45+V47+V49+V51+V53+V55+V57+V59+V61+V63+V65+V67+V69+V71+V73+V75+V77+V79+V81+V83+V85 -> 0 | W9: =W12+W14+W16+W18+W20+W22+W25+W27+W29+W31+W33+W35+W37+W39+W41+W43+W45+W47+W49+W51+W53+W55+W57+W59+W61+W63+W65+W67+W69+W71+W73+W75+W77+W79+W81+W83+W85 -> 0 | X9: =X12+X14+X16+X18+X20+X22+X25+X27+X29+X31+X33+X35+X37+X39+X41+X43+X45+X47+X49+X51+X53+X55+X57+X59+X61+X63+X65+X67+X69+X71+X73+X75+X77+X79+X81+X83+X85 -> 0 | Z9: =Z12+Z14+Z16+Z18+Z20+Z22+Z25+Z27+Z29+Z31+Z33+Z35+Z37+Z39+Z41+Z43+Z45+Z47+Z49+Z51+Z53+Z55+Z57+Z59+Z61+Z63+Z65+Z67+Z69+Z71+Z73+Z75+Z77+Z79+Z81+Z83+Z85 -> 0 | AA9: =AA12+AA14+AA16+AA18+AA20+AA22+AA25+AA27+AA29+AA31+AA33+AA35+AA37+AA39+AA41+AA43+AA45+AA47+AA49+AA51+AA53+AA55+AA57+AA59+AA61+AA63+AA65+AA67+AA69+AA71+AA73+AA75+AA77+AA79+AA81+AA83+AA85 -> 197331.1 | AB9: =AB12+AB14+AB16+AB18+AB20+AB22+AB25+AB27+AB29+AB31+AB33+AB35+AB37+AB39+AB41+AB43+AB45+AB47+AB49+AB51+AB53+AB55+AB57+AB59+AB61+AB63+AB65+AB67+AB69+AB71+AB73+AB75+AB77+AB79+AB81+AB83+AB85 -> 197331.1 | AC9: =AB9/AA9*100 -> 100
A10: Поселения: | B10: =F10+J10+N10+R10+V10+Z10 -> 0 | C10: =G10+K10+O10+S10+W10+AA10 -> 47700 | D10: =H10+L10+P10+T10+X10+AB10 -> 47700 | E10: =D10/C10*100 -> 100 | J10: =J23+J86 -> 0 | K10: =K23+K86 -> 0 | L10: =L23+L86 -> 0 | N10: =N23+N86 -> 0 | O10: =O23+O86 -> 0 | P10: =P23+P86 -> 0 | R10: =R23+R86 -> 0 | S10: =S23+S86 -> 0 | T10: =T23+T86 -> 0 | V10: =V23+V86 -> 0 | W10: =W23+W86 -> 47700 | X10: =X23+X86 -> 47700 | Y10: =X10/W10*100 -> 100 | Z10: =Z23+Z86 -> 0 | AA10: =AA23+AA86 -> 0 | AB10: =AB23+AB86 -> 0
A11: Александрово-Гайский (консолидированный) | B11: =F11+J11+N11+R11+V11+Z11 -> 105617.3 | C11: =G11+K11+O11+S11+W11+AA11 -> 113690.3 | D11: =H11+L11+P11+T11+X11+AB11 -> 113690.3 | E11: =D11/C11*100 -> 100 | J11: =J12 -> 59796.8 | K11: =K12 -> 60994.2 | L11: =L12 -> 60994.2 | M11: =L11/K11*100 -> 100 | N11: =N12 -> 45820.5 | O11: =O12 -> 44320.2 | P11: =P12 -> 44320.2 | Q11: =P11/O11*100 -> 100 | R11: =R12 -> 0 | S11: =S12 -> 1519.1 | T11: =T12 -> 1519.1 | U11: =T11/S11*100 -> 100 | V11: =V12 -> 0 | W11: =W12 -> 0 | X11: =X12 -> 0 | Z11: =Z12 -> 0 | AA11: =AA12 -> 6856.8 | AB11: =AB12 -> 6856.8 | AC11: =AB11/AA11*100 -> 100
A12: Александрово-Гайский (собственный) | B12: =F12+J12+N12+R12+V12+Z12 -> 105617.3 | C12: =G12+K12+O12+S12+W12+AA12 -> 113690.3 | D12: =H12+L12+P12+T12+X12+AB12 -> 113690.3 | E12: =D12/C12*100 -> 100 | J12: 59796.8 | K12: 60994.2 | L12: 60994.2 | M12: =L12/K12*100 -> 100 | N12: 45820.5 | O12: 44320.2 | P12: 44320.2 | Q12: =P12/O12*100 -> 100 | S12: 1519.1 | T12: 1519.1 | U12: =T12/S12*100 -> 100 | AA12: 6856.8 | AB12: 6856.8 | AC12: =AB12/AA12*100 -> 100
A13: Аркадакский (консолидированный) | B13: =F13+J13+N13+R13+V13+Z13 -> 71347.4 | C13: =G13+K13+O13+S13+W13+AA13 -> 81168.6 | D13: =H13+L13+P13+T13+X13+AB13 -> 81168.6 | E13: =D13/C13*100 -> 100 | J13: =J14 -> 71347.4 | K13: =K14 -> 72787.3 | L13: =L14 -> 72787.3 | M13: =L13/K13*100 -> 100 | N13: =N14 -> 0 | O13: =O14 -> 0 | P13: =P14 -> 0 | R13: =R14 -> 0 | S13: =S14 -> 2075.8 | T13: =T14 -> 2075.8 | U13: =T13/S13*100 -> 100 | V13: =V14 -> 0 | W13: =W14 -> 0 | X13: =X14 -> 0 | Z13: =Z14 -> 0 | AA13: =AA14 -> 6305.5 | AB13: =AB14 -> 6305.5 | AC13: =AB13/AA13*100 -> 100
A14: Аркадакский (собственный) | B14: =F14+J14+N14+R14+V14+Z14 -> 71347.4 | C14: =G14+K14+O14+S14+W14+AA14 -> 81168.6 | D14: =H14+L14+P14+T14+X14+AB14 -> 81168.6 | E14: =D14/C14*100 -> 100 | J14: 71347.4 | K14: 72787.3 | L14: 72787.3 | M14: =L14/K14*100 -> 100 | S14: 2075.8 | T14: 2075.8 | U14: =T14/S14*100 -> 100 | AA14: 6305.5 | AB14: 6305.5 | AC14: =AB14/AA14*100 -> 100
A15: Аткарский район (консолидированный) | B15: =F15+J15+N15+R15+V15+Z15 -> 132765.7 | C15: =G15+K15+O15+S15+W15+AA15 -> 136631.7 | D15: =H15+L15+P15+T15+X15+AB15 -> 136631.7 | E15: =D15/C15*100 -> 100 | J15: =J16 -> 132765.7 | K15: =K16 -> 135087.7 | L15: =L16 -> 135087.7 | M15: =L15/K15*100 -> 100 | N15: =N16 -> 0 | O15: =O16 -> 0 | P15: =P16 -> 0 | R15: =R16 -> 0 | S15: =S16 -> 1544 | T15: =T16 -> 1544 | U15: =T15/S15*100 -> 100 | V15: =V16 -> 0 | W15: =W16 -> 0 | X15: =X16 -> 0 | Z15: =Z16 -> 0 | AA15: =AA16 -> 0 | AB15: =AB16 -> 0
A16: Аткарский район (собственный) | B16: =F16+J16+N16+R16+V16+Z16 -> 132765.7 | C16: =G16+K16+O16+S16+W16+AA16 -> 136631.7 | D16: =H16+L16+P16+T16+X16+AB16 -> 136631.7 | E16: =D16/C16*100 -> 100 | J16: 132765.7 | K16: 135087.7 | L16: 135087.7 | M16: =L16/K16*100 -> 100 | S16: 1544 | T16: 1544 | U16: =T16/S16*100 -> 100
A17: Базарно-Карабулакский (консолидированный) | B17: =F17+J17+N17+R17+V17+Z17 -> 111390.6 | C17: =G17+K17+O17+S17+W17+AA17 -> 114725 | D17: =H17+L17+P17+T17+X17+AB17 -> 114725 | E17: =D17/C17*100 -> 100 | J17: =J18 -> 111390.6 | K17: =K18 -> 113541.3 | L17: =L18 -> 113541.3 | M17: =L17/K17*100 -> 100 | N17: =N18 -> 0 | O17: =O18 -> 0 | P17: =P18 -> 0 | R17: =R18 -> 0 | S17: =S18 -> 1183.7 | T17: =T18 -> 1183.7 | U17: =T17/S17*100 -> 100 | V17: =V18 -> 0 | W17: =W18 -> 0 | X17: =X18 -> 0 | Z17: =Z18 -> 0 | AA17: =AA18 -> 0 | AB17: =AB18 -> 0
A18: Базарно-Карабулакский (собственный) | B18: =F18+J18+N18+R18+V18+Z18 -> 111390.6 | C18: =G18+K18+O18+S18+W18+AA18 -> 114725 | D18: =H18+L18+P18+T18+X18+AB18 -> 114725 | E18: =D18/C18*100 -> 100 | J18: 111390.6 | K18: 113541.3 | L18: 113541.3 | M18: =L18/K18*100 -> 100 | S18: 1183.7 | T18: 1183.7 | U18: =T18/S18*100 -> 100
A19: Балаковский (консолидированный) | B19: =F19+J19+N19+R19+V19+Z19 -> 0 | C19: =G19+K19+O19+S19+W19+AA19 -> 2674.4 | D19: =H19+L19+P19+T19+X19+AB19 -> 2674.4 | E19: =D19/C19*100 -> 100 | J19: =J20 -> 0 | K19: =K20 -> 0 | L19: =L20 -> 0 | N19: =N20 -> 0 | O19: =O20 -> 0 | P19: =P20 -> 0 | R19: =R20 -> 0 | S19: =S20 -> 2674.4 | T19: =T20 -> 2674.4 | U19: =T19/S19*100 -> 100 | V19: =V20 -> 0 | W19: =W20 -> 0 | X19: =X20 -> 0 | Z19: =Z20 -> 0 | AA19: =AA20 -> 0 | AB19: =AB20 -> 0
A20: Балаковский (собственный) | B20: =F20+J20+N20+R20+V20+Z20 -> 0 | C20: =G20+K20+O20+S20+W20+AA20 -> 2674.4 | D20: =H20+L20+P20+T20+X20+AB20 -> 2674.4 | E20: =D20/C20*100 -> 100 | S20: 2674.4 | T20: 2674.4 | U20: =T20/S20*100 -> 100
A21: Балашовский (консолидированный) | B21: =F21+J21+N21+R21+V21+Z21 -> 159855.9 | C21: =G21+K21+O21+S21+W21+AA21 -> 220611.4 | D21: =H21+L21+P21+T21+X21+AB21 -> 220611.4 | E21: =D21/C21*100 -> 100 | J21: =J22+J23 -> 159855.9 | K21: =K22+K23 -> 163746.2 | L21: =L22+L23 -> 163746.2 | M21: =L21/K21*100 -> 100 | N21: =N22+N23 -> 0 | O21: =O22+O23 -> 0 | P21: =P22+P23 -> 0 | R21: =R22+R23 -> 0 | S21: =S22+S23 -> 11865.2 | T21: =T22+T23 -> 11865.2 | U21: =T21/S21*100 -> 100 | V21: =V22+V23 -> 0 | W21: =W22+W23 -> 45000 | X21: =X22+X23 -> 45000 | Y21: =X21/W21*100 -> 100 | Z21: =Z22+Z23 -> 0 | AA21: =AA22+AA23 -> 0 | AB21: =AB22+AB23 -> 0
A22: Балашовский (собственный) | B22: =F22+J22+N22+R22+V22+Z22 -> 159855.9 | C22: =G22+K22+O22+S22+W22+AA22 -> 175611.4 | D22: =H22+L22+P22+T22+X22+AB22 -> 175611.4 | E22: =D22/C22*100 -> 100 | J22: 159855.9 | K22: 163746.2 | L22: 163746.2 | M22: =L22/K22*100 -> 100 | S22: 11865.2 | T22: 11865.2 | U22: =T22/S22*100 -> 100
A23: город Балашов | B23: =F23+J23+N23+R23+V23+Z23 -> 0 | C23: =G23+K23+O23+S23+W23+AA23 -> 45000 | D23: =H23+L23+P23+T23+X23+AB23 -> 45000 | E23: =D23/C23*100 -> 100 | W23: 45000 | X23: 45000 | Y23: =X23/W23*100 -> 100
A24: Балтайский (консолидированный) | B24: =F24+J24+N24+R24+V24+Z24 -> 75918.9 | C24: =G24+K24+O24+S24+W24+AA24 -> 81624 | D24: =H24+L24+P24+T24+X24+AB24 -> 81624 | E24: =D24/C24*100 -> 100 | J24: =J25 -> 37590.8 | K24: =K25 -> 37590.8 | L24: =L25 -> 37590.8 | M24: =L24/K24*100 -> 100 | N24: =N25 -> 38328.1 | O24: =O25 -> 38143.7 | P24: =P25 -> 38143.7 | Q24: =P24/O24*100 -> 100 | R24: =R25 -> 0 | S24: =S25 -> 1029.3 | T24: =T25 -> 1029.3 | U24: =T24/S24*100 -> 100 | V24: =V25 -> 0 | W24: =W25 -> 0 | X24: =X25 -> 0 | Z24: =Z25 -> 0 | AA24: =AA25 -> 4860.2 | AB24: =AB25 -> 4860.2 | AC24: =AB24/AA24*100 -> 100
A25: Балтайский (собственный) | B25: =F25+J25+N25+R25+V25+Z25 -> 75918.9 | C25: =G25+K25+O25+S25+W25+AA25 -> 81624 | D25: =H25+L25+P25+T25+X25+AB25 -> 81624 | E25: =D25/C25*100 -> 100 | J25: 37590.8 | K25: 37590.8 | L25: 37590.8 | M25: =L25/K25*100 -> 100 | N25: 38328.1 | O25: 38143.7 | P25: 38143.7 | Q25: =P25/O25*100 -> 100 | S25: 1029.3 | T25: 1029.3 | U25: =T25/S25*100 -> 100 | AA25: 4860.2 | AB25: 4860.2 | AC25: =AB25/AA25*100 -> 100
A26: Вольский (консолидированный) | B26: =F26+J26+N26+R26+V26+Z26 -> 79599.1 | C26: =G26+K26+O26+S26+W26+AA26 -> 90606.6 | D26: =H26+L26+P26+T26+X26+AB26 -> 90606.6 | E26: =D26/C26*100 -> 100 | J26: =J27 -> 79599.1 | K26: =K27 -> 82403.6 | L26: =L27 -> 82403.6 | M26: =L26/K26*100 -> 100 | N26: =N27 -> 0 | O26: =O27 -> 0 | P26: =P27 -> 0 | R26: =R27 -> 0 | S26: =S27 -> 8203 | T26: =T27 -> 8203 | U26: =T26/S26*100 -> 100 | V26: =V27 -> 0 | W26: =W27 -> 0 | X26: =X27 -> 0 | Z26: =Z27 -> 0 | AA26: =AA27 -> 0 | AB26: =AB27 -> 0
A27: Вольский (собственный) | B27: =F27+J27+N27+R27+V27+Z27 -> 79599.1 | C27: =G27+K27+O27+S27+W27+AA27 -> 90606.6 | D27: =H27+L27+P27+T27+X27+AB27 -> 90606.6 | E27: =D27/C27*100 -> 100 | J27: 79599.1 | K27: 82403.6 | L27: 82403.6 | M27: =L27/K27*100 -> 100 | S27: 8203 | T27: 8203 | U27: =T27/S27*100 -> 100
A28: Воскресенский (консолидированный) | B28: =F28+J28+N28+R28+V28+Z28 -> 49856.9 | C28: =G28+K28+O28+S28+W28+AA28 -> 60077.5 | D28: =H28+L28+P28+T28+X28+AB28 -> 60077.5 | E28: =D28/C28*100 -> 100 | J28: =J29 -> 40132.8 | K28: =K29 -> 41229.2 | L28: =L29 -> 41229.2 | M28: =L28/K28*100 -> 100 | N28: =N29 -> 9724.1 | O28: =O29 -> 14421.2 | P28: =P29 -> 14421.2 | Q28: =P28/O28*100 -> 100 | R28: =R29 -> 0 | S28: =S29 -> 325.9 | T28: =T29 -> 325.9 | U28: =T28/S28*100 -> 100 | V28: =V29 -> 0 | W28: =W29 -> 0 | X28: =X29 -> 0 | Z28: =Z29 -> 0 | AA28: =AA29 -> 4101.2 | AB28: =AB29 -> 4101.2 | AC28: =AB28/AA28*100 -> 100
A29: Воскресенский (собственный) | B29: =F29+J29+N29+R29+V29+Z29 -> 49856.9 | C29: =G29+K29+O29+S29+W29+AA29 -> 60077.5 | D29: =H29+L29+P29+T29+X29+AB29 -> 60077.5 | E29: =D29/C29*100 -> 100 | J29: 40132.8 | K29: 41229.2 | L29: 41229.2 | M29: =L29/K29*100 -> 100 | N29: 9724.1 | O29: 14421.2 | P29: 14421.2 | Q29: =P29/O29*100 -> 100 | S29: 325.9 | T29: 325.9 | U29: =T29/S29*100 -> 100 | AA29: 4101.2 | AB29: 4101.2 | AC29: =AB29/AA29*100 -> 100
A30: Дергачевский (консолидированный) | B30: =F30+J30+N30+R30+V30+Z30 -> 114287.5 | C30: =G30+K30+O30+S30+W30+AA30 -> 124008.9 | D30: =H30+L30+P30+T30+X30+AB30 -> 124008.9 | E30: =D30/C30*100 -> 100 | J30: =J31 -> 114287.5 | K30: =K31 -> 115998.8 | L30: =L31 -> 115998.8 | M30: =L30/K30*100 -> 100 | N30: =N31 -> 0 | O30: =O31 -> 0 | P30: =P31 -> 0 | R30: =R31 -> 0 | S30: =S31 -> 1869.9 | T30: =T31 -> 1869.9 | U30: =T30/S30*100 -> 100 | V30: =V31 -> 0 | W30: =W31 -> 0 | X30: =X31 -> 0 | Z30: =Z31 -> 0 | AA30: =AA31 -> 6140.2 | AB30: =AB31 -> 6140.2 | AC30: =AB30/AA30*100 -> 100
A31: Дергачевский (собственный) | B31: =F31+J31+N31+R31+V31+Z31 -> 114287.5 | C31: =G31+K31+O31+S31+W31+AA31 -> 124008.9 | D31: =H31+L31+P31+T31+X31+AB31 -> 124008.9 | E31: =D31/C31*100 -> 100 | J31: 114287.5 | K31: 115998.8 | L31: 115998.8 | M31: =L31/K31*100 -> 100 | S31: 1869.9 | T31: 1869.9 | U31: =T31/S31*100 -> 100 | AA31: 6140.2 | AB31: 6140.2 | AC31: =AB31/AA31*100 -> 100
A32: Духовницкий (консолидированный) | B32: =F32+J32+N32+R32+V32+Z32 -> 20411.3 | C32: =G32+K32+O32+S32+W32+AA32 -> 52825.8 | D32: =H32+L32+P32+T32+X32+AB32 -> 52825.8 | E32: =D32/C32*100 -> 100 | J32: =J33 -> 20411.3 | K32: =K33 -> 20411.3 | L32: =L33 -> 20411.3 | M32: =L32/K32*100 -> 100 | N32: =N33 -> 0 | O32: =O33 -> 25852.5 | P32: =P33 -> 25852.5 | Q32: =P32/O32*100 -> 100 | R32: =R33 -> 0 | S32: =S33 -> 2146.8 | T32: =T33 -> 2146.8 | U32: =T32/S32*100 -> 100 | V32: =V33 -> 0 | W32: =W33 -> 0 | X32: =X33 -> 0 | Z32: =Z33 -> 0 | AA32: =AA33 -> 4415.2 | AB32: =AB33 -> 4415.2 | AC32: =AB32/AA32*100 -> 100
A33: Духовницкий (собственный) | B33: =F33+J33+N33+R33+V33+Z33 -> 20411.3 | C33: =G33+K33+O33+S33+W33+AA33 -> 52825.8 | D33: =H33+L33+P33+T33+X33+AB33 -> 52825.8 | E33: =D33/C33*100 -> 100 | J33: 20411.3 | K33: 20411.3 | L33: 20411.3 | M33: =L33/K33*100 -> 100 | O33: 25852.5 | P33: 25852.5 | Q33: =P33/O33*100 -> 100 | S33: 2146.8 | T33: 2146.8 | U33: =T33/S33*100 -> 100 | AA33: 4415.2 | AB33: 4415.2 | AC33: =AB33/AA33*100 -> 100
A34: Екатериновский (консолидированный) | B34: =F34+J34+N34+R34+V34+Z34 -> 51742 | C34: =G34+K34+O34+S34+W34+AA34 -> 58995.1 | D34: =H34+L34+P34+T34+X34+AB34 -> 58995.1 | E34: =D34/C34*100 -> 100 | J34: =J35 -> 22551.7 | K34: =K35 -> 22551.7 | L34: =L35 -> 22551.7 | M34: =L34/K34*100 -> 100 | N34: =N35 -> 29190.3 | O34: =O35 -> 28783 | P34: =P35 -> 28783 | Q34: =P34/O34*100 -> 100 | R34: =R35 -> 0 | S34: =S35 -> 1080.8 | T34: =T35 -> 1080.8 | U34: =T34/S34*100 -> 100 | V34: =V35 -> 0 | W34: =W35 -> 0 | X34: =X35 -> 0 | Z34: =Z35 -> 0 | AA34: =AA35 -> 6579.6 | AB34: =AB35 -> 6579.6 | AC34: =AB34/AA34*100 -> 100
A35: Екатериновский (собственный) | B35: =F35+J35+N35+R35+V35+Z35 -> 51742 | C35: =G35+K35+O35+S35+W35+AA35 -> 58995.1 | D35: =H35+L35+P35+T35+X35+AB35 -> 58995.1 | E35: =D35/C35*100 -> 100 | J35: 22551.7 | K35: 22551.7 | L35: 22551.7 | M35: =L35/K35*100 -> 100 | N35: 29190.3 | O35: 28783 | P35: 28783 | Q35: =P35/O35*100 -> 100 | S35: 1080.8 | T35: 1080.8 | U35: =T35/S35*100 -> 100 | AA35: 6579.6 | AB35: 6579.6 | AC35: =AB35/AA35*100 -> 100
A36: Ершовский (консолидированный) | B36: =F36+J36+N36+R36+V36+Z36 -> 113232 | C36: =G36+K36+O36+S36+W36+AA36 -> 134812.4 | D36: =H36+L36+P36+T36+X36+AB36 -> 134812.4 | E36: =D36/C36*100 -> 100 | J36: =J37 -> 84512.1 | K36: =K37 -> 86716.6 | L36: =L37 -> 86716.6 | M36: =L36/K36*100 -> 100 | N36: =N37 -> 28719.9 | O36: =O37 -> 35629.2 | P36: =P37 -> 35629.2 | Q36: =P36/O36*100 -> 100 | R36: =R37 -> 0 | S36: =S37 -> 2710.5 | T36: =T37 -> 2710.5 | U36: =T36/S36*100 -> 100 | V36: =V37 -> 0 | W36: =W37 -> 0 | X36: =X37 -> 0 | Z36: =Z37 -> 0 | AA36: =AA37 -> 9756.1 | AB36: =AB37 -> 9756.1 | AC36: =AB36/AA36*100 -> 100
A37: Ершовский (собственный) | B37: =F37+J37+N37+R37+V37+Z37 -> 113232 | C37: =G37+K37+O37+S37+W37+AA37 -> 134812.4 | D37: =H37+L37+P37+T37+X37+AB37 -> 134812.4 | E37: =D37/C37*100 -> 100 | J37: 84512.1 | K37: 86716.6 | L37: 86716.6 | M37: =L37/K37*100 -> 100 | N37: 28719.9 | O37: 35629.2 | P37: 35629.2 | Q37: =P37/O37*100 -> 100 | S37: 2710.5 | T37: 2710.5 | U37: =T37/S37*100 -> 100 | AA37: 9756.1 | AB37: 9756.1 | AC37: =AB37/AA37*100 -> 100
A38: Ивантеевский (консолидированный) | B38: =F38+J38+N38+R38+V38+Z38 -> 84254.3 | C38: =G38+K38+O38+S38+W38+AA38 -> 98006.3 | D38: =H38+L38+P38+T38+X38+AB38 -> 98006.3 | E38: =D38/C38*100 -> 100 | J38: =J39 -> 10844.7 | K38: =K39 -> 10844.7 | L38: =L39 -> 10844.7 | M38: =L38/K38*100 -> 100 | N38: =N39 -> 73409.6 | O38: =O39 -> 79187.3 | P38: =P39 -> 79187.3 | Q38: =P38/O38*100 -> 100 | R38: =R39 -> 0 | S38: =S39 -> 2086.9 | T38: =T39 -> 2086.9 | U38: =T38/S38*100 -> 100 | V38: =V39 -> 0 | W38: =W39 -> 0 | X38: =X39 -> 0 | Z38: =Z39 -> 0 | AA38: =AA39 -> 5887.4 | AB38: =AB39 -> 5887.4 | AC38: =AB38/AA38*100 -> 100
A39: Ивантеевский (собственный) | B39: =F39+J39+N39+R39+V39+Z39 -> 84254.3 | C39: =G39+K39+O39+S39+W39+AA39 -> 98006.3 | D39: =H39+L39+P39+T39+X39+AB39 -> 98006.3 | E39: =D39/C39*100 -> 100 | J39: 10844.7 | K39: 10844.7 | L39: 10844.7 | M39: =L39/K39*100 -> 100 | N39: 73409.6 | O39: 79187.3 | P39: 79187.3 | Q39: =P39/O39*100 -> 100 | S39: 2086.9 | T39: 2086.9 | U39: =T39/S39*100 -> 100 | AA39: 5887.4 | AB39: 5887.4 | AC39: =AB39/AA39*100 -> 100
A40: Калининский (консолидированный) | B40: =F40+J40+N40+R40+V40+Z40 -> 53831.9 | C40: =G40+K40+O40+S40+W40+AA40 -> 64988 | D40: =H40+L40+P40+T40+X40+AB40 -> 64988 | E40: =D40/C40*100 -> 100 | J40: =J41 -> 53831.9 | K40: =K41 -> 53831.9 | L40: =L41 -> 53831.9 | M40: =L40/K40*100 -> 100 | S40: =S41 -> 2007.2 | T40: =T41 -> 2007.2 | U40: =T40/S40*100 -> 100 | AA40: =AA41 -> 9148.9 | AB40: =AB41 -> 9148.9 | AC40: =AB40/AA40*100 -> 100
A41: Калининский (собственный) | B41: =F41+J41+N41+R41+V41+Z41 -> 53831.9 | C41: =G41+K41+O41+S41+W41+AA41 -> 64988 | D41: =H41+L41+P41+T41+X41+AB41 -> 64988 | E41: =D41/C41*100 -> 100 | J41: 53831.9 | K41: 53831.9 | L41: 53831.9 | M41: =L41/K41*100 -> 100 | S41: 2007.2 | T41: 2007.2 | U41: =T41/S41*100 -> 100 | AA41: 9148.9 | AB41: 9148.9 | AC41: =AB41/AA41*100 -> 100
A42: Красноармейский (консолидированный) | B42: =F42+J42+N42+R42+V42+Z42 -> 164819.3 | C42: =G42+K42+O42+S42+W42+AA42 -> 201933.4 | D42: =H42+L42+P42+T42+X42+AB42 -> 201933.4 | E42: =D42/C42*100 -> 100 | J42: =J43 -> 164819.3 | K42: =K43 -> 167138.1 | L42: =L43 -> 167138.1 | M42: =L42/K42*100 -> 100 | N42: =N43 -> 0 | O42: =O43 -> 20667 | P42: =P43 -> 20667 | Q42: =P42/O42*100 -> 100 | R42: =R43 -> 0 | S42: =S43 -> 3878.8 | T42: =T43 -> 3878.8 | U42: =T42/S42*100 -> 100 | V42: =V43 -> 0 | W42: =W43 -> 0 | X42: =X43 -> 0 | Z42: =Z43 -> 0 | AA42: =AA43 -> 10249.5 | AB42: =AB43 -> 10249.5 | AC42: =AB42/AA42*100 -> 100
A43: Красноармейский (собственный) | B43: =F43+J43+N43+R43+V43+Z43 -> 164819.3 | C43: =G43+K43+O43+S43+W43+AA43 -> 201933.4 | D43: =H43+L43+P43+T43+X43+AB43 -> 201933.4 | E43: =D43/C43*100 -> 100 | J43: 164819.3 | K43: 167138.1 | L43: 167138.1 | M43: =L43/K43*100 -> 100 | O43: 20667 | P43: 20667 | Q43: =P43/O43*100 -> 100 | S43: 3878.8 | T43: 3878.8 | U43: =T43/S43*100 -> 100 | AA43: 10249.5 | AB43: 10249.5 | AC43: =AB43/AA43*100 -> 100
A44: Краснокутский (консолидированный) | B44: =F44+J44+N44+R44+V44+Z44 -> 105922.9 | C44: =G44+K44+O44+S44+W44+AA44 -> 115990.3 | D44: =H44+L44+P44+T44+X44+AB44 -> 115990.3 | E44: =D44/C44*100 -> 100 | J44: =J45 -> 102687.8 | K44: =K45 -> 105062.4 | L44: =L45 -> 105062.4 | M44: =L44/K44*100 -> 100 | N44: =N45 -> 3235.1 | O44: =O45 -> 342.4 | P44: =P45 -> 342.4 | Q44: =P44/O44*100 -> 100 | R44: =R45 -> 0 | S44: =S45 -> 2904.4 | T44: =T45 -> 2904.4 | U44: =T44/S44*100 -> 100 | V44: =V45 -> 0 | W44: =W45 -> 0 | X44: =X45 -> 0 | Z44: =Z45 -> 0 | AA44: =AA45 -> 7681.1 | AB44: =AB45 -> 7681.1 | AC44: =AB44/AA44*100 -> 100
A45: Краснокутский (собственный) | B45: =F45+J45+N45+R45+V45+Z45 -> 105922.9 | C45: =G45+K45+O45+S45+W45+AA45 -> 115990.3 | D45: =H45+L45+P45+T45+X45+AB45 -> 115990.3 | E45: =D45/C45*100 -> 100 | J45: 102687.8 | K45: 105062.4 | L45: 105062.4 | M45: =L45/K45*100 -> 100 | N45: 3235.1 | O45: 342.4 | P45: 342.4 | Q45: =P45/O45*100 -> 100 | S45: 2904.4 | T45: 2904.4 | U45: =T45/S45*100 -> 100 | AA45: 7681.1 | AB45: 7681.1 | AC45: =AB45/AA45*100 -> 100
A46: Краснопартизанский (консолидированный) | B46: =F46+J46+N46+R46+V46+Z46 -> 62532.4 | C46: =G46+K46+O46+S46+W46+AA46 -> 78845.5 | D46: =H46+L46+P46+T46+X46+AB46 -> 78845.5 | E46: =D46/C46*100 -> 100 | J46: =J47 -> 62532.4 | K46: =K47 -> 63771.6 | L46: =L47 -> 63771.6 | M46: =L46/K46*100 -> 100 | N46: =N47 -> 0 | O46: =O47 -> 8993 | P46: =P47 -> 8993 | Q46: =P46/O46*100 -> 100 | R46: =R47 -> 0 | S46: =S47 -> 1522.7 | T46: =T47 -> 1522.7 | U46: =T46/S46*100 -> 100 | V46: =V47 -> 0 | W46: =W47 -> 0 | X46: =X47 -> 0 | Z46: =Z47 -> 0 | AA46: =AA47 -> 4558.2 | AB46: =AB47 -> 4558.2 | AC46: =AB46/AA46*100 -> 100
A47: Краснопартизанский (собственный) | B47: =F47+J47+N47+R47+V47+Z47 -> 62532.4 | C47: =G47+K47+O47+S47+W47+AA47 -> 78845.5 | D47: =H47+L47+P47+T47+X47+AB47 -> 78845.5 | E47: =D47/C47*100 -> 100 | J47: 62532.4 | K47: 63771.6 | L47: 63771.6 | M47: =L47/K47*100 -> 100 | O47: 8993 | P47: 8993 | Q47: =P47/O47*100 -> 100 | S47: 1522.7 | T47: 1522.7 | U47: =T47/S47*100 -> 100 | AA47: 4558.2 | AB47: 4558.2 | AC47: =AB47/AA47*100 -> 100
A48: Лысогорский (консолидированный) | B48: =F48+J48+N48+R48+V48+Z48 -> 83523.4 | C48: =G48+K48+O48+S48+W48+AA48 -> 91906.3 | D48: =H48+L48+P48+T48+X48+AB48 -> 91906.3 | E48: =D48/C48*100 -> 100 | J48: =J49 -> 83523.4 | K48: =K49 -> 85093.1 | L48: =L49 -> 85093.1 | M48: =L48/K48*100 -> 100 | N48: =N49 -> 0 | O48: =O49 -> 0 | P48: =P49 -> 0 | R48: =R49 -> 0 | S48: =S49 -> 1329.5 | T48: =T49 -> 1329.5 | U48: =T48/S48*100 -> 100 | V48: =V49 -> 0 | W48: =W49 -> 0 | X48: =X49 -> 0 | Z48: =Z49 -> 0 | AA48: =AA49 -> 5483.7 | AB48: =AB49 -> 5483.7 | AC48: =AB48/AA48*100 -> 100
A49: Лысогорский (собственный) | B49: =F49+J49+N49+R49+V49+Z49 -> 83523.4 | C49: =G49+K49+O49+S49+W49+AA49 -> 91906.3 | D49: =H49+L49+P49+T49+X49+AB49 -> 91906.3 | E49: =D49/C49*100 -> 100 | J49: 83523.4 | K49: 85093.1 | L49: 85093.1 | M49: =L49/K49*100 -> 100 | S49: 1329.5 | T49: 1329.5 | U49: =T49/S49*100 -> 100 | AA49: 5483.7 | AB49: 5483.7 | AC49: =AB49/AA49*100 -> 100
A50: Марксовский (консолидированный) | B50: =F50+J50+N50+R50+V50+Z50 -> 190429.8 | C50: =G50+K50+O50+S50+W50+AA50 -> 219246.3 | D50: =H50+L50+P50+T50+X50+AB50 -> 219246.3 | E50: =D50/C50*100 -> 100 | J50: =J51 -> 190429.8 | K50: =K51 -> 193227 | L50: =L51 -> 193227 | M50: =L50/K50*100 -> 100 | N50: =N51 -> 0 | O50: =O51 -> 23000 | P50: =P51 -> 23000 | Q50: =P50/O50*100 -> 100 | R50: =R51 -> 0 | S50: =S51 -> 3019.3 | T50: =T51 -> 3019.3 | U50: =T50/S50*100 -> 100 | V50: =V51 -> 0 | W50: =W51 -> 0 | X50: =X51 -> 0 | Z50: =Z51 -> 0 | AA50: =AA51 -> 0 | AB50: =AB51 -> 0
A51: Марксовский (собственный) | B51: =F51+J51+N51+R51+V51+Z51 -> 190429.8 | C51: =G51+K51+O51+S51+W51+AA51 -> 219246.3 | D51: =H51+L51+P51+T51+X51+AB51 -> 219246.3 | E51: =D51/C51*100 -> 100 | J51: 190429.8 | K51: 193227 | L51: 193227 | M51: =L51/K51*100 -> 100 | O51: 23000 | P51: 23000 | Q51: =P51/O51*100 -> 100 | S51: 3019.3 | T51: 3019.3 | U51: =T51/S51*100 -> 100
A52: Новобурасский (консолидированный) | B52: =F52+J52+N52+R52+V52+Z52 -> 78280.5 | C52: =G52+K52+O52+S52+W52+AA52 -> 86037.3 | D52: =H52+L52+P52+T52+X52+AB52 -> 86037.3 | E52: =D52/C52*100 -> 100 | J52: =J53 -> 76136.1 | K52: =K53 -> 77518.7 | L52: =L53 -> 77518.7 | M52: =L52/K52*100 -> 100 | N52: =N53 -> 2144.4 | O52: =O53 -> 1520.7 | P52: =P53 -> 1520.7 | Q52: =P52/O52*100 -> 100 | R52: =R53 -> 0 | S52: =S53 -> 960.7 | T52: =T53 -> 960.7 | U52: =T52/S52*100 -> 100 | V52: =V53 -> 0 | W52: =W53 -> 0 | X52: =X53 -> 0 | Z52: =Z53 -> 0 | AA52: =AA53 -> 6037.2 | AB52: =AB53 -> 6037.2 | AC52: =AB52/AA52*100 -> 100
A53: Новобурасский (собственный) | B53: =F53+J53+N53+R53+V53+Z53 -> 78280.5 | C53: =G53+K53+O53+S53+W53+AA53 -> 86037.3 | D53: =H53+L53+P53+T53+X53+AB53 -> 86037.3 | E53: =D53/C53*100 -> 100 | J53: 76136.1 | K53: 77518.7 | L53: 77518.7 | M53: =L53/K53*100 -> 100 | N53: 2144.4 | O53: 1520.7 | P53: 1520.7 | Q53: =P53/O53*100 -> 100 | S53: 960.7 | T53: 960.7 | U53: =T53/S53*100 -> 100 | AA53: 6037.2 | AB53: 6037.2 | AC53: =AB53/AA53*100 -> 100
A54: Новоузенский (консолидированный) | B54: =F54+J54+N54+R54+V54+Z54 -> 180735.2 | C54: =G54+K54+O54+S54+W54+AA54 -> 205719.1 | D54: =H54+L54+P54+T54+X54+AB54 -> 205719.1 | E54: =D54/C54*100 -> 100 | J54: =J55 -> 180735.2 | K54: =K55 -> 181109.3 | L54: =L55 -> 181109.3 | M54: =L54/K54*100 -> 100 | N54: =N55 -> 0 | O54: =O55 -> 10000 | P54: =P55 -> 10000 | Q54: =P54/O54*100 -> 100 | R54: =R55 -> 0 | S54: =S55 -> 5112.6 | T54: =T55 -> 5112.6 | U54: =T54/S54*100 -> 100 | V54: =V55 -> 0 | W54: =W55 -> 0 | X54: =X55 -> 0 | Z54: =Z55 -> 0 | AA54: =AA55 -> 9497.2 | AB54: =AB55 -> 9497.2 | AC54: =AB54/AA54*100 -> 100
A55: Новоузенский (собственный) | B55: =F55+J55+N55+R55+V55+Z55 -> 180735.2 | C55: =G55+K55+O55+S55+W55+AA55 -> 205719.1 | D55: =H55+L55+P55+T55+X55+AB55 -> 205719.1 | E55: =D55/C55*100 -> 100 | J55: 180735.2 | K55: 181109.3 | L55: 181109.3 | M55: =L55/K55*100 -> 100 | O55: 10000 | P55: 10000 | Q55: =P55/O55*100 -> 100 | S55: 5112.6 | T55: 5112.6 | U55: =T55/S55*100 -> 100 | AA55: 9497.2 | AB55: 9497.2 | AC55: =AB55/AA55*100 -> 100
A56: Озинский (консолидированный) | B56: =F56+J56+N56+R56+V56+Z56 -> 123180.6 | C56: =G56+K56+O56+S56+W56+AA56 -> 124472.5 | D56: =H56+L56+P56+T56+X56+AB56 -> 124472.5 | E56: =D56/C56*100 -> 100 | J56: =J57 -> 102189.5 | K56: =K57 -> 102717.8 | L56: =L57 -> 102717.8 | M56: =L56/K56*100 -> 100 | N56: =N57 -> 20991.1 | O56: =O57 -> 19179.6 | P56: =P57 -> 19179.6 | Q56: =P56/O56*100 -> 100 | R56: =R57 -> 0 | S56: =S57 -> 2575.1 | T56: =T57 -> 2575.1 | U56: =T56/S56*100 -> 100 | V56: =V57 -> 0 | W56: =W57 -> 0 | X56: =X57 -> 0 | Z56: =Z57 -> 0 | AA56: =AA57 -> 0 | AB56: =AB57 -> 0
A57: Озинский (собственный) | B57: =F57+J57+N57+R57+V57+Z57 -> 123180.6 | C57: =G57+K57+O57+S57+W57+AA57 -> 124472.5 | D57: =H57+L57+P57+T57+X57+AB57 -> 124472.5 | E57: =D57/C57*100 -> 100 | J57: 102189.5 | K57: 102717.8 | L57: 102717.8 | M57: =L57/K57*100 -> 100 | N57: 20991.1 | O57: 19179.6 | P57: 19179.6 | Q57: =P57/O57*100 -> 100 | S57: 2575.1 | T57: 2575.1 | U57: =T57/S57*100 -> 100
A58: Перелюбский (консолидированный) | B58: =F58+J58+N58+R58+V58+Z58 -> 35251.5 | C58: =G58+K58+O58+S58+W58+AA58 -> 45383.6 | D58: =H58+L58+P58+T58+X58+AB58 -> 45383.6 | E58: =D58/C58*100 -> 100 | J58: =J59 -> 35251.5 | K58: =K59 -> 35251.5 | L58: =L59 -> 35251.5 | M58: =L58/K58*100 -> 100 | N58: =N59 -> 0 | O58: =O59 -> 3000 | P58: =P59 -> 3000 | Q58: =P58/O58*100 -> 100 | R58: =R59 -> 0 | S58: =S59 -> 1492.5 | T58: =T59 -> 1492.5 | U58: =T58/S58*100 -> 100 | V58: =V59 -> 0 | W58: =W59 -> 0 | X58: =X59 -> 0 | Z58: =Z59 -> 0 | AA58: =AA59 -> 5639.6 | AB58: =AB59 -> 5639.6 | AC58: =AB58/AA58*100 -> 100
A59: Перелюбский (собственный) | B59: =F59+J59+N59+R59+V59+Z59 -> 35251.5 | C59: =G59+K59+O59+S59+W59+AA59 -> 45383.6 | D59: =H59+L59+P59+T59+X59+AB59 -> 45383.6 | E59: =D59/C59*100 -> 100 | J59: 35251.5 | K59: 35251.5 | L59: 35251.5 | M59: =L59/K59*100 -> 100 | O59: 3000 | P59: 3000 | Q59: =P59/O59*100 -> 100 | S59: 1492.5 | T59: 1492.5 | U59: =T59/S59*100 -> 100 | AA59: 5639.6 | AB59: 5639.6 | AC59: =AB59/AA59*100 -> 100
A60: Петровский (консолидированный) | B60: =F60+J60+N60+R60+V60+Z60 -> 173021.3 | C60: =G60+K60+O60+S60+W60+AA60 -> 216306.1 | D60: =H60+L60+P60+T60+X60+AB60 -> 216306.1 | E60: =D60/C60*100 -> 100 | J60: =J61 -> 173021.3 | K60: =K61 -> 175474.6 | L60: =L61 -> 175474.6 | M60: =L60/K60*100 -> 100 | N60: =N61 -> 0 | O60: =O61 -> 37366.2 | P60: =P61 -> 37366.2 | Q60: =P60/O60*100 -> 100 | R60: =R61 -> 0 | S60: =S61 -> 3465.3 | T60: =T61 -> 3465.3 | U60: =T60/S60*100 -> 100 | V60: =V61 -> 0 | W60: =W61 -> 0 | X60: =X61 -> 0 | Z60: =Z61 -> 0 | AA60: =AA61 -> 0 | AB60: =AB61 -> 0
A61: Петровский (собственный) | B61: =F61+J61+N61+R61+V61+Z61 -> 173021.3 | C61: =G61+K61+O61+S61+W61+AA61 -> 216306.1 | D61: =H61+L61+P61+T61+X61+AB61 -> 216306.1 | E61: =D61/C61*100 -> 100 | J61: 173021.3 | K61: 175474.6 | L61: 175474.6 | M61: =L61/K61*100 -> 100 | O61: 37366.2 | P61: 37366.2 | Q61: =P61/O61*100 -> 100 | S61: 3465.3 | T61: 3465.3 | U61: =T61/S61*100 -> 100
A62: Питерский (консолидированный) | B62: =F62+J62+N62+R62+V62+Z62 -> 114704.8 | C62: =G62+K62+O62+S62+W62+AA62 -> 127079.8 | D62: =H62+L62+P62+T62+X62+AB62 -> 127079.8 | E62: =D62/C62*100 -> 100 | J62: =J63 -> 73602.8 | K62: =K63 -> 74951.8 | L62: =L63 -> 74951.8 | M62: =L62/K62*100 -> 100 | N62: =N63 -> 41102 | O62: =O63 -> 44253.8 | P62: =P63 -> 44253.8 | Q62: =P62/O62*100 -> 100 | R62: =R63 -> 0 | S62: =S63 -> 2350.3 | T62: =T63 -> 2350.3 | U62: =T62/S62*100 -> 100 | V62: =V63 -> 0 | W62: =W63 -> 0 | X62: =X63 -> 0 | Z62: =Z63 -> 0 | AA62: =AA63 -> 5523.9 | AB62: =AB63 -> 5523.9 | AC62: =AB62/AA62*100 -> 100
A63: Питерский (собственный) | B63: =F63+J63+N63+R63+V63+Z63 -> 114704.8 | C63: =G63+K63+O63+S63+W63+AA63 -> 127079.8 | D63: =H63+L63+P63+T63+X63+AB63 -> 127079.8 | E63: =D63/C63*100 -> 100 | J63: 73602.8 | K63: 74951.8 | L63: 74951.8 | M63: =L63/K63*100 -> 100 | N63: 41102 | O63: 44253.8 | P63: 44253.8 | Q63: =P63/O63*100 -> 100 | S63: 2350.3 | T63: 2350.3 | U63: =T63/S63*100 -> 100 | AA63: 5523.9 | AB63: 5523.9 | AC63: =AB63/AA63*100 -> 100
A64: Пугачевский (консолидированный) | B64: =F64+J64+N64+R64+V64+Z64 -> 172363.1 | C64: =G64+K64+O64+S64+W64+AA64 -> 199990.1 | D64: =H64+L64+P64+T64+X64+AB64 -> 199990.1 | E64: =D64/C64*100 -> 100 | J64: =J65 -> 172363.1 | K64: =K65 -> 175050.8 | L64: =L65 -> 175050.8 | M64: =L64/K64*100 -> 100 | N64: =N65 -> 0 | O64: =O65 -> 20000 | P64: =P65 -> 20000 | Q64: =P64/O64*100 -> 100 | R64: =R65 -> 0 | S64: =S65 -> 4939.3 | T64: =T65 -> 4939.3 | U64: =T64/S64*100 -> 100 | V64: =V65 -> 0 | W64: =W65 -> 0 | X64: =X65 -> 0 | Z64: =Z65 -> 0 | AA64: =AA65 -> 0 | AB64: =AB65 -> 0
A65: Пугачевский (собственный) | B65: =F65+J65+N65+R65+V65+Z65 -> 172363.1 | C65: =G65+K65+O65+S65+W65+AA65 -> 199990.1 | D65: =H65+L65+P65+T65+X65+AB65 -> 199990.1 | E65: =D65/C65*100 -> 100 | J65: 172363.1 | K65: 175050.8 | L65: 175050.8 | M65: =L65/K65*100 -> 100 | O65: 20000 | P65: 20000 | Q65: =P65/O65*100 -> 100 | S65: 4939.3 | T65: 4939.3 | U65: =T65/S65*100 -> 100
A66: Ровенский (консолидированный) | B66: =F66+J66+N66+R66+V66+Z66 -> 110264.4 | C66: =G66+K66+O66+S66+W66+AA66 -> 112804.6 | D66: =H66+L66+P66+T66+X66+AB66 -> 112804.6 | E66: =D66/C66*100 -> 100 | J66: =J67 -> 110264.4 | K66: =K67 -> 112128.8 | L66: =L67 -> 112128.8 | M66: =L66/K66*100 -> 100 | N66: =N67 -> 0 | O66: =O67 -> 0 | P66: =P67 -> 0 | R66: =R67 -> 0 | S66: =S67 -> 675.8 | T66: =T67 -> 675.8 | U66: =T66/S66*100 -> 100 | V66: =V67 -> 0 | W66: =W67 -> 0 | X66: =X67 -> 0 | Z66: =Z67 -> 0 | AA66: =AA67 -> 0 | AB66: =AB67 -> 0
A67: Ровенский (собственный) | B67: =F67+J67+N67+R67+V67+Z67 -> 110264.4 | C67: =G67+K67+O67+S67+W67+AA67 -> 112804.6 | D67: =H67+L67+P67+T67+X67+AB67 -> 112804.6 | E67: =D67/C67*100 -> 100 | J67: 110264.4 | K67: 112128.8 | L67: 112128.8 | M67: =L67/K67*100 -> 100 | S67: 675.8 | T67: 675.8 | U67: =T67/S67*100 -> 100
A68: Романовский (консолидированный) | B68: =F68+J68+N68+R68+V68+Z68 -> 59060.1 | C68: =G68+K68+O68+S68+W68+AA68 -> 59680.8 | D68: =H68+L68+P68+T68+X68+AB68 -> 59680.8 | E68: =D68/C68*100 -> 100 | J68: =J69 -> 54637.6 | K68: =K69 -> 55858.3 | L68: =L69 -> 55858.3 | M68: =L68/K68*100 -> 100 | N68: =N69 -> 4422.5 | O68: =O69 -> 3054 | P68: =P69 -> 3054 | Q68: =P68/O68*100 -> 100 | R68: =R69 -> 0 | S68: =S69 -> 768.5 | T68: =T69 -> 768.5 | U68: =T68/S68*100 -> 100 | V68: =V69 -> 0 | W68: =W69 -> 0 | X68: =X69 -> 0 | Z68: =Z69 -> 0 | AA68: =AA69 -> 0 | AB68: =AB69 -> 0
A69: Романовский (собственный) | B69: =F69+J69+N69+R69+V69+Z69 -> 59060.1 | C69: =G69+K69+O69+S69+W69+AA69 -> 59680.8 | D69: =H69+L69+P69+T69+X69+AB69 -> 59680.8 | E69: =D69/C69*100 -> 100 | J69: 54637.6 | K69: 55858.3 | L69: 55858.3 | M69: =L69/K69*100 -> 100 | N69: 4422.5 | O69: 3054 | P69: 3054 | Q69: =P69/O69*100 -> 100 | S69: 768.5 | T69: 768.5 | U69: =T69/S69*100 -> 100
A70: Ртищевский (консолидированный) | B70: =F70+J70+N70+R70+V70+Z70 -> 126254.8 | C70: =G70+K70+O70+S70+W70+AA70 -> 134198.6 | D70: =H70+L70+P70+T70+X70+AB70 -> 134198.6 | E70: =D70/C70*100 -> 100 | J70: =J71 -> 126254.8 | K70: =K71 -> 129392.8 | L70: =L71 -> 129392.8 | M70: =L70/K70*100 -> 100 | N70: =N71 -> 0 | O70: =O71 -> 0 | P70: =P71 -> 0 | R70: =R71 -> 0 | S70: =S71 -> 4805.8 | T70: =T71 -> 4805.8 | U70: =T70/S70*100 -> 100 | V70: =V71 -> 0 | W70: =W71 -> 0 | X70: =X71 -> 0 | Z70: =Z71 -> 0 | AA70: =AA71 -> 0 | AB70: =AB71 -> 0
A71: Ртищевский (собственный) | B71: =F71+J71+N71+R71+V71+Z71 -> 126254.8 | C71: =G71+K71+O71+S71+W71+AA71 -> 134198.6 | D71: =H71+L71+P71+T71+X71+AB71 -> 134198.6 | E71: =D71/C71*100 -> 100 | J71: 126254.8 | K71: 129392.8 | L71: 129392.8 | M71: =L71/K71*100 -> 100 | S71: 4805.8 | T71: 4805.8 | U71: =T71/S71*100 -> 100
A72: Самойловский (консолидированный) | B72: =F72+J72+N72+R72+V72+Z72 -> 32787.4 | C72: =G72+K72+O72+S72+W72+AA72 -> 42097.9 | D72: =H72+L72+P72+T72+X72+AB72 -> 42097.9 | E72: =D72/C72*100 -> 100 | J72: =J73 -> 32787.4 | K72: =K73 -> 32787.4 | L72: =L73 -> 32787.4 | M72: =L72/K72*100 -> 100 | N72: =N73 -> 0 | O72: =O73 -> 7400 | P72: =P73 -> 7400 | Q72: =P72/O72*100 -> 100 | R72: =R73 -> 0 | S72: =S73 -> 1910.5 | T72: =T73 -> 1910.5 | U72: =T72/S72*100 -> 100 | V72: =V73 -> 0 | W72: =W73 -> 0 | X72: =X73 -> 0 | Z72: =Z73 -> 0 | AA72: =AA73 -> 0 | AB72: =AB73 -> 0
A73: Самойловский (собственный) | B73: =F73+J73+N73+R73+V73+Z73 -> 32787.4 | C73: =G73+K73+O73+S73+W73+AA73 -> 42097.9 | D73: =H73+L73+P73+T73+X73+AB73 -> 42097.9 | E73: =D73/C73*100 -> 100 | J73: 32787.4 | K73: 32787.4 | L73: 32787.4 | M73: =L73/K73*100 -> 100 | O73: 7400 | P73: 7400 | Q73: =P73/O73*100 -> 100 | S73: 1910.5 | T73: 1910.5 | U73: =T73/S73*100 -> 100
A74: Советский (консолидированный) | B74: =F74+J74+N74+R74+V74+Z74 -> 57178 | C74: =G74+K74+O74+S74+W74+AA74 -> 69132.5 | D74: =H74+L74+P74+T74+X74+AB74 -> 69132.5 | E74: =D74/C74*100 -> 100 | J74: =J75 -> 52070.4 | K74: =K75 -> 53701.5 | L74: =L75 -> 53701.5 | M74: =L74/K74*100 -> 100 | N74: =N75 -> 5107.6 | O74: =O75 -> 6895.3 | P74: =P75 -> 6895.3 | Q74: =P74/O74*100 -> 100 | R74: =R75 -> 0 | S74: =S75 -> 2074.1 | T74: =T75 -> 2074.1 | U74: =T74/S74*100 -> 100 | V74: =V75 -> 0 | W74: =W75 -> 0 | X74: =X75 -> 0 | Z74: =Z75 -> 0 | AA74: =AA75 -> 6461.6 | AB74: =AB75 -> 6461.6 | AC74: =AB74/AA74*100 -> 100
A75: Советский (собственный) | B75: =F75+J75+N75+R75+V75+Z75 -> 57178 | C75: =G75+K75+O75+S75+W75+AA75 -> 69132.5 | D75: =H75+L75+P75+T75+X75+AB75 -> 69132.5 | E75: =D75/C75*100 -> 100 | J75: 52070.4 | K75: 53701.5 | L75: 53701.5 | M75: =L75/K75*100 -> 100 | N75: 5107.6 | O75: 6895.3 | P75: 6895.3 | Q75: =P75/O75*100 -> 100 | S75: 2074.1 | T75: 2074.1 | U75: =T75/S75*100 -> 100 | AA75: 6461.6 | AB75: 6461.6 | AC75: =AB75/AA75*100 -> 100
A76: Татищевский (консолидированный) | B76: =F76+J76+N76+R76+V76+Z76 -> 81650.2 | C76: =G76+K76+O76+S76+W76+AA76 -> 116889.4 | D76: =H76+L76+P76+T76+X76+AB76 -> 116889.4 | E76: =D76/C76*100 -> 100 | J76: =J77 -> 81650.2 | K76: =K77 -> 85020.6 | L76: =L77 -> 85020.6 | M76: =L76/K76*100 -> 100 | N76: =N77 -> 0 | O76: =O77 -> 30000 | P76: =P77 -> 30000 | Q76: =P76/O76*100 -> 100 | R76: =R77 -> 0 | S76: =S77 -> 1868.8 | T76: =T77 -> 1868.8 | U76: =T76/S76*100 -> 100 | V76: =V77 -> 0 | W76: =W77 -> 0 | X76: =X77 -> 0 | Z76: =Z77 -> 0 | AA76: =AA77 -> 0 | AB76: =AB77 -> 0
A77: Татищевский (собственный) | B77: =F77+J77+N77+R77+V77+Z77 -> 81650.2 | C77: =G77+K77+O77+S77+W77+AA77 -> 116889.4 | D77: =H77+L77+P77+T77+X77+AB77 -> 116889.4 | E77: =D77/C77*100 -> 100 | J77: 81650.2 | K77: 85020.6 | L77: 85020.6 | M77: =L77/K77*100 -> 100 | O77: 30000 | P77: 30000 | Q77: =P77/O77*100 -> 100 | S77: 1868.8 | T77: 1868.8 | U77: =T77/S77*100 -> 100
A78: Турковский (консолидированный) | B78: =F78+J78+N78+R78+V78+Z78 -> 46419.8 | C78: =G78+K78+O78+S78+W78+AA78 -> 58667.2 | D78: =H78+L78+P78+T78+X78+AB78 -> 58667.2 | E78: =D78/C78*100 -> 100 | J78: =J79 -> 46419.8 | K78: =K79 -> 47527.3 | L78: =L79 -> 47527.3 | M78: =L78/K78*100 -> 100 | N78: =N79 -> 0 | O78: =O79 -> 5000 | P78: =P79 -> 5000 | Q78: =P78/O78*100 -> 100 | R78: =R79 -> 0 | S78: =S79 -> 1768.2 | T78: =T79 -> 1768.2 | U78: =T78/S78*100 -> 100 | V78: =V79 -> 0 | W78: =W79 -> 0 | X78: =X79 -> 0 | Z78: =Z79 -> 0 | AA78: =AA79 -> 4371.7 | AB78: =AB79 -> 4371.7 | AC78: =AB78/AA78*100 -> 100
A79: Турковский (собственный) | B79: =F79+J79+N79+R79+V79+Z79 -> 46419.8 | C79: =G79+K79+O79+S79+W79+AA79 -> 58667.2 | D79: =H79+L79+P79+T79+X79+AB79 -> 58667.2 | E79: =D79/C79*100 -> 100 | J79: 46419.8 | K79: 47527.3 | L79: 47527.3 | M79: =L79/K79*100 -> 100 | O79: 5000 | P79: 5000 | Q79: =P79/O79*100 -> 100 | S79: 1768.2 | T79: 1768.2 | U79: =T79/S79*100 -> 100 | AA79: 4371.7 | AB79: 4371.7 | AC79: =AB79/AA79*100 -> 100
A80: Федоровский (консолидированный) | B80: =F80+J80+N80+R80+V80+Z80 -> 87935.9 | C80: =G80+K80+O80+S80+W80+AA80 -> 96936.2 | D80: =H80+L80+P80+T80+X80+AB80 -> 96936.2 | E80: =D80/C80*100 -> 100 | J80: =J81 -> 76304.1 | K80: =K81 -> 77739.2 | L80: =L81 -> 77739.2 | M80: =L80/K80*100 -> 100 | N80: =N81 -> 11631.8 | O80: =O81 -> 18442.2 | P80: =P81 -> 18442.2 | Q80: =P80/O80*100 -> 100 | R80: =R81 -> 0 | S80: =S81 -> 754.8 | T80: =T81 -> 754.8 | U80: =T80/S80*100 -> 100 | V80: =V81 -> 0 | W80: =W81 -> 0 | X80: =X81 -> 0 | Z80: =Z81 -> 0 | AA80: =AA81 -> 0 | AB80: =AB81 -> 0
A81: Федоровский (собственный) | B81: =F81+J81+N81+R81+V81+Z81 -> 87935.9 | C81: =G81+K81+O81+S81+W81+AA81 -> 96936.2 | D81: =H81+L81+P81+T81+X81+AB81 -> 96936.2 | E81: =D81/C81*100 -> 100 | J81: 76304.1 | K81: 77739.2 | L81: 77739.2 | M81: =L81/K81*100 -> 100 | N81: 11631.8 | O81: 18442.2 | P81: 18442.2 | Q81: =P81/O81*100 -> 100 | S81: 754.8 | T81: 754.8 | U81: =T81/S81*100 -> 100
A82: Хвалынский (консолидированный) | B82: =F82+J82+N82+R82+V82+Z82 -> 87252.8 | C82: =G82+K82+O82+S82+W82+AA82 -> 96455.7 | D82: =H82+L82+P82+T82+X82+AB82 -> 96455.7 | E82: =D82/C82*100 -> 100 | J82: =J83 -> 87252.8 | K82: =K83 -> 88820.9 | L82: =L83 -> 88820.9 | M82: =L82/K82*100 -> 100 | N82: =N83 -> 0 | O82: =O83 -> 0 | P82: =P83 -> 0 | R82: =R83 -> 0 | S82: =S83 -> 1971.1 | T82: =T83 -> 1971.1 | U82: =T82/S82*100 -> 100 | V82: =V83 -> 0 | W82: =W83 -> 0 | X82: =X83 -> 0 | Z82: =Z83 -> 0 | AA82: =AA83 -> 5663.7 | AB82: =AB83 -> 5663.7 | AC82: =AB82/AA82*100 -> 100
A83: Хвалынский (собственный) | B83: =F83+J83+N83+R83+V83+Z83 -> 87252.8 | C83: =G83+K83+O83+S83+W83+AA83 -> 96455.7 | D83: =H83+L83+P83+T83+X83+AB83 -> 96455.7 | E83: =D83/C83*100 -> 100 | J83: 87252.8 | K83: 88820.9 | L83: 88820.9 | M83: =L83/K83*100 -> 100 | S83: 1971.1 | T83: 1971.1 | U83: =T83/S83*100 -> 100 | AA83: 5663.7 | AB83: 5663.7 | AC83: =AB83/AA83*100 -> 100
A84: Энгельсский (консолидированный) | B84: =F84+J84+N84+R84+V84+Z84 -> 201985.3 | C84: =G84+K84+O84+S84+W84+AA84 -> 423832.9 | D84: =H84+L84+P84+T84+X84+AB84 -> 423832.9 | E84: =D84/C84*100 -> 100 | J84: =J85+J86 -> 201985.3 | K84: =K85+K86 -> 211381.6 | L84: =L85+L86 -> 211381.6 | M84: =L84/K84*100 -> 100 | N84: =N85+N86 -> 0 | O84: =O85+O86 -> 124000 | P84: =P85+P86 -> 124000 | Q84: =P84/O84*100 -> 100 | R84: =R85+R86 -> 0 | S84: =S85+S86 -> 23638.7 | T84: =T85+T86 -> 23638.7 | U84: =T84/S84*100 -> 100 | V84: =V85+V86 -> 0 | W84: =W85+W86 -> 2700 | X84: =X85+X86 -> 2700 | Y84: =X84/W84*100 -> 100 | Z84: =Z85+Z86 -> 0 | AA84: =AA85+AA86 -> 62112.6 | AB84: =AB85+AB86 -> 62112.6 | AC84: =AB84/AA84*100 -> 100
A85: Энгельсский (собственный) | B85: =F85+J85+N85+R85+V85+Z85 -> 201985.3 | C85: =G85+K85+O85+S85+W85+AA85 -> 421132.9 | D85: =H85+L85+P85+T85+X85+AB85 -> 421132.9 | E85: =D85/C85*100 -> 100 | J85: 201985.3 | K85: 211381.6 | L85: 211381.6 | M85: =L85/K85*100 -> 100 | O85: 124000 | P85: 124000 | Q85: =P85/O85*100 -> 100 | S85: 23638.7 | T85: 23638.7 | U85: =T85/S85*100 -> 100 | AA85: 62112.6 | AB85: 62112.6 | AC85: =AB85/AA85*100 -> 100
A86: Безымянское МО | B86: =F86+J86+N86+R86+V86+Z86 -> 0 | C86: =G86+K86+O86+S86+W86+AA86 -> 2700 | D86: =H86+L86+P86+T86+X86+AB86 -> 2700 | E86: =D86/C86*100 -> 100 | W86: 2700 | X86: 2700 | Y86: =X86/W86*100 -> 100
A87: Городские округа области: | B87: =SUM(B88:B91) -> 157602.8 | C87: =SUM(C88:C91) -> 299913.8 | D87: =SUM(D88:D91) -> 299913.8 | E87: =D87/C87*100 -> 100 | G87: =SUM(G88:G91) -> 37735 | H87: =SUM(H88:H91) -> 37735 | I87: =H87/G87*100 -> 100 | J87: =SUM(J88:J91) -> 148666 | K87: =SUM(K88:K91) -> 149668.6 | L87: =SUM(L88:L91) -> 149668.6 | M87: =L87/K87*100 -> 100 | N87: =SUM(N88:N91) -> 8936.8 | O87: =SUM(O88:O91) -> 7828.8 | P87: =SUM(P88:P91) -> 7828.8 | Q87: =P87/O87*100 -> 100 | S87: =SUM(S88:S91) -> 66012.5 | T87: =SUM(T88:T91) -> 66012.5 | U87: =T87/S87*100 -> 100 | W87: =SUM(W88:W91) -> 36000 | X87: =SUM(X88:X91) -> 36000 | Y87: =X87/W87*100 -> 100 | AA87: =SUM(AA88:AA91) -> 2668.9 | AB87: =SUM(AB88:AB91) -> 2668.9 | AC87: =AB87/AA87*100 -> 100
A88: г. Саратов | B88: =F88+J88+N88+R88+V88+Z88 -> 0 | C88: =G88+K88+O88+S88+W88+AA88 -> 100625.1 | D88: =H88+L88+P88+T88+X88+AB88 -> 100625.1 | E88: =D88/C88*100 -> 100 | L88: 0 | S88: 64625.1 | T88: 64625.1 | U88: =T88/S88*100 -> 100 | W88: 36000 | X88: 36000 | Y88: =X88/W88*100 -> 100
A89: п. Михайловский | B89: =F89+J89+N89+R89+V89+Z89 -> 21399.8 | C89: =G89+K89+O89+S89+W89+AA89 -> 21655.4 | D89: =H89+L89+P89+T89+X89+AB89 -> 21655.4 | E89: =D89/C89*100 -> 100 | J89: 21399.8 | K89: 21399.8 | L89: 21399.8 | M89: =L89/K89*100 -> 100 | S89: 255.6 | T89: 255.6 | U89: =T89/S89*100 -> 100
A90: ЗАТО Светлый | B90: =F90+J90+N90+R90+V90+Z90 -> 81340.7 | C90: =G90+K90+O90+S90+W90+AA90 -> 119401.2 | D90: =H90+L90+P90+T90+X90+AB90 -> 119401.2 | E90: =D90/C90*100 -> 100 | G90: 37735 | H90: 37735 | I90: =H90/G90*100 -> 100 | J90: 81340.7 | K90: 81340.7 | L90: 81340.7 | M90: =L90/K90*100 -> 100 | S90: 325.5 | T90: 325.5 | U90: =T90/S90*100 -> 100
A91: г. Шиханы | B91: =F91+J91+N91+R91+V91+Z91 -> 54862.3 | C91: =G91+K91+O91+S91+W91+AA91 -> 58232.1 | D91: =H91+L91+P91+T91+X91+AB91 -> 58232.1 | E91: =D91/C91*100 -> 100 | J91: 45925.5 | K91: 46928.1 | L91: 46928.1 | M91: =L91/K91*100 -> 100 | N91: 8936.8 | O91: 7828.8 | P91: 7828.8 | Q91: =P91/O91*100 -> 100 | S91: 806.3 | T91: 806.3 | U91: =T91/S91*100 -> 100 | AA91: 2668.9 | AB91: 2668.9 | AC91: =AB91/AA91*100 -> 100
A92: Остаток средств к распределению 3* | B92: =F92+J92+N92+R92 -> 0 | C92: =G92+K92+O92+S92 -> 0 | D92: =H92+L92+P92+T92 -> 0
A93: ИТОГО | B93: =F93+J93+N93+R93+V93+Z93 -> 3757267.1 | C93: =G93+K93+O93+S93+W93+AA93 -> 4658965.9 | D93: =H93+L93+P93+T93+X93+AB93 -> 4658965.9 | E93: =D93/C93*100 -> 100 | G93: =G8+G87 -> 37735 | H93: =H8+H87 -> 37735 | I93: =H93/G93*100 -> 100 | J93: =J87+J8+J92 -> 3434503.3 | K93: =K87+K8+K92 -> 3498129 | L93: =L87+L8+L92 -> 3498129 | M93: =L93/K93*100 -> 100 | N93: =N87+N8+N92 -> 322763.8 | O93: =O87+O8+O92 -> 657280.1 | P93: =P87+P8+P92 -> 657280.1 | Q93: =P93/O93*100 -> 100 | S93: =S8+S87+S92 -> 182121.8 | T93: =T8+T87+T92 -> 182121.8 | U93: =T93/S93*100 -> 100 | W93: =W8+W87+W92 -> 83700 | X93: =X8+X87+X92 -> 83700 | Y93: =X93/W93*100 -> 100 | AA93: =AA8+AA87+AA92 -> 200000 | AB93: =AB8+AB87+AB92 -> 200000 | AC93: =AB93/AA93*100 -> 100
A95: * в соответствии с Законом Саратовской области «Об областном бюджете на 2022 год и на плановый период 2023 и 2024 годов» в редакции от 02.12.2021 года
A96: 2* в соответствии с Законом Саратовской области «Об областном бюджете на 2022 год и на плановый период 2023 и 2024 годов» в редакции от 26.12.2022 года
A97: 3* заполняется, если в законе о бюджете утверждена общая сумма межбюджетного трансферта, но отсутствует распределение по муниципальным образованиям

Sheet Субсидии
BD1: Продолжение таблицы | CF1: Продолжение таблицы | DH1: Продолжение таблицы | EJ1: Продолжение таблицы | FL1: Продолжение таблицы | GN1: Продолжение таблицы | HP1: Продолжение таблицы | IR1: Продолжение таблицы | JP1: Продолжение таблицы
C2: Сведения о предоставлении из бюджета Саратовской области межбюджетных трансфертов местным бюджетам за 2022 год | AD2: Сведения о предоставлении из бюджета Саратовской области межбюджетных трансфертов местным бюджетам за 2022 год | BF2: Сведения о предоставлении из бюджета Саратовской области межбюджетных трансфертов местным бюджетам за 2022 год | CH2: Сведения о предоставлении из бюджета Саратовской области межбюджетных трансфертов местным бюджетам за 2022 год | DJ2: Сведения о предоставлении из бюджета Саратовской области межбюджетных трансфертов местным бюджетам за 2022 год | EL2: Сведения о предоставлении из бюджета Саратовской области межбюджетных трансфертов местным бюджетам за 2022 год | FN2: Сведения о предоставлении из бюджета Саратовской области межбюджетных трансфертов местным бюджетам за 2022 год | GP2: Сведения о предоставлении из бюджета Саратовской области межбюджетных трансфертов местным бюджетам за 2022 год | HR2: Сведения о предоставлении из бюджета Саратовской области межбюджетных трансфертов местным бюджетам за 2022 год | IT2: Сведения о предоставлении из бюджета Саратовской области межбюджетных трансфертов местным бюджетам за 2022 год
AB4: тыс.рублей | BD4: тыс.рублей | CF4: тыс.рублей | DH4: тыс.рублей | EJ4: тыс.рублей | FK4: =FK8-FK10 -> 0 | FL4: тыс.рублей | GM4: тыс.рублей | HO4: тыс.рублей | IQ4: тыс.рублей | JO4: тыс.рублей
A5: Наименование муниципальных образований | B5: Субсидии, всего | F5: в том числе | AD5: в том числе | BF5: в том числе | CH5: в том числе | DJ5: в том числе | EL5: в том числе | FN5: в том числе | GP5: в том числе | HR5: в том числе | IT5: в том числе
F6: бюджетам муниципальных районов и городских округов области на создание в общеобразовательных организациях, расположенных в сельской местности и малых городах, условий для занятий физической культурой и спортом | J6: бюджетам муниципальных районов и городских округов области на создание новых мест в образовательных организациях различных типов для реализации дополнительных общеразвивающих программ всех направленностей | N6: бюджетам городских округов области на создание новых мест в общеобразовательных организациях | R6: бюджетам муниципальных районов области на создание новых мест в общеобразовательных организациях, расположенных в сельской местности и поселках городского типа | V6: бюджетам городских округов области на создание новых мест в общеобразовательных организациях в связи с ростом числа обучающихся, вызванным демографическим фактором | Z6: бюджетам городских округов области на создание новых мест в общеобразовательных организациях в связи с ростом числа обучающихся, вызванным демографическим фактором, за счет резервного фонда Правительства Российской Федерации | AD6: бюджетам городских округов области на создание новых мест в общеобразовательных организациях в связи с ростом числа обучающихся, вызванным демографическим фактором (в рамках достижения соответствующих результатов федерального проекта) | AH6: бюджетам муниципальных районов и городских округов области на обеспечение жильем молодых семей | AL6: бюджетам городских округов и поселений области на реализацию регионального проекта (программы) в целях выполнения задач федерального проекта «Жилье» (Стимулирование программ развития жилищного строительства) | AP6: бюджетам муниципальных районов и поселений области на поддержку творческой деятельности и укрепление материально-технической базы муниципальных театров в населенных пунктах с численностью населения до 300 тысяч человек | AT6: бюджетам муниципальных районов и поселений области на обеспечение развития и укрепления материально-технической базы домов культуры в населенных пунктах с числом жителей до 50 тысяч человек | AX6: бюджетам муниципальных районов и поселений области на поддержку отрасли культуры на государственную поддержку лучших сельских учреждений культуры | BB6: бюджетам муниципальных районов и поселений области на поддержку отрасли культуры на государственную поддержку лучших работников сельских учреждений культуры | BF6: бюджетам муниципальных районов и поселений области на поддержку отрасли культуры на комплектование книжных фондов муниципальных общедоступных библиотек | BJ6: бюджетам муниципальных районов и поселений области на поддержку отрасли культуры на приобретение музыкальных инструментов, оборудования и материалов для детских школ искусств по видам искусств | BN6: бюджетам муниципальных районов и поселений области на поддержку отрасли культуры на модернизация региональных и муниципальных детских школ искусств по видам искусств | BR6: бюджетам муниципальных районов области на обеспечение деятельности муниципальных бизнес-инкубаторов | BV6: бюджетам городских округов, городских и сельских поселений области на реализацию инициативных проектов | BZ6: бюджетам городских округов и поселений области на поддержку муниципальных программ формирования современной городской среды | CD6: бюджетам муниципальных районов и городских округов области на обеспечение сохранения достигнутых показателей повышения оплаты труда отдельных категорий работников бюджетной сферы | CH6: бюджетам муниципальных районов и городских округов области на повышение оплаты труда отдельным категориям работников бюджетной сферы | CL6: бюджетам муниципальных районов области на развитие сети учреждений культурно-досугового типа (создание и модернизация учреждений культурно-досугового типа) | CP6: бюджетам поселений области на развитие сети учреждений культурно-досугового типа (создание центров культурного развития) | CT6: бюджетам муниципальных районов и городских округов области на обеспечение условий для создания центров образования цифрового и гуманитарного профилей (в рамках достижения соответствующих результатов федерального проекта) в части расходов на оплату труда с начислениями | CX6: бюджетам городских округов области на реализацию регионального проекта (программы) в целях выполнения задач федерального проекта «Жилье» (Стимулирование программ развития жилищного строительства) за счет средств резервного фонда Правительства Российской Федерации | DB6: бюджетам муниципальных районов и городских округов области на обеспечение условий для создания центров образования цифрового и гуманитарного профилей (в рамках достижения соответствующих результатов федерального проекта) за исключением расходов на оплату труда с начислениями | DF6: бюджетам городских округов и поселений области на реализацию мероприятий по строительству и реконструкции (модернизации) объектов питьевого водоснабжения | DJ6: бюджетам поселений области на реализацию мероприятий по сокращению доли загрязненных сточных вод | DN6: бюджетам поселений области на реализацию мероприятий по сокращению доли загрязненных сточных вод за счет средств резервного фонда Правительства Российской Федерации | DR6: бюджетам муниципальных районов, городских округов и поселений области на обустройство и восстановление воинских захоронений, находящихся в государственной (муниципальной) собственности | DV6: бюджетам городских округов области на осуществление дорожной деятельности в отношении автомобильных дорог общего пользования местного значения Саратовской агломерации в границах городских округов области в рамках достижения соответствующих задач национального проекта «Безопасные и качественные автомобильные дороги» за счет средств областного дорожного фонда | DZ6: бюджетам поселений области на осуществление дорожной деятельности в отношении автомобильных дорог общего пользования местного значения Саратовской агломерации в границах городских поселений области в рамках достижения соответствующих задач национального проекта «Безопасные и качественные автомобильные дороги» за счет средств областного дорожного фонда | ED6: бюджетам муниципальных районов и поселений области на развитие транспортной инфраструктуры на сельских территориях | EH6: бюджетам поселений области на обустройство объектами инженерной инфраструктуры и благоустройство площадок, расположенных на сельских территориях, под компактную жилищную застройку | EL6: бюджетам муниципальных районов области на реализацию мероприятий по благоустройству сельских территорий | EP6: бюджетам муниципальных районов и городских округов области на обеспечение условий для внедрения цифровой образовательной среды в общеобразовательных организациях | ET6: бюджетам муниципальных районов и городских округов области на обеспечение образовательных организаций материально-технической базой для внедрения цифровой образовательной среды | EX6: бюджетам муниципальных районов области на обеспечение функционирования центров цифрового образования детей «IT-куб» (в рамках достижения соответствующих результатов федерального проекта) в части расходов на оплату труда с начислениями | FB6: бюджетам муниципальных районов области на обеспечение функционирования центров цифрового образования детей «IT-куб» (в рамках достижения соответствующих результатов федерального проекта) за исключением расходов на оплату труда с начислениями | FF6: бюджетам муниципальных районов и городских округов области на организацию бесплатного горячего питания обучающихся, получающих начальное общее образование в муниципальных образовательных организациях | FJ6: бюджетам поселений области на осуществление дорожной деятельности в отношении автомобильных дорог общего пользования местного значения в границах населенных пунктов сельских поселений за счет средств областного дорожного фонда | FN6: бюджетам муниципальных районов и городских округов области на обеспечение условий для функционирования центров образования естественно-научной и технологической направленностей в общеобразовательных организациях (в рамках достижения соответствующих результатов федерального проекта) в части расходов на оплату труда с начислениями | FR6: бюджетам муниципальных районов и городских округов области на обеспечение условий для функционирования центров образования естественно-научной и технологической направленностей в общеобразовательных организациях (в рамках достижения соответствующих результатов федерального проекта) за исключением расходов на оплату труда с начислениями | FV6: бюджетам муниципальных районов и городских округов области на создание и обеспечение функционирования центров образования естественно-научной и технологической направленностей в общеобразовательных организациях, расположенных в сельской местности и малых городах | FZ6: бюджетам муниципальных районов области на создание центров цифрового образования детей | GD6: бюджетам муниципальных районов и городских округов области на проведение капитального и текущего ремонтов муниципальных дошкольных образовательных организациях | GH6: бюджетам муниципальных районов и городских округов области на проведение капитального и текущего ремонтов муниципальных общеобразовательных организациях | GL6: бюджетам муниципальных районов области на обеспечение условий для функционирования детских технопарков «Кванториум» в общеобразовательных организациях в части расходов на оплату труда с начислениями | GP6: бюджетам муниципальных районов области на обеспечение условий для функционирования детских технопарков «Кванториум» в общеобразовательных организациях за исключением расходов на оплату труда с начислениями | GT6: бюджетам муниципальных районов области на обеспечение условий для функционирования детских технопарков «Кванториум» в общеобразовательных организациях за исключением расходов на оплату труда с начислениями | GX6: бюджетам муниципальных районов области на техническое оснащение муниципальных музеев | HB6: бюджетам городских округов области на поддержку творческой деятельности и техническое оснащение детских и кукольных театров | HF6: бюджетам муниципальных районов области на проведение комплексных кадастровых работ | HJ6: бюджетам городских округов области на государственную поддержку спортивных организаций, осуществляющих подготовку спортивного резерва для спортивных сборных команд, в том числе спортивных сборных команд Российской Федерации | HN6: бюджетам муниципальных районов, поселений области на оснащение объектов спортивной инфраструктуры спортивно-технологическим оборудованием | HR6: бюджетам поселений области на ремонт и развитие водопроводной сети | HV6: бюджетам муниципальных районов и городских округов области на реализацию мероприятий по модернизации школьных систем образования | HZ6: бюджетам муниципальных районов и городских округов области на обеспечение условий для реализации мероприятий по модернизации школьных систем образования | ID6: бюджетам муниципальных районов, городских округов и поселений области на обеспечение мероприятий по переселению граждан из аварийного жилищного фонда, в том числе переселению граждан из аварийного жилищного фонда с учетом необходимости развития малоэтажного жилищного строительства (за счет средств Фонда содействия реформированию жилищно-коммунального хозяйства) | IH6: бюджетам муниципальных районов, городских округов и поселений области на обеспечение мероприятий по переселению граждан из аварийного жилищного фонда, в том числе переселению граждан из аварийного жилищного фонда с учетом необходимости развития малоэтажного жилищного строительства (за счет средств областного бюджета) | IL6: бюджетам муниципальных районов и поселений области на подготовку проектов межевания земельных участков и на проведение кадастровых работ | IP6: бюджетам муниципальных районов области на закупку оборудования для создания «умных» спортивных площадок | IT6: бюджетам городских округов области на создание дополнительных мест для детей в возрасте от 1,5 до 3 лет в образовательных организациях, осуществляющих образовательную деятельность по образовательным программам дошкольного образования | IX6: бюджетам поселений области на выполнение мероприятий по ремонту автомобильных дорог общего пользования местного значения в границах городских поселений области за счет средств областного дорожного фонда | JB6: бюджетам поселений области на реализацию мероприятий по строительству и реконструкции (модернизации) объектов питьевого водоснабжения за счет средств резервного фонда Правительства Российской Федерации | JF6: бюджетам городских поселений и городских округов области на государственную поддержку закупки контейнеров для раздельного накопления твердых коммунальных отходов | JJ6: бюджетам муниципальных районов и городских округов области на финансовое обеспечение мероприятий по обеспечению деятельности советников директора по воспитанию и взаимодействию с детскими общественными объединениями в общеобразовательных организациях Саратовской области | JN6: бюджетам городских округов области на создание новых мест в общеобразовательных организациях за счет средств резервного фонда Правительства Российской Федерации
B7: первоначаль-ный бюджет* | C7: утвержденные бюджетные назначения | D7: исполнено | E7: % исполнения | F7: первоначаль-ный бюджет* | G7: утвержденные бюджетные назначения 2* | H7: исполнено | I7: % исполнения | J7: первоначаль-ный бюджет* | K7: утвержденные бюджетные назначения 2* | L7: исполнено | M7: % исполнения | N7: первоначаль-ный бюджет* | O7: утвержденные бюджетные назначения 3* | P7: исполнено | Q7: % исполнения | R7: первоначаль-ный бюджет* | S7: утвержденные бюджетные назначения 2* | T7: исполнено | U7: % исполнения | V7: первоначаль-ный бюджет* | W7: утвержденные бюджетные назначения 5* | X7: исполнено | Y7: % исполнения | Z7: первоначаль-ный бюджет* | AA7: утвержденные бюджетные назначения 12* | AB7: исполнено | AC7: % исполнения | AD7: первоначаль-ный бюджет* | AE7: утвержденные бюджетные назначения 5* | AF7: исполнено | AG7: % исполнения | AH7: первоначаль-ный бюджет* | AI7: утвержденные бюджетные назначения 2* | AJ7: исполнено | AK7: % исполнения | AL7: первоначаль-ный бюджет* | AM7: утвержденные бюджетные назначения 7* | AN7: исполнено | AO7: % исполнения | AP7: первоначаль-ный бюджет* | AQ7: утвержденные бюджетные назначения 2* | AR7: исполнено | AS7: % исполнения | AT7: первоначаль-ный бюджет* | AU7: утвержденные бюджетные назначения 2* | AV7: исполнено | AW7: % исполнения | AX7: первоначаль-ный бюджет* | AY7: утвержденные бюджетные назначения 2* | AZ7: исполнено | BA7: % исполнения | BB7: первоначаль-ный бюджет* | BC7: утвержденные бюджетные назначения 2* | BD7: исполнено | BE7: % исполнения | BF7: первоначаль-ный бюджет* | BG7: утвержденные бюджетные назначения 2* | BH7: исполнено | BI7: % исполнения | BJ7: первоначаль-ный бюджет* | BK7: утвержденные бюджетные назначения 2* | BL7: исполнено | BM7: % исполнения | BN7: первоначаль-ный бюджет* | BO7: утвержденные бюджетные назначения 2* | BP7: исполнено | BQ7: % исполнения | BR7: первоначаль-ный бюджет* | BS7: утвержденные бюджетные назначения 2* | BT7: исполнено | BU7: % исполнения | BV7: первоначаль-ный бюджет* | BW7: утвержденные бюджетные назначения 9* | BX7: исполнено | BY7: % исполнения | BZ7: первоначаль-ный бюджет* | CA7: утвержденные бюджетные назначения 6* | CB7: исполнено | CC7: % исполнения | CD7: первоначаль-ный бюджет* | CE7: утвержденные бюджетные назначения 2* | CF7: исполнено | CG7: % исполнения | CH7: первоначаль-ный бюджет* | CI7: утвержденные бюджетные назначения 2* | CJ7: исполнено | CK7: % исполнения | CL7: первоначаль-ный бюджет* | CM7: утвержденные бюджетные назначения 2* | CN7: исполнено | CO7: % исполнения | CP7: первоначаль-ный бюджет* | CQ7: утвержденные бюджетные назначения 2* | CR7: исполнено | CS7: % исполнения | CT7: первоначаль-ный бюджет* | CU7: утвержденные бюджетные назначения* | CV7: исполнено | CW7: % исполнения | CX7: первоначаль-ный бюджет* | CY7: утвержденные бюджетные назначения 13* | CZ7: исполнено | DA7: % исполнения | DB7: первоначаль-ный бюджет* | DC7: утвержденные бюджетные назначения 2* | DD7: исполнено | DE7: % исполнения | DF7: первоначаль-ный бюджет* | DG7: утвержденные бюджетные назначения 4* | DH7: исполнено | DI7: % исполнения | DJ7: первоначаль-ный бюджет* | DK7: утвержденные бюджетные назначения 2* | DL7: исполнено | DM7: % исполнения | DN7: первоначаль-ный бюджет* | DO7: утвержденные бюджетные назначения 10* | DP7: исполнено | DQ7: % исполнения | DR7: первоначаль-ный бюджет* | DS7: утвержденные бюджетные назначения 2* | DT7: исполнено | DU7: % исполнения | DV7: первоначаль-ный бюджет* | DW7: утвержденные бюджетные назначения 2* | DX7: исполнено | DY7: % исполнения | DZ7: первоначаль-ный бюджет* | EA7: утвержденные бюджетные назначения 2* | EB7: исполнено | EC7: % исполнения | ED7: первоначаль-ный бюджет* | EE7: утвержденные бюджетные назначения 2* | EF7: исполнено | EG7: % исполнения | EH7: первоначаль-ный бюджет* | EI7: утвержденные бюджетные назначения 2* | EJ7: исполнено | EK7: % исполнения | EL7: первоначаль-ный бюджет* | EM7: утвержденные бюджетные назначения 2* | EN7: исполнено | EO7: % исполнения | EP7: первоначаль-ный бюджет* | EQ7: утвержденные бюджетные назначения 2* | ER7: исполнено | ES7: % исполнения | ET7: первоначаль-ный бюджет* | EU7: утвержденные бюджетные назначения 2* | EV7: исполнено | EW7: % исполнения | EX7: первоначаль-ный бюджет* | EY7: утвержденные бюджетные назначения 2* | EZ7: исполнено | FA7: % исполнения | FB7: первоначаль-ный бюджет* | FC7: утвержденные бюджетные назначения 2* | FD7: исполнено | FE7: % исполнения | FF7: первоначаль-ный бюджет* | FG7: утвержденные бюджетные назначения 2* | FH7: исполнено | FI7: % исполнения | FJ7: первоначаль-ный бюджет* | FK7: утвержденные бюджетные назначения 2* | FL7: исполнено | FM7: % исполнения | FN7: первоначаль-ный бюджет* | FO7: утвержденные бюджетные назначения 2* | FP7: исполнено | FQ7: % исполнения | FR7: первоначаль-ный бюджет* | FS7: утвержденные бюджетные назначения* | FT7: исполнено | FU7: % исполнения | FV7: первоначаль-ный бюджет* | FW7: утвержденные бюджетные назначения 2* | FX7: исполнено | FY7: % исполнения | FZ7: первоначаль-ный бюджет* | GA7: утвержденные бюджетные назначения 2* | GB7: исполнено | GC7: % исполнения | GD7: первоначаль-ный бюджет* | GE7: утвержденные бюджетные назначения 2* | GF7: исполнено | GG7: % исполнения | GH7: первоначаль-ный бюджет* | GI7: утвержденные бюджетные назначения 2* | GJ7: исполнено | GK7: % исполнения | GL7: первоначаль-ный бюджет* | GM7: утвержденные бюджетные назначения 2* | GN7: исполнено | GO7: % исполнения | GP7: первоначаль-ный бюджет* | GQ7: утвержденные бюджетные назначения 2* | GR7: исполнено | GS7: % исполнения | GT7: первоначаль-ный бюджет* | GU7: утвержденные бюджетные назначения 2* | GV7: исполнено | GW7: % исполнения | GX7: первоначаль-ный бюджет* | GY7: утвержденные бюджетные назначения 2* | GZ7: исполнено | HA7: % исполнения | HB7: первоначаль-ный бюджет* | HC7: утвержденные бюджетные назначения 2* | HD7: исполнено | HE7: % исполнения | HF7: первоначаль-ный бюджет* | HG7: утвержденные бюджетные назначения 2* | HH7: исполнено | HI7: % исполнения | HJ7: первоначаль-ный бюджет* | HK7: утвержденные бюджетные назначения 2* | HL7: исполнено | HM7: % исполнения | HN7: первоначаль-ный бюджет* | HO7: утвержденные бюджетные назначения 2* | HP7: исполнено | HQ7: % исполнения | HR7: первоначаль-ный бюджет* | HS7: утвержденные бюджетные назначения 2* | HT7: исполнено | HU7: % исполнения | HV7: первоначаль-ный бюджет* | HW7: утвержденные бюджетные назначения 2* | HX7: исполнено | HY7: % исполнения | HZ7: первоначаль-ный бюджет* | IA7: утвержденные бюджетные назначения 2* | IB7: исполнено | IC7: % исполнения | ID7: первоначаль-ный бюджет* | IE7: утвержденные бюджетные назначения 2* | IF7: исполнено | IG7: % исполнения | IH7: первоначаль-ный бюджет* | II7: утвержденные бюджетные назначения 2* | IJ7: исполнено | IK7: % исполнения | IL7: первоначаль-ный бюджет* | IM7: утвержденные бюджетные назначения 2* | IN7: исполнено | IO7: % исполнения | IP7: первоначаль-ный бюджет* | IQ7: утвержденные бюджетные назначения 2* | IR7: исполнено | IS7: % исполнения | IT7: первоначаль-ный бюджет* | IU7: утвержденные бюджетные назначения 2* | IV7: исполнено | IW7: % исполнения | IX7: первоначаль-ный бюджет* | IY7: утвержденные бюджетные назначения 2* | IZ7: исполнено | JA7: % исполнения | JB7: первоначаль-ный бюджет* | JC7: утвержденные бюджетные назначения 8* | JD7: исполнено | JE7: % исполнения | JF7: первоначаль-ный бюджет* | JG7: утвержденные бюджетные назначения 2* | JH7: исполнено | JI7: % исполнения | JJ7: первоначаль-ный бюджет* | JK7: утвержденные бюджетные назначения 2* | JL7: исполнено | JM7: % исполнения | JN7: первоначаль-ный бюджет* | JO7: утвержденные бюджетные назначения 11* | JP7: исполнено | JQ7: % исполнения
